Workbook

Sheet Executive Summary
A2: Indonesia AI and data center resource model
A3: Research cutoff 2026-10-04. Annual steady-state scenarios. National metered data center electricity and water consumption are unavailable in the assembled public sources.
A5: Additional 1 GW IT | B5: Low | C5: Base | D5: High | E5: Unit | F5: Definition
A6: IT nameplate capacity | B6: =IF(COUNT('Scenario Model'!B18)=1,'Scenario Model'!B18/1000,"Missing input") -> 1 | C6: =IF(COUNT('Scenario Model'!B19)=1,'Scenario Model'!B19/1000,"Missing input") -> 1 | D6: =IF(COUNT('Scenario Model'!B20)=1,'Scenario Model'!B20/1000,"Missing input") -> 1 | E6: GW | F6: Expansion cases
A7: Facility electricity | B7: =IF(COUNT('Scenario Model'!K18)=1,'Scenario Model'!K18/1,"Missing input") -> 6.3072 | C7: =IF(COUNT('Scenario Model'!K19)=1,'Scenario Model'!K19/1,"Missing input") -> 9.1104 | D7: =IF(COUNT('Scenario Model'!K20)=1,'Scenario Model'!K20/1,"Missing input") -> 12.483 | E7: TWh/year
A8: Average facility load | B8: =IF(COUNT('Scenario Model'!L18)=1,'Scenario Model'!L18/1000,"Missing input") -> 0.72 | C8: =IF(COUNT('Scenario Model'!L19)=1,'Scenario Model'!L19/1000,"Missing input") -> 1.04 | D8: =IF(COUNT('Scenario Model'!L20)=1,'Scenario Model'!L20/1000,"Missing input") -> 1.425 | E8: GW
A9: Full IT load facility power | B9: =IF(COUNT('Scenario Model'!M18)=1,'Scenario Model'!M18/1000,"Missing input") -> 1.2 | C9: =IF(COUNT('Scenario Model'!M19)=1,'Scenario Model'!M19/1000,"Missing input") -> 1.3 | D9: =IF(COUNT('Scenario Model'!M20)=1,'Scenario Model'!M20/1000,"Missing input") -> 1.5 | E9: GW
A10: Direct cooling consumption | B10: =IF(COUNT('Scenario Model'!N18)=1,'Scenario Model'!N18/1e+06,"Missing input") -> 0 | C10: =IF(COUNT('Scenario Model'!N19)=1,'Scenario Model'!N19/1e+06,"Missing input") -> 3.504 | D10: =IF(COUNT('Scenario Model'!N20)=1,'Scenario Model'!N20/1e+06,"Missing input") -> 12.483 | E10: million m³/year
A11: Direct cooling consumption | B11: =IF(COUNT('Scenario Model'!O18)=1,'Scenario Model'!O18/1,"Missing input") -> 0 | C11: =IF(COUNT('Scenario Model'!O19)=1,'Scenario Model'!O19/1,"Missing input") -> 9600 | D11: =IF(COUNT('Scenario Model'!O20)=1,'Scenario Model'!O20/1,"Missing input") -> 34200 | E11: m³/day
A12: Annual electricity cost | B12: =IF(COUNT('Scenario Model'!P18)=1,'Scenario Model'!P18/1e+12,"Missing input") -> 6.2866385 | C12: =IF(COUNT('Scenario Model'!P19)=1,'Scenario Model'!P19/1e+12,"Missing input") -> 9.0807001 | D12: =IF(COUNT('Scenario Model'!P20)=1,'Scenario Model'!P20/1e+12,"Missing input") -> 12.442305 | E12: Rp trillion/year
A13: Annual water cost | B13: =IF(COUNT('Scenario Model'!Q18)=1,'Scenario Model'!Q18/1e+09,"Missing input") -> 0 | C13: =IF(COUNT('Scenario Model'!Q19)=1,'Scenario Model'!Q19/1e+09,"Missing input") -> 75.336 | D13: =IF(COUNT('Scenario Model'!Q20)=1,'Scenario Model'!Q20/1e+09,"Missing input") -> 268.3845 | E13: Rp billion/year
A14: Annual resource cost | B14: =IF(COUNT('Scenario Model'!R18)=1,'Scenario Model'!R18/1e+12,"Missing input") -> 6.2866385 | C14: =IF(COUNT('Scenario Model'!R19)=1,'Scenario Model'!R19/1e+12,"Missing input") -> 9.1560361 | D14: =IF(COUNT('Scenario Model'!R20)=1,'Scenario Model'!R20/1e+12,"Missing input") -> 12.71069 | E14: Rp trillion/year
A15: Water cost share | B15: =IF(COUNT('Scenario Model'!T18)=1,'Scenario Model'!T18/1,"Missing input") -> 0 | C15: =IF(COUNT('Scenario Model'!T19)=1,'Scenario Model'!T19/1,"Missing input") -> 0.0082280147 | D15: =IF(COUNT('Scenario Model'!T20)=1,'Scenario Model'!T20/1,"Missing input") -> 0.021114865 | E15: %
A16: Share of national consumption | B16: =IF(ISNUMBER('National Impact'!E18),'National Impact'!E18,"Missing input") -> 0.013861948 | C16: =IF(ISNUMBER('National Impact'!E19),'National Impact'!E19,"Missing input") -> 0.020022813 | D16: =IF(ISNUMBER('National Impact'!E20),'National Impact'!E20,"Missing input") -> 0.027435105 | E16: % of actual 2025
A17: Share of PLN sales | B17: =IF(ISNUMBER('National Impact'!G18),'National Impact'!G18,"Missing input") -> 0.019853191 | C17: =IF(ISNUMBER('National Impact'!G19),'National Impact'!G19,"Missing input") -> 0.028676832 | D17: =IF(ISNUMBER('National Impact'!G20),'National Impact'!G20,"Missing input") -> 0.039292774 | E17: % of actual 2025
A19: Water is modeled direct on-site consumptive cooling water per IT kWh. Observed site withdrawals, domestic water and electricity-supply water are excluded.
A20: The low case dry-cooling boundary allows zero evaporative cooling consumption. It does not mean zero total site water use.
A21: Energy cost uses the dated PLN I-4 high-voltage schedule. Water cost uses the Jakarta large-industrial marginal tariff proxy. Taxes, demand charges and connection costs are excluded.
A22: PUE and WUE combinations are conditional stresses, not measured fleet averages or validated joint cooling designs.
A24: Dated Greater Jakarta estimate | B24: Low | C24: Base | D24: High | E24: Unit | F24: Definition
A25: Operational IT market estimate | B25: =IF(COUNT('Scenario Model'!B30)=1,'Scenario Model'!B30/1,"Missing input") -> 322 | C25: =IF(COUNT('Scenario Model'!B31)=1,'Scenario Model'!B31/1,"Missing input") -> 322 | D25: =IF(COUNT('Scenario Model'!B32)=1,'Scenario Model'!B32/1,"Missing input") -> 322 | E25: MW | F25: ELEC004 H2 2025
A26: Modeled facility electricity | B26: =IF(COUNT('Scenario Model'!K30)=1,'Scenario Model'!K30/1,"Missing input") -> 2.11554 | C26: =IF(COUNT('Scenario Model'!K31)=1,'Scenario Model'!K31/1,"Missing input") -> 3.8361792 | D26: =IF(COUNT('Scenario Model'!K32)=1,'Scenario Model'!K32/1,"Missing input") -> 5.2253838 | E26: TWh/year
A27: Modeled direct water | B27: =IF(COUNT('Scenario Model'!N30)=1,'Scenario Model'!N30/1e+06,"Missing input") -> 0 | C27: =IF(COUNT('Scenario Model'!N31)=1,'Scenario Model'!N31/1e+06,"Missing input") -> 1.128288 | D27: =IF(COUNT('Scenario Model'!N32)=1,'Scenario Model'!N32/1e+06,"Missing input") -> 4.019526 | E27: million m³/year
A28: Modeled resource cost | B28: =IF(COUNT('Scenario Model'!R30)=1,'Scenario Model'!R30/1e+12,"Missing input") -> 2.1086433 | C28: =IF(COUNT('Scenario Model'!R31)=1,'Scenario Model'!R31/1e+12,"Missing input") -> 3.8479314 | D28: =IF(COUNT('Scenario Model'!R32)=1,'Scenario Model'!R32/1e+12,"Missing input") -> 5.2947689 | E28: Rp trillion/year
A30: Greater Jakarta operational IT market estimate, H2 2025; excludes unknown national and island capacity. Observation date: 2025-12-31. Current PUE scenarios differ from expansion assumptions. These are estimates, not measured consumption.
A34: 2030 outlook proxy | B34: Conservative | C34: Base Case | D34: Aggressive AI Boom | E34: Unit | F34: Definition
A35: IT capacity | B35: =IF(COUNT('2030 Outlook'!B6)=1,'2030 Outlook'!B6/1,"Missing input") -> 640.75 | C35: =IF(COUNT('2030 Outlook'!B9)=1,'2030 Outlook'!B9/1,"Missing input") -> 1956 | D35: =IF(COUNT('2030 Outlook'!B12)=1,'2030 Outlook'!B12/1,"Missing input") -> 3168 | E35: MW | F35: See outlook source IDs
A36: Facility electricity | B36: =IF(COUNT('2030 Outlook'!K6)=1,'2030 Outlook'!K6/1,"Missing input") -> 4.0413384 | C36: =IF(COUNT('2030 Outlook'!K9)=1,'2030 Outlook'!K9/1,"Missing input") -> 17.819942 | D36: =IF(COUNT('2030 Outlook'!K12)=1,'2030 Outlook'!K12/1,"Missing input") -> 39.546144 | E36: TWh/year
A37: Direct cooling consumption | B37: =IF(COUNT('2030 Outlook'!N6)=1,'2030 Outlook'!N6/1e+06,"Missing input") -> 0 | C37: =IF(COUNT('2030 Outlook'!N9)=1,'2030 Outlook'!N9/1e+06,"Missing input") -> 6.853824 | D37: =IF(COUNT('2030 Outlook'!N12)=1,'2030 Outlook'!N12/1e+06,"Missing input") -> 39.546144 | E37: million m³/year
A38: Resource cost | B38: =IF(COUNT('2030 Outlook'!R6)=1,'2030 Outlook'!R6/1e+12,"Missing input") -> 4.0281636 | C38: =IF(COUNT('2030 Outlook'!R9)=1,'2030 Outlook'!R9/1e+12,"Missing input") -> 17.909207 | D38: =IF(COUNT('2030 Outlook'!R12)=1,'2030 Outlook'!R12/1e+12,"Missing input") -> 40.267466 | E38: Rp trillion/year
A39: Share of future national consumption | B39: =IF(COUNT('2030 Outlook'!Z6)=1,'2030 Outlook'!Z6/1,"Missing input") -> 0.0066371791 | C39: =IF(COUNT('2030 Outlook'!Z9)=1,'2030 Outlook'!Z9/1,"Missing input") -> 0.029266084 | D39: =IF(COUNT('2030 Outlook'!Z12)=1,'2030 Outlook'!Z12/1,"Missing input") -> 0.064947504 | E39: %
A41: Outlook combines Greater Jakarta with separately sourced operating Surabaya, Batam construction, and Batam/Bintan planned capacity. It remains an incomplete nationwide inventory. The current metro estimate and partial facility inventory overlap and must not be added.

Sheet Data Center Projects
A1: company | B1: facility | C1: location | D1: province | E1: status | F1: operational_mw | G1: under_construction_mw | H1: committed_mw | I1: planned_mw | J1: potential_mw | K1: power_connection_mva | L1: power_connection_mw | M1: ai_specific | N1: hyperscale | O1: investment_usd | P1: announcement_date | Q1: expected_completion | R1: source_id | S1: data_class | T1: notes | U1: capacity_numeric_class | V1: include_in_inventory | W1: reported_capacity_mw | X1: operational_source_date | Y1: project_id | Z1: capacity_basis | AA1: supporting_source_ids | AB1: reported_power_connection_mw | AC1: connection_feed_count | AD1: connection_data_class | AE1: conversion_power_factor | AF1: power_connection_mw_data_class | AG1: conversion_power_factor_data_class | AH1: disclosed_inventory_contribution_it_mw (E)
A2: DCI Indonesia | B2: H1 Campus (JK1, JK2, JK3, JK5, JK6) | C2: Cibitung | D2: West Java | E2: operational | F2: 75 | N2: TRUE | R2: DC001 | S2: A | T2: Five live buildings, aggregate current operator IT scope. Campus total counted once; individual JK6 historical release retained outside total. Operator homepage elsewhere says220 MW scalable versus300 MW data-centers card. | U2: A | V2: TRUE | Y2: DCI-H1 | Z2: IT | AH2: =IF(AND(V2=TRUE,Z2="IT",ISNUMBER(F2)),F2,0) -> 75
A3: DCI Indonesia / Salim Group DISM | B3: H2 Campus (H2-01, H2-02) | C3: Karawang | D3: West Java | E3: operational | F3: 30 | N3: TRUE | R3: DC001 | S3: A | T3: Two live buildings, current combined IT scope. Earlier June2023 announcement27 MW retained as alternative.30 MW solar-generation capacity is not IT capacity. | U3: A | V3: TRUE | Y3: DCI-H2 | Z3: IT | AH3: =IF(AND(V3=TRUE,Z3="IT",ISNUMBER(F3)),F3,0) -> 30
A4: DCI Indonesia | B4: E1 | C4: Jakarta | D4: DKI Jakarta | E4: operational | F4: 19 | M4: TRUE | R4: DC001 | S4: A | T4: Current operator card19 MW IT; homepage identifies AI inference readiness. Operational fromDecember2023 per operator news, without exact start day. AI ready does not establish AI workload share. | U4: A | V4: TRUE | Y4: DCI-E1 | Z4: IT | AH4: =IF(AND(V4=TRUE,Z4="IT",ISNUMBER(F4)),F4,0) -> 19
A5: DCI Indonesia | B5: E2 | C5: Surabaya | D5: East Java | E5: operational | F5: 9 | R5: DC001 | S5: A | T5: Operator homepage separately states inaugurated6 April2026. Undated facility card explicitly9 MW IT. | U5: A | V5: TRUE | X5: 46118 | Y5: DCI-E2 | Z5: IT | AH5: =IF(AND(V5=TRUE,Z5="IT",ISNUMBER(F5)),F5,0) -> 9
A6: DCI Indonesia | B6: H5 Sky Bintan Data Center Park | C6: Bintan | D6: Riau Islands | E6: planned | I6: 1000 | N6: TRUE | R6: DC001 | S6: A | T6: Official current card explicitly planned.1,000 MW IT is campus ceiling with power/water supplied by park; no building commissioned or completion date disclosed. Historical third-party naming H3 differs from current H5. | U6: A | V6: TRUE | Y6: DCI-H5 | Z6: IT | AH6: =IF(AND(V6=TRUE,Z6="IT",ISNUMBER(F6)),F6,0) -> 0
A7: DCI Indonesia | B7: H1 further potential beyond existing campus | C7: Cibitung | D7: West Java | E7: potential | J7: 225 | N7: TRUE | R7: DC001 | S7: E | T7: Disjoint modeled residual=300 MW scalable ceiling less75 MW currently listed live. A potential ceiling, not committed build; homepage220 MW alternative is preserved in source notes. | U7: E | V7: TRUE | Y7: DCI-H1-POT | Z7: IT | AH7: =IF(AND(V7=TRUE,Z7="IT",ISNUMBER(F7)),F7,0) -> 0
A8: DCI Indonesia / Salim Group DISM | B8: H2 further potential beyond existing campus | C8: Karawang | D8: West Java | E8: potential | J8: 570 | N8: TRUE | R8: DC001 | S8: E | T8: Disjoint modeled residual=600 MW stated minimum scalable ceiling less30 MW currently listed live. Potential alone, excludes30 MW solar nameplate. | U8: E | V8: TRUE | Y8: DCI-H2-POT | Z8: IT | AH8: =IF(AND(V8=TRUE,Z8="IT",ISNUMBER(F8)),F8,0) -> 0
A9: DCI Indonesia | B9: H1-JK6 (historical individual observation) | C9: Cibitung | D9: West Java | E9: operational | M9: TRUE | N9: TRUE | P9: 45811 | R9: DC002 | S9: A | T9: Individual JK6 included within current H1 aggregate; release36 MW not explicitly IT. Entry retained for event chronology and double-counting audit. | U9: A | V9: FALSE | W9: 36 | X9: 45811 | Y9: DCI-H1-JK6-OBS | Z9: undisclosed | AH9: =IF(AND(V9=TRUE,Z9="IT",ISNUMBER(F9)),F9,0) -> 0
A10: DCI Indonesia / Salim Group DISM | B10: H2 historical2023 campus observation | C10: Karawang | D10: West Java | E10: operational | P10: 45099 | R10: DC003 | S10: A | T10: Alternative historical H2 total27 MW versus current30 MW. H2-01=15 MW IT; addition implied12 MW then. Current H2 aggregate governs snapshot; no duplicate inventory capacity. | U10: A | V10: FALSE | W10: 27 | X10: 45099 | Y10: DCI-H2-2023-OBS | Z10: IT | AH10: =IF(AND(V10=TRUE,Z10="IT",ISNUMBER(F10)),F10,0) -> 0
A11: BDx Data Centers / Indosat / Lintasarta | B11: CGK1 | C11: Jakarta | D11: DKI Jakarta | E11: operational | F11: 8 | M11: TRUE | R11: DC004 | S11: A | T11: Explicit IT capacity. Operator describes AI inference readiness; actual GPU/AI utilization undisclosed. | U11: A | V11: TRUE | Y11: BDX-CGK1 | Z11: IT | AH11: =IF(AND(V11=TRUE,Z11="IT",ISNUMBER(F11)),F11,0) -> 8
A12: BDx Data Centers / Indosat / Lintasarta | B12: CGK2 | C12: South Tangerang | D12: Banten | E12: operational | F12: 3.4 | M12: TRUE | R12: DC005 | S12: A | T12: Explicit IT capacity at Technopark BSD. AI inference capable, no disclosed AI workload percentage. | U12: A | V12: TRUE | Y12: BDX-CGK2 | Z12: IT | AH12: =IF(AND(V12=TRUE,Z12="IT",ISNUMBER(F12)),F12,0) -> 3.4
A13: BDx Data Centers / Indosat / Lintasarta | B13: CGK3/3A combined AI Campus1 | C13: Jakarta | D13: DKI Jakarta | E13: operational | F13: 26 | K13: 60 | L13: =IF(COUNT(K13,'Assumptions'!$B$20)=2,K13*'Assumptions'!$B$20,"Missing input") -> 57 | M13: TRUE | R13: DC006 | S13: A | T13: Combined current campus card. Earlier15 MW CGK3A/2 MW CGK3 must not be added.60 MVA utility supply is separate from26 MW IT. | U13: A | V13: TRUE | Y13: BDX-CGK3A | Z13: IT | AD13: E | AE13: =IF(ISNUMBER('Assumptions'!$B$20),'Assumptions'!$B$20,"Missing input") -> 0.95 | AF13: E | AG13: S | AH13: =IF(AND(V13=TRUE,Z13="IT",ISNUMBER(F13)),F13,0) -> 26
A14: BDx Data Centers / Indosat / Lintasarta | B14: CGK4 legacy first phase | C14: Jatiluhur | D14: West Java | E14: operational | M14: TRUE | N14: TRUE | R14: DC009 | S14: A | T14: Legacy first-phase completion confirmed by older operator announcement, but its delivered MW is not disclosed.500 MW was scalability ceiling. Not set to zero or equal to campus ceiling. | U14: A | V14: TRUE | Y14: BDX-CGK4-LEGACY | Z14: undisclosed | AH14: =IF(AND(V14=TRUE,Z14="IT",ISNUMBER(F14)),F14,0) -> 0
A15: BDx Data Centers / Indosat / Lintasarta | B15: CGK4 Building1 | C15: Jatiluhur | D15: West Java | E15: under_construction | G15: 120 | M15: TRUE | N15: TRUE | P15: 46287 | Q15: First contracted phase early2027; building staged delivery | R15: DC008 | S15: A | T15: Construction begun on first of six new buildings.120 MW is Building1 full phased IT capacity; amount in first phase unknown. Separate from unidentified legacy first-phase MW; never640 MW live. | U15: A | V15: TRUE | Y15: BDX-CGK4-B1 | Z15: IT | AA15: DC007 | AH15: =IF(AND(V15=TRUE,Z15="IT",ISNUMBER(F15)),F15,0) -> 0
A16: BDx Data Centers / Indosat / Lintasarta | B16: CGK4 ultimate campus ceiling (excluded overlap) | C16: Jatiluhur | D16: West Java | E16: planned | K16: 845 | L16: =IF(COUNT(K16,'Assumptions'!$B$20)=2,K16*'Assumptions'!$B$20,"Missing input") -> 802.75 | M16: TRUE | N16: TRUE | R16: DC007 | S16: A | T16: Campus640 MW IT overlaps120 MW Building1 and unknown legacy operating capacity. Remaining planned capacity cannot be allocated safely. Website operational label does not mean all640 MW commissioned. | U16: A | V16: FALSE | W16: 640 | Y16: BDX-CGK4-CAMPUS-OBS | Z16: IT | AA16: DC008 | AD16: E | AE16: =IF(ISNUMBER('Assumptions'!$B$20),'Assumptions'!$B$20,"Missing input") -> 0.95 | AF16: E | AG16: S | AH16: =IF(AND(V16=TRUE,Z16="IT",ISNUMBER(F16)),F16,0) -> 0
A17: BDx Data Centers / Indosat / Lintasarta | B17: CGK4 historical500 MW campus ceiling | C17: Jatiluhur | D17: West Java | E17: potential | M17: TRUE | N17: TRUE | R17: DC009 | S17: A | T17: Historical scalability ceiling superseded by640 MW IT current design; not operational and not additive. | U17: A | V17: FALSE | W17: 500 | Y17: BDX-CGK4-500-OBS | Z17: undisclosed | AH17: =IF(AND(V17=TRUE,Z17="IT",ISNUMBER(F17)),F17,0) -> 0
A18: BDx Data Centers / Indosat / Lintasarta | B18: CGK5 AI Campus3 | C18: Karawang | D18: West Java | E18: committed | H18: 290 | K18: 385 | L18: =IF(COUNT(K18,'Assumptions'!$B$20)=2,K18*'Assumptions'!$B$20,"Missing input") -> 365.75 | M18: TRUE | N18: TRUE | R18: DC010 | S18: A | T18: Official page says In Development and secured phased290 MW IT. Classified committed based on secured power; exact construction/first-phase quantum and RFS not disclosed. | U18: A | V18: TRUE | Y18: BDX-CGK5 | Z18: IT | AD18: E | AE18: =IF(ISNUMBER('Assumptions'!$B$20),'Assumptions'!$B$20,"Missing input") -> 0.95 | AF18: E | AG18: S | AH18: =IF(AND(V18=TRUE,Z18="IT",ISNUMBER(F18)),F18,0) -> 0
A19: DayOne / Indonesia Investment Authority | B19: Nongsa Digital Park delivered campus | C19: Batam | D19: Riau Islands | E19: operational | N19: TRUE | R19: DC012 | S19: A | T19: Operator timeline says34 MW delivered, no explicit IT basis. Cannot put34 in modeled operational IT column; does not mean MW not present. JLL later H12025 report5 MW operational differs; preserved in DC039 and research notes. | U19: A | V19: TRUE | W19: 34 | Y19: DAYONE-NDP | Z19: undisclosed | AH19: =IF(AND(V19=TRUE,Z19="IT",ISNUMBER(F19)),F19,0) -> 0
A20: DayOne / Indonesia Investment Authority | B20: Nongsa Digital Park ultimate campus ceiling | C20: Batam | D20: Riau Islands | E20: planned | N20: TRUE | Q20: 2025 onwards (phased schedule) | R20: DC011 | S20: A | T20: 72 MW total-capacity card is multi-phase and not explicitly IT. Campus ceiling overlaps delivered34 MW; all72 MW never assumed operational. | U20: A | V20: FALSE | W20: 72 | Y20: DAYONE-NDP-72-OBS | Z20: undisclosed | AH20: =IF(AND(V20=TRUE,Z20="IT",ISNUMBER(F20)),F20,0) -> 0
A21: DayOne | B21: Kabil Industrial Tech Park | C21: Batam | D21: Riau Islands | E21: committed | K21: 511 | L21: 450 | N21: TRUE | P21: 46129 | R21: DC013 | S21: A | T21: Signed PPA. Approximately450 MW operator-reported grid capacity for511 MVA; IT MW not disclosed. Do not convert450 grid MW directly to IT, or overwrite with configurable0.95 modeled power-factor estimate. | U21: A | V21: TRUE | Y21: DAYONE-KABIL | Z21: connection | AD21: A | AF21: A | AH21: =IF(AND(V21=TRUE,Z21="IT",ISNUMBER(F21)),F21,0) -> 0
A22: DAMAC Digital / EDGNEX | B22: Cikarang AI campus | C22: Cikarang | D22: West Java | E22: under_construction | M22: TRUE | N22: TRUE | O22: 2300000000 | P22: 45827 | Q22: First phase December2026; development to2028 | R22: DC014 | S22: A | T22: Construction begun;144 MW is projected future campus capacity without explicit IT basis. Official Indonesian ministry identifies Cikarang. USD2.3bn announced investment, not resources cost or expenditure realized. | U22: A | V22: TRUE | W22: 144 | Y22: EDGNEX-CIKARANG | Z22: undisclosed | AA22: DC015 | AH22: =IF(AND(V22=TRUE,Z22="IT",ISNUMBER(F22)),F22,0) -> 0
A23: DAMAC Digital / EDGNEX | B23: MT Haryono | C23: Jakarta | D23: DKI Jakarta | E23: planned | M23: TRUE | N23: TRUE | Q23: First phaseQ3 2026 (unverified schedule) | R23: DC014 | S23: A | T23: Separate first Indonesian project announced2024. Expected completion passed as of cutoff, but no actual commissioning established; keep planned. MW basis unspecified. | U23: A | V23: TRUE | W23: 19.2 | Y23: EDGNEX-MTH | Z23: undisclosed | AH23: =IF(AND(V23=TRUE,Z23="IT",ISNUMBER(F23)),F23,0) -> 0
A24: NeutraDC / Telkom Indonesia | B24: Cikarang existing HDC | C24: Cikarang | D24: West Java | E24: operational | F24: 10 | N24: TRUE | R24: DC016 | S24: A | T24: 20-F reports current10 MW IT as at2025 year-end. Capacity billed/tenant fitout can differ from shell/design capacity. Singapore17 MW excluded from Indonesia sum. | U24: A | V24: TRUE | X24: 46022 | Y24: NEUTRA-CIKARANG | Z24: IT | AH24: =IF(AND(V24=TRUE,Z24="IT",ISNUMBER(F24)),F24,0) -> 10
A25: NeutraDC / Telkom Indonesia | B25: Cikarang additional development | C25: Cikarang | D25: West Java | E25: under_construction | G25: 18 | N25: TRUE | R25: DC016 | S25: A | T25: FY2025 20-F describes development with additional18 MW IT; distinct from10 MW existing scope. Incremental commissioning after this disclosure not inferred. | U25: A | V25: TRUE | Y25: NEUTRA-CIKARANG-EXP | Z25: IT | AH25: =IF(AND(V25=TRUE,Z25="IT",ISNUMBER(F25)),F25,0) -> 0
A26: NeutraDC / Telkom Indonesia | B26: 3S enterprise centers (Serpong, Sentul, Surabaya) | C26: Multi-site Indonesia | D26: Banten; West Java; East Java | E26: operational | F26: 17 | R26: DC016 | S26: A | T26: Aggregate three Indonesian enterprise sites17 MW IT. No split by facility disclosed. Child location rows below excluded from numerical total, avoids equal-split fabrication. | U26: A | V26: TRUE | X26: 46022 | Y26: NEUTRA-3S | Z26: IT | AH26: =IF(AND(V26=TRUE,Z26="IT",ISNUMBER(F26)),F26,0) -> 17
A27: NeutraDC / Telkom Indonesia | B27: Serpong enterprise DC | C27: Serpong | D27: Banten | E27: operational | R27: DC019 | S27: A | T27: Named Indonesian physical site; numerical capacity included only in3S17 MW aggregate, no facility allocation disclosed. | U27: A | V27: FALSE | Y27: NEUTRA-SERPONG | Z27: undisclosed | AH27: =IF(AND(V27=TRUE,Z27="IT",ISNUMBER(F27)),F27,0) -> 0
A28: NeutraDC / Telkom Indonesia | B28: Sentul enterprise DC | C28: Sentul | D28: West Java | E28: operational | R28: DC019 | S28: A | T28: Named Indonesian physical site; numerical capacity included only in3S17 MW aggregate, no facility allocation disclosed. | U28: A | V28: FALSE | Y28: NEUTRA-SENTUL | Z28: undisclosed | AH28: =IF(AND(V28=TRUE,Z28="IT",ISNUMBER(F28)),F28,0) -> 0
A29: NeutraDC / Telkom Indonesia | B29: Surabaya enterprise DC | C29: Surabaya | D29: East Java | E29: operational | R29: DC019 | S29: A | T29: Named Indonesian physical site; numerical capacity included only in3S17 MW aggregate, no facility allocation disclosed. | U29: A | V29: FALSE | Y29: NEUTRA-SURABAYA | Z29: undisclosed | AH29: =IF(AND(V29=TRUE,Z29="IT",ISNUMBER(F29)),F29,0) -> 0
A30: NeutraDC Nxera / Telkom / Singtel / Medco | B30: BTM-1 | C30: Batam | D30: Riau Islands | E30: under_construction | G30: 18 | K30: 90 | L30: =IF(COUNT(K30,'Assumptions'!$B$20)=2,K30*'Assumptions'!$B$20,"Missing input") -> 85.5 | M30: TRUE | N30: TRUE | P30: 45965 | Q30: 2026 scheduled; commissioning unverified | R30: DC017 | S30: A | T30: 18 MW first-building IT target.20-F contradictory 'became operational2026' preserved; newer5 June2026 release still schedules opening.90 MVA relates whole Batam development, not BTM1 IT. Partnered capacity is not actual power utilization. | U30: A | V30: TRUE | Y30: NEUTRA-BTM1 | Z30: IT | AA30: DC016|DC018 | AD30: E | AE30: =IF(ISNUMBER('Assumptions'!$B$20),'Assumptions'!$B$20,"Missing input") -> 0.95 | AF30: E | AG30: S | AH30: =IF(AND(V30=TRUE,Z30="IT",ISNUMBER(F30)),F30,0) -> 0
A31: NeutraDC Nxera / Telkom / Singtel / Medco | B31: BTM-2 | C31: Batam | D31: Riau Islands | E31: planned | M31: TRUE | N31: TRUE | P31: 46178 | R31: DC018 | S31: A | T31: Operator preparing second-building development; no MW or first commissioning date disclosed. | U31: A | V31: TRUE | Y31: NEUTRA-BTM2 | Z31: undisclosed | AH31: =IF(AND(V31=TRUE,Z31="IT",ISNUMBER(F31)),F31,0) -> 0
A32: NTT DATA | B32: Jakarta3 initial commissioned block | C32: Bekasi | D32: West Java | E32: operational | F32: 15.2 | N32: TRUE | R32: DC020 | S32: A | T32: Historical launch specifies15.2 MW critical IT load. Conservatively retains verified initial block; later phases not assumed commissioned. Not45 MW operational. | U32: A | V32: TRUE | Y32: NTT-JKT3-P1 | Z32: IT | AH32: =IF(AND(V32=TRUE,Z32="IT",ISNUMBER(F32)),F32,0) -> 15.2
A33: NTT DATA | B33: Jakarta3 ultimate campus specification | C33: Bekasi | D33: West Java | E33: planned | N33: TRUE | R33: DC021 | S33: A | T33: Planned brochure45.6 MW in three15.2 MW blocks versus rounded45 MW launch target. Overlaps initial15.2 MW block; remaining completion status unknown. Excluded from capacity sum. | U33: A | V33: FALSE | W33: 45.6 | Y33: NTT-JKT3-ULT-OBS | Z33: IT | AA33: DC020 | AH33: =IF(AND(V33=TRUE,Z33="IT",ISNUMBER(F33)),F33,0) -> 0
A34: NTT DATA | B34: Jakarta2 and Jakarta2A campus | C34: Jakarta | D34: DKI Jakarta | E34: operational | R34: DC022 | S34: A | T34: Current services page offers Jakarta2A as part of broader Jakarta2 campus, but12 MW is described as aims to provide. Numeric operational IT omitted;12W specification typo unresolved. Scope counts campus once. | U34: A | V34: TRUE | W34: 12 | Y34: NTT-JKT2 | Z34: IT | AH34: =IF(AND(V34=TRUE,Z34="IT",ISNUMBER(F34)),F34,0) -> 0
A35: ST Telemedia Global Data Centres / Triputra / Temasek | B35: STT Jakarta1 | C35: Cikarang | D35: West Java | E35: operational | F35: 18 | N35: TRUE | R35: DC023 | S35: A | T35: Current official facility card18 MW IT selected. Historical June2023 launch19.5 MW retained as alternative; do not silently reconcile capacity planning definitions. | U35: A | V35: TRUE | Y35: STT-JKT1 | Z35: IT | AA35: DC025 | AH35: =IF(AND(V35=TRUE,Z35="IT",ISNUMBER(F35)),F35,0) -> 18
A36: ST Telemedia Global Data Centres / Triputra / Temasek | B36: STT Jakarta2 | C36: Cikarang | D36: West Java | E36: operational | F36: 24 | M36: TRUE | N36: TRUE | P36: 46183 | R36: DC024 | S36: A | T36: Dated official release explicitly commences operations at24 MW IT. AI-ready infrastructure, actual AI workload proportion not known. | U36: A | V36: TRUE | X36: 46183 | Y36: STT-JKT2 | Z36: IT | AH36: =IF(AND(V36=TRUE,Z36="IT",ISNUMBER(F36)),F36,0) -> 24
A37: ST Telemedia Global Data Centres / Triputra / Temasek | B37: STT Jakarta3 | C37: Cikarang | D37: West Java | E37: under_construction | G37: 24 | M37: TRUE | N37: TRUE | P37: 46183 | R37: DC023 | S37: A | T37: Current facility card24 MW IT with underdevelopment status; dated June2026 release confirms toppingout. | U37: A | V37: TRUE | Y37: STT-JKT3 | Z37: IT | AA37: DC024 | AH37: =IF(AND(V37=TRUE,Z37="IT",ISNUMBER(F37)),F37,0) -> 0
A38: ST Telemedia Global Data Centres / Triputra / Temasek | B38: STT Jakarta4 | C38: Cikarang | D38: West Java | E38: planned | I38: 48 | M38: TRUE | N38: TRUE | R38: DC023 | S38: A | T38: Underdevelopment label, no building-specific groundbreaking retrieved.48 MW IT current card kept planned. | U38: A | V38: TRUE | Y38: STT-JKT4 | Z38: IT | AH38: =IF(AND(V38=TRUE,Z38="IT",ISNUMBER(F38)),F38,0) -> 0
A39: ST Telemedia Global Data Centres / Triputra / Temasek | B39: STT Jakarta5 | C39: Cikarang | D39: West Java | E39: under_construction | G39: 40 | M39: TRUE | N39: TRUE | P39: 46183 | R39: DC024 | S39: A | T39: Official June2026 release confirms groundbreaking and40 MW IT planned for this building. Commissioning not inferred. | U39: A | V39: TRUE | Y39: STT-JKT5 | Z39: IT | AH39: =IF(AND(V39=TRUE,Z39="IT",ISNUMBER(F39)),F39,0) -> 0
A40: ST Telemedia Global Data Centres / Triputra / Temasek | B40: STT Jakarta6 | C40: Cikarang | D40: West Java | E40: under_construction | G40: 40 | M40: TRUE | N40: TRUE | P40: 46183 | R40: DC024 | S40: A | T40: Official June2026 release confirms groundbreaking and40 MW IT planned for this building. Commissioning not inferred. | U40: A | V40: TRUE | Y40: STT-JKT6 | Z40: IT | AH40: =IF(AND(V40=TRUE,Z40="IT",ISNUMBER(F40)),F40,0) -> 0
A41: ST Telemedia Global Data Centres / Triputra / Temasek | B41: STT Jakarta7 | C41: Cikarang | D41: West Java | E41: planned | I41: 60 | M41: TRUE | N41: TRUE | R41: DC023 | S41: A | T41: Underdevelopment portfolio includes sites held for further development.60 MW IT current card kept planned, not assumed physically under construction. | U41: A | V41: TRUE | Y41: STT-JKT7 | Z41: IT | AH41: =IF(AND(V41=TRUE,Z41="IT",ISNUMBER(F41)),F41,0) -> 0
A42: ST Telemedia Global Data Centres / Triputra / Temasek | B42: STT Jakarta8 | C42: Cikarang | D42: West Java | E42: planned | I42: 60 | M42: TRUE | N42: TRUE | R42: DC023 | S42: A | T42: Underdevelopment portfolio includes sites held for further development.60 MW IT current card kept planned, not assumed physically under construction. | U42: A | V42: TRUE | Y42: STT-JKT8 | Z42: IT | AH42: =IF(AND(V42=TRUE,Z42="IT",ISNUMBER(F42)),F42,0) -> 0
A43: ST Telemedia Global Data Centres / Triputra / Temasek | B43: STT Jakarta9 | C43: Cikarang | D43: West Java | E43: planned | I43: 60 | M43: TRUE | N43: TRUE | R43: DC023 | S43: A | T43: Underdevelopment portfolio includes sites held for further development.60 MW IT current card kept planned, not assumed physically under construction. | U43: A | V43: TRUE | Y43: STT-JKT9 | Z43: IT | AH43: =IF(AND(V43=TRUE,Z43="IT",ISNUMBER(F43)),F43,0) -> 0
A44: ST Telemedia Global Data Centres / Triputra / Temasek | B44: STT Jakarta1 historical launch observation | C44: Cikarang | D44: West Java | E44: operational | P44: 45098 | R44: DC025 | S44: A | T44: Historical up-to19.5 MW IT launch; current18 MW card controls snapshot. Alternate kept outside sum for discrepancy audit. | U44: A | V44: FALSE | W44: 19.5 | X44: 45098 | Y44: STT-JKT1-2023-OBS | Z44: IT | AH44: =IF(AND(V44=TRUE,Z44="IT",ISNUMBER(F44)),F44,0) -> 0
A45: Digital Edge Indonesia / Indonet | B45: EDGE1 | C45: Jakarta | D45: DKI Jakarta | E45: operational | F45: 6 | R45: DC026 | S45: A | T45: Official spec6 MW IT; later CGK release refers to existing EDGE1 downtown facility. | U45: A | V45: TRUE | Y45: EDGE1 | Z45: IT | AA45: DC028 | AH45: =IF(AND(V45=TRUE,Z45="IT",ISNUMBER(F45)),F45,0) -> 6
A46: Digital Edge Indonesia / Indonet | B46: EDGE2 | C46: Jakarta | D46: DKI Jakarta | E46: operational | F46: 23 | M46: TRUE | N46: TRUE | R46: DC026 | S46: A | T46: Official spec23 MW IT and operator ready-for-service news dated28 Feb2024. AI-ready design does not prove AI-only workload. | U46: A | V46: TRUE | X46: 45350 | Y46: EDGE2 | Z46: IT | AA46: DC027 | AH46: =IF(AND(V46=TRUE,Z46="IT",ISNUMBER(F46)),F46,0) -> 23
A47: Digital Edge Indonesia / Indonet | B47: CGK Campus full four-building development | C47: Cikarang | D47: West Java | E47: planned | I47: 500 | K47: 725 | L47: =IF(COUNT(K47,'Assumptions'!$B$20)=2,K47*'Assumptions'!$B$20,"Missing input") -> 688.75 | M47: TRUE | N47: TRUE | O47: 4500000000 | P47: 46050 | Q47: CGK1Q4 2026; buildings2/3Q1/Q2 2027; full build undisclosed | R47: DC044 | S47: A | T47: 500 MW explicitly IT at full development. Part already under construction but MW by building not allocated here; numeric full-build capacity classified planned to prevent treating all500 MW as construction/live.725 MVA is each of two independent dual feeds, source markets2×725 MVA as1.45 GW; not summed as firm usable IT. | U47: A | V47: TRUE | Y47: EDGE-CGK-PLANNED | Z47: IT | AA47: DC028 | AB47: 1450 | AC47: 2 | AD47: E | AE47: =IF(ISNUMBER('Assumptions'!$B$20),'Assumptions'!$B$20,"Missing input") -> 0.95 | AF47: E | AG47: S | AH47: =IF(AND(V47=TRUE,Z47="IT",ISNUMBER(F47)),F47,0) -> 0
A48: Digital Edge Indonesia / Indonet | B48: CGK1 building construction milestone | C48: Cikarang | D48: West Java | E48: under_construction | M48: TRUE | N48: TRUE | P48: 46181 | Q48: Q4 2026 (unverified schedule) | R48: DC028 | S48: A | T48: Physical first building topped out, but commissioned phase MW not disclosed in inspected release. Its eventual IT capacity sits within500 MW full-campus row, no duplicate MW. | U48: A | V48: FALSE | Y48: EDGE-CGK1 | Z48: undisclosed | AH48: =IF(AND(V48=TRUE,Z48="IT",ISNUMBER(F48)),F48,0) -> 0
A49: Digital Edge Indonesia / Indonet | B49: CGK additional scalability beyond four-building plan | C49: Cikarang | D49: West Java | E49: potential | J49: 500 | M49: TRUE | N49: TRUE | R49: DC044 | S49: E | T49: Disjoint residual=1,000 MW ultimate scalability less500 MW full-development IT plan. No binding operational timetable. | U49: E | V49: TRUE | Y49: EDGE-CGK-POT | Z49: IT | AH49: =IF(AND(V49=TRUE,Z49="IT",ISNUMBER(F49)),F49,0) -> 0
A50: Equinix / Astra International | B50: JK1 (new Astra joint venture) | C50: Jakarta | D50: DKI Jakarta | E50: operational | M50: TRUE | P50: 45792 | R50: DC029 | S50: A | T50: Initial 550 cabinets and ultimate 1,600 cabinets. No source IT MW; cabinet count never converted to power. Distinct from DCI JK1 formerly an Equinix partner facility. | U50: A | V50: TRUE | X50: 45792 | Y50: EQIX-JK1 | Z50: undisclosed | AH50: =IF(AND(V50=TRUE,Z50="IT",ISNUMBER(F50)),F50,0) -> 0
A51: Princeton Digital Group | B51: JC1/JC2 campus | C51: Cibitung | D51: West Java | E51: operational | N51: TRUE | R51: DC040 | S51: A | T51: Current26 MW combined capacity lacks explicit IT designation; launchJC2=22 MW also lacks explicit IT label. No doublecountJC2 individual; included scope with unknown numerical IT capacity. | U51: A | V51: TRUE | W51: 26 | Y51: PDG-JC12 | Z51: undisclosed | AA51: DC041 | AH51: =IF(AND(V51=TRUE,Z51="IT",ISNUMBER(F51)),F51,0) -> 0
A52: Princeton Digital Group | B52: JC2 historical individual launch | C52: Cibitung | D52: West Java | E52: operational | N52: TRUE | P52: 45194 | R52: DC041 | S52: A | T52: Individual facility withinJC1/JC2 campus;22 MW no explicit IT basis. Retained chronological observation, excluded aggregate overlap. | U52: A | V52: FALSE | W52: 22 | X52: 45194 | Y52: PDG-JC2-OBS | Z52: undisclosed | AH52: =IF(AND(V52=TRUE,Z52="IT",ISNUMBER(F52)),F52,0) -> 0
A53: Princeton Digital Group | B53: JC3 campus | C53: Cikarang | D53: West Java | E53: under_construction | M53: TRUE | N53: TRUE | O53: 1000000000 | P53: 45980 | Q53: First phaseQ4 2026 (unverified) | R53: DC042 | S53: A | T53: Groundbreaking verified. Whole-campus 120 MW target and USD 1 billion investment are not actual consumption; inspected release lacks explicit IT definition. MW retained separately until capacity basis confirmed. | U53: A | V53: TRUE | W53: 120 | Y53: PDG-JC3 | Z53: undisclosed | AH53: =IF(AND(V53=TRUE,Z53="IT",ISNUMBER(F53)),F53,0) -> 0
A54: Princeton Digital Group | B54: JC4 campus | C54: Cikarang | D54: West Java | E54: under_construction | M54: TRUE | N54: TRUE | P54: 46142 | R54: DC043 | S54: A | T54: Construction begun; four planned 60 MW buildings. 240 MW is the full campus/powered-land plan, not delivered IT capacity. Capacity basis ambiguous; no IT inference from marketing alone. | U54: A | V54: TRUE | W54: 240 | Y54: PDG-JC4 | Z54: undisclosed | AH54: =IF(AND(V54=TRUE,Z54="IT",ISNUMBER(F54)),F54,0) -> 0
A55: Princeton Digital Group | B55: Bandung regional campus | C55: Bandung | D55: West Java | E55: operational | R55: DC040 | S55: A | T55: Official portfolio identifies operating customer-serving location. Four regionalsites combined12 MW, allocation and IT/facility basis undisclosed; no per-site MW invented. | U55: A | V55: TRUE | Y55: PDG-BANDUNG | Z55: undisclosed | AH55: =IF(AND(V55=TRUE,Z55="IT",ISNUMBER(F55)),F55,0) -> 0
A56: Princeton Digital Group | B56: Bintaro regional campus | C56: Bintaro | D56: Banten | E56: operational | R56: DC040 | S56: A | T56: Official portfolio identifies operating customer-serving location. Four regionalsites combined12 MW, allocation and IT/facility basis undisclosed; no per-site MW invented. | U56: A | V56: TRUE | Y56: PDG-BINTARO | Z56: undisclosed | AH56: =IF(AND(V56=TRUE,Z56="IT",ISNUMBER(F56)),F56,0) -> 0
A57: Princeton Digital Group | B57: Pekanbaru regional campus | C57: Pekanbaru | D57: Riau | E57: operational | R57: DC040 | S57: A | T57: Official portfolio identifies operating customer-serving location. Four regionalsites combined12 MW, allocation and IT/facility basis undisclosed; no per-site MW invented. | U57: A | V57: TRUE | Y57: PDG-PEKANBARU | Z57: undisclosed | AH57: =IF(AND(V57=TRUE,Z57="IT",ISNUMBER(F57)),F57,0) -> 0
A58: Princeton Digital Group | B58: Surabaya regional campus | C58: Surabaya | D58: East Java | E58: operational | R58: DC040 | S58: A | T58: Official portfolio identifies operating customer-serving location. Four regionalsites combined12 MW, allocation and IT/facility basis undisclosed; no per-site MW invented. | U58: A | V58: TRUE | Y58: PDG-SURABAYA | Z58: undisclosed | AH58: =IF(AND(V58=TRUE,Z58="IT",ISNUMBER(F58)),F58,0) -> 0
A59: Amazon Web Services | B59: Asia Pacific Jakarta Region | C59: Greater Jakarta | D59: Not disclosed | E59: operational | N59: TRUE | O59: 5000000000 | P59: 44544 | R59: DC030 | S59: A | T59: Cloud-region record; multiple physical sites and possible third-party colocation overlap. USD 5 billion is a 15-year construction/operation investment programme, not one facility capex. No IT MW disclosed; excluded from physical inventory sum/count. | U59: A | V59: FALSE | X59: 44544 | Y59: AWS-JAKARTA | Z59: undisclosed | AH59: =IF(AND(V59=TRUE,Z59="IT",ISNUMBER(F59)),F59,0) -> 0
A60: Alibaba Cloud | B60: Jakarta Region | C60: Greater Jakarta | D60: Not disclosed | E60: operational | N60: TRUE | R60: DC031 | S60: A | T60: Current region confirmed. First and second data centers built in 2018/2019, third planned for 2021 in historical release. Site-level IT MW undisclosed; hosting operator overlap unknown, so excluded from physical capacity/count. | U60: A | V60: FALSE | Y60: ALIBABA-JAKARTA | Z60: undisclosed | AA60: DC032 | AH60: =IF(AND(V60=TRUE,Z60="IT",ISNUMBER(F60)),F60,0) -> 0
A61: Google Cloud | B61: asia-southeast2 Jakarta Region | C61: Greater Jakarta | D61: Not disclosed | E61: operational | N61: TRUE | P61: 44006 | R61: DC033 | S61: A | T61: Cloud region operating status confirmed, precise physical power/site locations undisclosed. No assumption of owned versus leased sites; no addition against colocation inventory. | U61: A | V61: FALSE | X61: 44006 | Y61: GOOGLE-JAKARTA | Z61: undisclosed | AH61: =IF(AND(V61=TRUE,Z61="IT",ISNUMBER(F61)),F61,0) -> 0
A62: Microsoft | B62: Indonesia Central Region | C62: Indonesia (precise sites undisclosed) | D62: Not disclosed | E62: operational | M62: TRUE | N62: TRUE | O62: 1700000000 | P62: 45804 | R62: DC034 | S62: A | T62: Three availability-zone region live. USD 1.7 billion national cloud/AI investment commitment is not realized, site-specific capex. No IT MW; excluded from physical sum due possible colocation overlap. | U62: A | V62: FALSE | X62: 45804 | Y62: MS-INDONESIA-CENTRAL | Z62: undisclosed | AH62: =IF(AND(V62=TRUE,Z62="IT",ISNUMBER(F62)),F62,0) -> 0
A63: Range IDC / Equator Gate System Batam | B63: Equator Gate System AI campus | C63: Batam | D63: Riau Islands | E63: committed | M63: TRUE | N63: TRUE | O63: 5000000000 | P63: 46168 | R63: DC035 | S63: A | T63: Signed PLN Batam power purchase agreement, but no MW/MVA quantum in inspected government release. Announced USD 5 billion investment spans development; capacity not inferred from investment. | U63: A | V63: TRUE | Y63: RANGE-EGS | Z63: undisclosed | AH63: =IF(AND(V63=TRUE,Z63="IT",ISNUMBER(F63)),F63,0) -> 0
A64: BW Digital | B64: NDP1 | C64: Batam | D64: Riau Islands | E64: planned | I64: 120 | M64: TRUE | N64: TRUE | Q64: Q4 2025 page target; Q2 2026 newsletter target (unverified) | R64: DC036 | S64: A | T64: Current official project page plans 120 MW IT; corporate 2025 newsletter alternatively plans 144 MW IT. Structure topped off 7 October 2025, but commissioned phase MW not verified. Current operator 120 MW plan retained; numerical construction split unknown. | U64: A | V64: TRUE | Y64: BW-NDP1 | Z64: IT | AA64: DC037 | AH64: =IF(AND(V64=TRUE,Z64="IT",ISNUMBER(F64)),F64,0) -> 0
A65: BW Digital | B65: NDP1 alternative corporate design | C65: Batam | D65: Riau Islands | E65: planned | K65: 60 | L65: =IF(COUNT(K65,'Assumptions'!$B$20)=2,K65*'Assumptions'!$B$20,"Missing input") -> 57 | M65: TRUE | N65: TRUE | Q65: Q2 2026 (unverified) | R65: DC037 | S65: A | T65: Corporate newsletter 144 MW IT design differs from current 120 MW project page. Two 60 MVA dual feeds are not additive IT. Alternate whole-campus observation excluded to avoid overlap; expected date does not establish operation. | U65: A | V65: FALSE | W65: 144 | Y65: BW-NDP1-144-OBS | Z65: IT | AC65: 2 | AD65: E | AE65: =IF(ISNUMBER('Assumptions'!$B$20),'Assumptions'!$B$20,"Missing input") -> 0.95 | AF65: E | AG65: S | AH65: =IF(AND(V65=TRUE,Z65="IT",ISNUMBER(F65)),F65,0) -> 0
A66: SOS Limited / Future Digital Trading | B66: Galang Batang AI/cloud campus | C66: Bintan | D66: Riau Islands | E66: potential | M66: TRUE | N66: TRUE | P66: 46283 | R66: DC038 | S66: A | T66: Non-binding framework memorandum subject to due diligence, definitive agreements, financing and approvals. Potential 500 MW campus and conditional 50 MW first phase not explicitly IT. At least 60 MW effective power is a proposed target, not contracted operational IT. | U66: A | V66: TRUE | W66: 500 | Y66: SOS-BINTAN | Z66: undisclosed | AH66: =IF(AND(V66=TRUE,Z66="IT",ISNUMBER(F66)),F66,0) -> 0
A67: Gaw Capital / Sinar Primera | B67: Golden Digital Gateway phase1 | C67: Batam | D67: Riau Islands | E67: operational | N67: TRUE | R67: DC039 | S67: A | T67: JLL reports a launched 5.2 MW facility; capacity basis not explicitly IT. Operational IT MW remains missing until primary definition verified. | U67: A | V67: TRUE | W67: 5.2 | Y67: GDG-P1 | Z67: undisclosed | AH67: =IF(AND(V67=TRUE,Z67="IT",ISNUMBER(F67)),F67,0) -> 0
A68: Gaw Capital / Sinar Primera | B68: Golden Digital Gateway phase2 | C68: Batam | D68: Riau Islands | E68: planned | N68: TRUE | R68: DC039 | S68: A | T68: JLL reports 20 MW more planned. Later construction and IT capacity definition not verified. | U68: A | V68: TRUE | W68: 20 | Y68: GDG-P2 | Z68: undisclosed | AH68: =IF(AND(V68=TRUE,Z68="IT",ISNUMBER(F68)),F68,0) -> 0

Sheet Indonesia Electricity
A1: year | B1: electricity_generation_twh | C1: electricity_consumption_twh | D1: pln_sales_twh | E1: installed_capacity_gw | F1: peak_demand_gw | G1: coal_share_pct | H1: gas_share_pct | I1: hydro_share_pct | J1: geothermal_share_pct | K1: solar_share_pct | L1: other_renewables_pct | M1: source_id | N1: data_class | O1: non_pln_consumption_twh | P1: consumption_scope | Q1: pln_sales_scope | R1: peak_demand_scope | S1: peak_demand_audit_status | T1: generation_scope | U1: generation_comparable_across_2025 | V1: consumption_locator | W1: generation_locator | X1: capacity_locator | Y1: peak_locator | Z1: generation_data_class | AA1: consumption_data_class | AB1: pln_sales_data_class | AC1: installed_capacity_data_class | AD1: peak_demand_data_class | AE1: mix_data_class | AF1: notes | AG1: other_renewables_share_pct | AH1: steam_share_pct | AI1: diesel_share_pct | AJ1: mix_formula | AK1: gas_share_pct_data_class | AL1: hydro_share_pct_data_class | AM1: geothermal_share_pct_data_class | AN1: solar_share_pct_data_class | AO1: other_renewables_pct_data_class | AP1: other_renewables_share_pct_data_class | AQ1: steam_share_pct_data_class | AR1: diesel_share_pct_data_class
A2: 2020 | B2: 291.831 | C2: 292.953 | D2: 243.583 | E2: 72.76677 | F2: 41.761 | M2: ELEC001 | N2: A | O2: 49.371 | P2: National electricity utilization: PLN including PLN Batam plus non-PLN | Q2: PLN including subholding PT PLN Batam | R2: PLN only; not a synchronized national system peak | S2: not flagged unaudited in this table | T2: PLN production and purchases plus reported off-grid production; historical off-grid fossil columns not separately reported | U2: FALSE | V2: HEESI2025 table6.4.4 printed112-113 / PDF128-129 | W2: HEESI2025 table6.4.2A printed106-107 / PDF122-123 | X2: HEESI2025 table6.4.1A printed100-101 / PDF116-117 | Y2: HEESI2025 table6.4.8 printed117 / PDF133 | Z2: A | AA2: A | AB2: A | AC2: A | AD2: A | AF2: Reported totals preserved without forcing energy balance. Consumption exceeds reported generation2020-2024 because source boundaries/classifications do not fully align; do not infer a physical deficit. National fuel mix not fully verified for historical years. 2025 classification change precludes interpreting generation growth as like-for-like.
A3: 2021 | B3: 309.076 | C3: 314.123 | D3: 257.634 | E3: 74.55689 | F3: 42.785 | M3: ELEC001 | N3: A | O3: 56.489 | P3: National electricity utilization: PLN including PLN Batam plus non-PLN | Q3: PLN including subholding PT PLN Batam | R3: PLN only; not a synchronized national system peak | S3: not flagged unaudited in this table | T3: PLN production and purchases plus reported off-grid production; historical off-grid fossil columns not separately reported | U3: FALSE | V3: HEESI2025 table6.4.4 printed112-113 / PDF128-129 | W3: HEESI2025 table6.4.2A printed106-107 / PDF122-123 | X3: HEESI2025 table6.4.1A printed100-101 / PDF116-117 | Y3: HEESI2025 table6.4.8 printed117 / PDF133 | Z3: A | AA3: A | AB3: A | AC3: A | AD3: A | AF3: Reported totals preserved without forcing energy balance. Consumption exceeds reported generation2020-2024 because source boundaries/classifications do not fully align; do not infer a physical deficit. National fuel mix not fully verified for historical years. 2025 classification change precludes interpreting generation growth as like-for-like.
A4: 2022 | B4: 333.537 | C4: 340.642 | D4: 273.761 | E4: 83.84283 | F4: 42.814 | M4: ELEC001 | N4: A | O4: 66.881 | P4: National electricity utilization: PLN including PLN Batam plus non-PLN | Q4: PLN including subholding PT PLN Batam | R4: PLN only; not a synchronized national system peak | S4: not flagged unaudited in this table | T4: PLN production and purchases plus reported off-grid production; historical off-grid fossil columns not separately reported | U4: FALSE | V4: HEESI2025 table6.4.4 printed112-113 / PDF128-129 | W4: HEESI2025 table6.4.2A printed106-107 / PDF122-123 | X4: HEESI2025 table6.4.1A printed100-101 / PDF116-117 | Y4: HEESI2025 table6.4.8 printed117 / PDF133 | Z4: A | AA4: A | AB4: A | AC4: A | AD4: A | AF4: Reported totals preserved without forcing energy balance. Consumption exceeds reported generation2020-2024 because source boundaries/classifications do not fully align; do not infer a physical deficit. National fuel mix not fully verified for historical years. 2025 classification change precludes interpreting generation growth as like-for-like.
A5: 2023 | B5: 350.609 | C5: 369.722 | D5: 288.436 | E5: 91.20303 | F5: 58.282 | M5: ELEC001 | N5: A | O5: 81.286 | P5: National electricity utilization: PLN including PLN Batam plus non-PLN | Q5: PLN including subholding PT PLN Batam | R5: PLN only; not a synchronized national system peak | S5: not flagged unaudited in this table | T5: PLN production and purchases plus reported off-grid production; historical off-grid fossil columns not separately reported | U5: FALSE | V5: HEESI2025 table6.4.4 printed112-113 / PDF128-129 | W5: HEESI2025 table6.4.2A printed106-107 / PDF122-123 | X5: HEESI2025 table6.4.1A printed100-101 / PDF116-117 | Y5: HEESI2025 table6.4.8 printed117 / PDF133 | Z5: A | AA5: A | AB5: A | AC5: A | AD5: A | AF5: Reported totals preserved without forcing energy balance. Consumption exceeds reported generation2020-2024 because source boundaries/classifications do not fully align; do not infer a physical deficit. National fuel mix not fully verified for historical years. 2025 classification change precludes interpreting generation growth as like-for-like.
A6: 2024 | B6: 371.572 | C6: 409.605 | D6: 306.219 | E6: 100.64877 | F6: 61.288 | M6: ELEC001 | N6: A | O6: 103.386 | P6: National electricity utilization: PLN including PLN Batam plus non-PLN | Q6: PLN including subholding PT PLN Batam | R6: PLN only; not a synchronized national system peak | S6: not flagged unaudited in this table | T6: PLN production and purchases plus reported off-grid production; historical off-grid fossil columns not separately reported | U6: FALSE | V6: HEESI2025 table6.4.4 printed112-113 / PDF128-129 | W6: HEESI2025 table6.4.2A printed106-107 / PDF122-123 | X6: HEESI2025 table6.4.1A printed100-101 / PDF116-117 | Y6: HEESI2025 table6.4.8 printed117 / PDF133 | Z6: A | AA6: A | AB6: A | AC6: A | AD6: A | AF6: Reported totals preserved without forcing energy balance. Consumption exceeds reported generation2020-2024 because source boundaries/classifications do not fully align; do not infer a physical deficit. National fuel mix not fully verified for historical years. 2025 classification change precludes interpreting generation growth as like-for-like.
A7: 2025 | B7: 494.353 | C7: 455.001 | D7: 317.692 | E7: 107.49889 | F7: 65.134 | H7: 14.191074 | I7: 6.2174195 | J7: 3.5885288 | K7: 0.30787716 | L7: 5.7469056 | M7: ELEC001 | N7: A | O7: 137.309 | P7: National electricity utilization: PLN including PLN Batam plus non-PLN | Q7: PLN including subholding PT PLN Batam | R7: PLN only; not a synchronized national system peak | S7: unaudited | T7: PLN production and purchases plus IUPTLS and PPU generation; ownership classification introduced in 2025 | U7: FALSE | V7: HEESI2025 table6.4.4 printed112-113 / PDF128-129 | W7: HEESI2025 table6.4.2B printed108-110 / PDF124-126 | X7: HEESI2025 table6.4.1B printed102-103 / PDF118-119 | Y7: HEESI2025 table6.4.8 printed117 / PDF133 | Z7: A | AA7: A | AB7: A | AC7: A | AD7: A | AE7: E | AF7: Reported totals preserved without forcing energy balance. Consumption exceeds reported generation2020-2024 because source boundaries/classifications do not fully align; do not infer a physical deficit. National fuel mix not fully verified for historical years. 2025 classification change precludes interpreting generation growth as like-for-like. | AG7: 5.7469056 | AH7: 67.633048 | AI7: 2.3151473 | AJ7: Sum matching PLN own + PLN purchases + IUPTLS/PPU generation components /494353GWh *100. Gas70154; hydro30736; geothermal17740; solar1522; bioenergy+wind28410GWh. Coal unknown: steam334346GWh is not explicitly all coal. | AK7: E | AL7: E | AM7: E | AN7: E | AO7: E | AP7: E | AQ7: E | AR7: E

Sheet Electricity Tariffs
A1: customer_class | B1: voltage_level | C1: tariff_rp_per_kwh | D1: effective_period | E1: notes | F1: source_id | G1: data_class | H1: tariff_block | I1: minimum_connection_kva | J1: minimum_connection_exclusive | K1: peak_multiplier_min | L1: peak_multiplier_max | M1: reactive_tariff_rp_per_kvarh
A2: B-3 | B2: TM / TT (medium / high voltage) | C2: 1035.78 | D2: 2026-07-01/2026-09-30 | E2: Published energy component; excludes negotiated premiums, minimum-bill effects, taxes and reactive charges. No Q4 2026 confirmation. Offpeak LWBP for >200kVA. Monthly minimum:40hours*connectedkVA*LWBP tariff. Reactive charge1114.74Rp/kVArh if average monthly PF<0.85. | F2: ELEC002 | G2: A | H2: LWBP | I2: 200 | J2: TRUE | K2: 1.4 | L2: 2 | M2: 1114.74
A3: B-3 | B3: TM / TT (medium / high voltage) | D3: 2026-07-01/2026-09-30 | E3: Published energy component; excludes negotiated premiums, minimum-bill effects, taxes and reactive charges. No Q4 2026 confirmation. Peak WBP=K*1035.78Rp/kWh,1.4<=K<=2.0, set by PLN according to local system load. No universal blended flat tariff. | F3: ELEC002 | G3: A | H3: WBP | I3: 200 | J3: TRUE | K3: 1.4 | L3: 2 | M3: 1114.74
A4: I-3 | B4: TM (medium voltage) | C4: 1035.78 | D4: 2026-07-01/2026-09-30 | E4: Published energy component; excludes negotiated premiums, minimum-bill effects, taxes and reactive charges. No Q4 2026 confirmation. Offpeak LWBP for >200kVA. Monthly minimum:40hours*connectedkVA*LWBP tariff. Reactive charge1114.74Rp/kVArh if average monthly PF<0.85. | F4: ELEC002 | G4: A | H4: LWBP | I4: 200 | J4: TRUE | K4: 1.4 | L4: 2 | M4: 1114.74
A5: I-3 | B5: TM (medium voltage) | D5: 2026-07-01/2026-09-30 | E5: Published energy component; excludes negotiated premiums, minimum-bill effects, taxes and reactive charges. No Q4 2026 confirmation. Peak WBP=K*1035.78Rp/kWh,1.4<=K<=2.0, set by PLN according to local system load. No universal blended flat tariff. | F5: ELEC002 | G5: A | H5: WBP | I5: 200 | J5: TRUE | K5: 1.4 | L5: 2 | M5: 1114.74
A6: I-4 | B6: TT (high voltage) | C6: 996.74 | D6: 2026-07-01/2026-09-30 | E6: Published energy component; excludes negotiated premiums, minimum-bill effects, taxes and reactive charges. No Q4 2026 confirmation. WBP and LWBP same published energy rate. Requires industrial high-voltage contract>=30000kVA; do not assume all DCs qualify. Monthly minimum40hours*connectedkVA*energy tariff. Reactive charge996.74Rp/kVArh if monthlyPF<0.85. | F6: ELEC002 | G6: A | H6: WBP + LWBP | I6: 30000 | J6: FALSE | K6: 1 | L6: 1 | M6: 996.74
A7: Premium electricity / bespoke high-voltage contract | B7: Site-specific medium / high voltage | D7: Not publicly disclosed for a representative DC contract | E7: No validated site-specific premium-service quote. Regular tariff eligibility and reliability/service premium are contract-specific. Leave rate unknown and apply explicit scenario premium only in modeling. | F7: ELEC002 | G7: E | H7: contract specific

Sheet Water Tariffs
A1: location | B1: provider | C1: customer_category | D1: consumption_band | E1: tariff_rp_per_m3 | F1: effective_date | G1: source_id | H1: data_class | I1: notes | J1: band_min_m3 | K1: band_max_m3 | L1: tariff_status | M1: secondary_source_id | N1: source_locator | O1: reported_range_low_rp_per_m3 | P1: reported_range_high_rp_per_m3
A2: Jakarta | B2: PAM JAYA | C2: K III Niaga/Industri Kecil | D2: 0-10 m3/month | E2: 4900 | F2: 45658 | G2: WB001 | H2: A | I2: Published local marginal block tariff; monthly progressive bands. Effective date corroborated by WB002. Customer classification and meter fees/taxes require site verification. | J2: 0 | K2: 10 | L2: effective_date_verified_contract_unverified | M2: WB002 | N2: PDF p2 (index1), KelompokKIII or Khusus; monthly fees on p1
A3: Jakarta | B3: PAM JAYA | C3: K III Niaga/Industri Kecil | D3: 11-20 m3/month | E3: 9500 | F3: 45658 | G3: WB001 | H3: A | I3: Published local marginal block tariff; monthly progressive bands. Effective date corroborated by WB002. Customer classification and meter fees/taxes require site verification. | J3: 11 | K3: 20 | L3: effective_date_verified_contract_unverified | M3: WB002 | N3: PDF p2 (index1), KelompokKIII or Khusus; monthly fees on p1
A4: Jakarta | B4: PAM JAYA | C4: K III Niaga/Industri Kecil | D4: >20 m3/month | E4: 12500 | F4: 45658 | G4: WB001 | H4: A | I4: Published local marginal block tariff; monthly progressive bands. Effective date corroborated by WB002. Customer classification and meter fees/taxes require site verification. | J4: 21 | L4: effective_date_verified_contract_unverified | M4: WB002 | N4: PDF p2 (index1), KelompokKIII or Khusus; monthly fees on p1
A5: Jakarta | B5: PAM JAYA | C5: K III Niaga/Industri Menengah | D5: 0-10 m3/month | E5: 6825 | F5: 45658 | G5: WB001 | H5: A | I5: Published local marginal block tariff; monthly progressive bands. Effective date corroborated by WB002. Customer classification and meter fees/taxes require site verification. | J5: 0 | K5: 10 | L5: effective_date_verified_contract_unverified | M5: WB002 | N5: PDF p2 (index1), KelompokKIII or Khusus; monthly fees on p1
A6: Jakarta | B6: PAM JAYA | C6: K III Niaga/Industri Menengah | D6: 11-20 m3/month | E6: 12500 | F6: 45658 | G6: WB001 | H6: A | I6: Published local marginal block tariff; monthly progressive bands. Effective date corroborated by WB002. Customer classification and meter fees/taxes require site verification. | J6: 11 | K6: 20 | L6: effective_date_verified_contract_unverified | M6: WB002 | N6: PDF p2 (index1), KelompokKIII or Khusus; monthly fees on p1
A7: Jakarta | B7: PAM JAYA | C7: K III Niaga/Industri Menengah | D7: >20 m3/month | E7: 17500 | F7: 45658 | G7: WB001 | H7: A | I7: Published local marginal block tariff; monthly progressive bands. Effective date corroborated by WB002. Customer classification and meter fees/taxes require site verification. | J7: 21 | L7: effective_date_verified_contract_unverified | M7: WB002 | N7: PDF p2 (index1), KelompokKIII or Khusus; monthly fees on p1
A8: Jakarta | B8: PAM JAYA | C8: K III Niaga/Industri Besar | D8: 0-10 m3/month | E8: 12550 | F8: 45658 | G8: WB001 | H8: A | I8: Published local marginal block tariff; monthly progressive bands. Effective date corroborated by WB002. Customer classification and meter fees/taxes require site verification. | J8: 0 | K8: 10 | L8: effective_date_verified_contract_unverified | M8: WB002 | N8: PDF p2 (index1), KelompokKIII or Khusus; monthly fees on p1
A9: Jakarta | B9: PAM JAYA | C9: K III Niaga/Industri Besar | D9: 11-20 m3/month | E9: 17500 | F9: 45658 | G9: WB001 | H9: A | I9: Published local marginal block tariff; monthly progressive bands. Effective date corroborated by WB002. Customer classification and meter fees/taxes require site verification. | J9: 11 | K9: 20 | L9: effective_date_verified_contract_unverified | M9: WB002 | N9: PDF p2 (index1), KelompokKIII or Khusus; monthly fees on p1
A10: Jakarta | B10: PAM JAYA | C10: K III Niaga/Industri Besar | D10: >20 m3/month | E10: 21500 | F10: 45658 | G10: WB001 | H10: A | I10: Published local marginal block tariff; monthly progressive bands. Effective date corroborated by WB002. Customer classification and meter fees/taxes require site verification. | J10: 21 | L10: effective_date_verified_contract_unverified | M10: WB002 | N10: PDF p2 (index1), KelompokKIII or Khusus; monthly fees on p1
A11: Jakarta | B11: PAM JAYA | C11: Kelompok Khusus Kesepakatan Komersial | D11: Commercial agreement | F11: 45658 | G11: WB001 | H11: A | I11: Negotiated rate; source says at least full tariff. No numeric agreement rate published. | L11: negotiated_rate_not_disclosed | N11: PDF p2 (index1), KelompokKIII or Khusus; monthly fees on p1
A12: Batam | B12: Air Batam Hilir / BP Batam | C12: 4A Industri Kecil | D12: 0-10 m3/month | E12: 10000 | G12: WB003 | H12: A | I12: Historical official table posted2021-02-24 under BP Batam regulation24/2020. Effective date and2026 contract applicability unverified; do not use as a confirmed current tariff. | J12: 0 | K12: 10 | L12: historical_only
A13: Batam | B13: Air Batam Hilir / BP Batam | C13: 4A Industri Kecil | D13: 11-20 m3/month | E13: 10000 | G13: WB003 | H13: A | I13: Historical official table posted2021-02-24 under BP Batam regulation24/2020. Effective date and2026 contract applicability unverified; do not use as a confirmed current tariff. | J13: 11 | K13: 20 | L13: historical_only
A14: Batam | B14: Air Batam Hilir / BP Batam | C14: 4A Industri Kecil | D14: 21-30 m3/month | E14: 10000 | G14: WB003 | H14: A | I14: Historical official table posted2021-02-24 under BP Batam regulation24/2020. Effective date and2026 contract applicability unverified; do not use as a confirmed current tariff. | J14: 21 | K14: 30 | L14: historical_only
A15: Batam | B15: Air Batam Hilir / BP Batam | C15: 4A Industri Kecil | D15: 31-40 m3/month | E15: 10000 | G15: WB003 | H15: A | I15: Historical official table posted2021-02-24 under BP Batam regulation24/2020. Effective date and2026 contract applicability unverified; do not use as a confirmed current tariff. | J15: 31 | K15: 40 | L15: historical_only
A16: Batam | B16: Air Batam Hilir / BP Batam | C16: 4A Industri Kecil | D16: >40 m3/month | E16: 10000 | G16: WB003 | H16: A | I16: Historical official table posted2021-02-24 under BP Batam regulation24/2020. Effective date and2026 contract applicability unverified; do not use as a confirmed current tariff. | J16: 41 | L16: historical_only
A17: Batam | B17: Air Batam Hilir / BP Batam | C17: 4B Industri Besar | D17: 0-10 m3/month | E17: 10500 | G17: WB003 | H17: A | I17: Historical official table posted2021-02-24 under BP Batam regulation24/2020. Effective date and2026 contract applicability unverified; do not use as a confirmed current tariff. | J17: 0 | K17: 10 | L17: historical_only
A18: Batam | B18: Air Batam Hilir / BP Batam | C18: 4B Industri Besar | D18: 11-20 m3/month | E18: 10500 | G18: WB003 | H18: A | I18: Historical official table posted2021-02-24 under BP Batam regulation24/2020. Effective date and2026 contract applicability unverified; do not use as a confirmed current tariff. | J18: 11 | K18: 20 | L18: historical_only
A19: Batam | B19: Air Batam Hilir / BP Batam | C19: 4B Industri Besar | D19: 21-30 m3/month | E19: 10500 | G19: WB003 | H19: A | I19: Historical official table posted2021-02-24 under BP Batam regulation24/2020. Effective date and2026 contract applicability unverified; do not use as a confirmed current tariff. | J19: 21 | K19: 30 | L19: historical_only
A20: Batam | B20: Air Batam Hilir / BP Batam | C20: 4B Industri Besar | D20: 31-40 m3/month | E20: 10500 | G20: WB003 | H20: A | I20: Historical official table posted2021-02-24 under BP Batam regulation24/2020. Effective date and2026 contract applicability unverified; do not use as a confirmed current tariff. | J20: 31 | K20: 40 | L20: historical_only
A21: Batam | B21: Air Batam Hilir / BP Batam | C21: 4B Industri Besar | D21: >40 m3/month | E21: 10500 | G21: WB003 | H21: A | I21: Historical official table posted2021-02-24 under BP Batam regulation24/2020. Effective date and2026 contract applicability unverified; do not use as a confirmed current tariff. | J21: 41 | L21: historical_only
A22: Batam | B22: Air Batam Hilir / BP Batam | C22: 4C Industri Shipyard/Maritim | D22: 0-10 m3/month | E22: 12000 | G22: WB003 | H22: A | I22: Historical official table posted2021-02-24 under BP Batam regulation24/2020. Effective date and2026 contract applicability unverified; do not use as a confirmed current tariff. | J22: 0 | K22: 10 | L22: historical_only
A23: Batam | B23: Air Batam Hilir / BP Batam | C23: 4C Industri Shipyard/Maritim | D23: 11-20 m3/month | E23: 12000 | G23: WB003 | H23: A | I23: Historical official table posted2021-02-24 under BP Batam regulation24/2020. Effective date and2026 contract applicability unverified; do not use as a confirmed current tariff. | J23: 11 | K23: 20 | L23: historical_only
A24: Batam | B24: Air Batam Hilir / BP Batam | C24: 4C Industri Shipyard/Maritim | D24: 21-30 m3/month | E24: 12000 | G24: WB003 | H24: A | I24: Historical official table posted2021-02-24 under BP Batam regulation24/2020. Effective date and2026 contract applicability unverified; do not use as a confirmed current tariff. | J24: 21 | K24: 30 | L24: historical_only
A25: Batam | B25: Air Batam Hilir / BP Batam | C25: 4C Industri Shipyard/Maritim | D25: 31-40 m3/month | E25: 12000 | G25: WB003 | H25: A | I25: Historical official table posted2021-02-24 under BP Batam regulation24/2020. Effective date and2026 contract applicability unverified; do not use as a confirmed current tariff. | J25: 31 | K25: 40 | L25: historical_only
A26: Batam | B26: Air Batam Hilir / BP Batam | C26: 4C Industri Shipyard/Maritim | D26: >40 m3/month | E26: 12000 | G26: WB003 | H26: A | I26: Historical official table posted2021-02-24 under BP Batam regulation24/2020. Effective date and2026 contract applicability unverified; do not use as a confirmed current tariff. | J26: 41 | L26: historical_only
A27: Batam | B27: Air Batam Hilir / BP Batam | C27: BATI Batamindo Industrial | D27: 0-10 m3/month | E27: 13000 | G27: WB003 | H27: A | I27: Historical official table posted2021-02-24 under BP Batam regulation24/2020. Effective date and2026 contract applicability unverified; do not use as a confirmed current tariff. | J27: 0 | K27: 10 | L27: historical_only
A28: Batam | B28: Air Batam Hilir / BP Batam | C28: BATI Batamindo Industrial | D28: 11-20 m3/month | E28: 13000 | G28: WB003 | H28: A | I28: Historical official table posted2021-02-24 under BP Batam regulation24/2020. Effective date and2026 contract applicability unverified; do not use as a confirmed current tariff. | J28: 11 | K28: 20 | L28: historical_only
A29: Batam | B29: Air Batam Hilir / BP Batam | C29: BATI Batamindo Industrial | D29: 21-30 m3/month | E29: 13000 | G29: WB003 | H29: A | I29: Historical official table posted2021-02-24 under BP Batam regulation24/2020. Effective date and2026 contract applicability unverified; do not use as a confirmed current tariff. | J29: 21 | K29: 30 | L29: historical_only
A30: Batam | B30: Air Batam Hilir / BP Batam | C30: BATI Batamindo Industrial | D30: 31-40 m3/month | E30: 13000 | G30: WB003 | H30: A | I30: Historical official table posted2021-02-24 under BP Batam regulation24/2020. Effective date and2026 contract applicability unverified; do not use as a confirmed current tariff. | J30: 31 | K30: 40 | L30: historical_only
A31: Batam | B31: Air Batam Hilir / BP Batam | C31: BATI Batamindo Industrial | D31: >40 m3/month | E31: 13000 | G31: WB003 | H31: A | I31: Historical official table posted2021-02-24 under BP Batam regulation24/2020. Effective date and2026 contract applicability unverified; do not use as a confirmed current tariff. | J31: 41 | L31: historical_only
A32: Batam | B32: Air Batam Hilir / BP Batam | C32: 3B Niaga Besar | D32: 0-10 m3/month | E32: 7350 | G32: WB003 | H32: A | I32: Historical official table posted2021-02-24 under BP Batam regulation24/2020. Effective date and2026 contract applicability unverified; do not use as a confirmed current tariff. | J32: 0 | K32: 10 | L32: historical_only
A33: Batam | B33: Air Batam Hilir / BP Batam | C33: 3B Niaga Besar | D33: 11-20 m3/month | E33: 8700 | G33: WB003 | H33: A | I33: Historical official table posted2021-02-24 under BP Batam regulation24/2020. Effective date and2026 contract applicability unverified; do not use as a confirmed current tariff. | J33: 11 | K33: 20 | L33: historical_only
A34: Batam | B34: Air Batam Hilir / BP Batam | C34: 3B Niaga Besar | D34: 21-30 m3/month | E34: 10000 | G34: WB003 | H34: A | I34: Historical official table posted2021-02-24 under BP Batam regulation24/2020. Effective date and2026 contract applicability unverified; do not use as a confirmed current tariff. | J34: 21 | K34: 30 | L34: historical_only
A35: Batam | B35: Air Batam Hilir / BP Batam | C35: 3B Niaga Besar | D35: 31-40 m3/month | E35: 12500 | G35: WB003 | H35: A | I35: Historical official table posted2021-02-24 under BP Batam regulation24/2020. Effective date and2026 contract applicability unverified; do not use as a confirmed current tariff. | J35: 31 | K35: 40 | L35: historical_only
A36: Batam | B36: Air Batam Hilir / BP Batam | C36: 3B Niaga Besar | D36: >40 m3/month | E36: 13500 | G36: WB003 | H36: A | I36: Historical official table posted2021-02-24 under BP Batam regulation24/2020. Effective date and2026 contract applicability unverified; do not use as a confirmed current tariff. | J36: 41 | L36: historical_only
A37: Cikarang / Bekasi | B37: Perumdam Tirta Bhagasasi | C37: Industri (exact subgroup not specified) | G37: WB004 | H37: A | I37: Historical industrial range12,132-16,984/m3; exact bands and current applicability absent. Null scalar avoids choosing an unsupported tariff. | L37: historical_range_only | O37: 12132 | P37: 16984
A38: Karawang | B38: Perumdam Tirta Tarum | C38: Industrial (not retrieved) | G38: WB005 | H38: A | I38: Official current industrial tariff not retrieved; null is a research gap, not a zero rate. | L38: gap

Sheet Climate
A1: location | B1: year | C1: month | D1: avg_temperature_c | E1: avg_relative_humidity_pct | F1: rainfall_mm | G1: wet_bulb_c | H1: source_id | I1: data_class | J1: station | K1: measurement_status | L1: source_locator | M1: notes
A2: Batam | B2: 2024 | C2: 1 | D2: 27 | E2: 86 | F2: 453.5 | H2: WB006 | I2: A | J2: Hang Nadim | K2: actual_station_observation | L2: Tables1.2.1/1.2.2/1.2.5; printed pp20/21/24 | M2: BMKG station observations reproduced by BPS. No campus-level observation or wet-bulb reconstruction. Monthly means cannot establish simultaneous hourly extremes. Monthly rain rows preserved although source table unit header says mm/year.
A3: Batam | B3: 2024 | C3: 2 | D3: 28.2 | E3: 80 | F3: 163.6 | H3: WB006 | I3: A | J3: Hang Nadim | K3: actual_station_observation | L3: Tables1.2.1/1.2.2/1.2.5; printed pp20/21/24 | M3: BMKG station observations reproduced by BPS. No campus-level observation or wet-bulb reconstruction. Monthly means cannot establish simultaneous hourly extremes. Monthly rain rows preserved although source table unit header says mm/year.
A4: Batam | B4: 2024 | C4: 3 | D4: 28.8 | E4: 79 | F4: 220.5 | H4: WB006 | I4: A | J4: Hang Nadim | K4: actual_station_observation | L4: Tables1.2.1/1.2.2/1.2.5; printed pp20/21/24 | M4: BMKG station observations reproduced by BPS. No campus-level observation or wet-bulb reconstruction. Monthly means cannot establish simultaneous hourly extremes. Monthly rain rows preserved although source table unit header says mm/year.
A5: Batam | B5: 2024 | C5: 4 | D5: 28.9 | E5: 82.1 | F5: 209.7 | H5: WB006 | I5: A | J5: Hang Nadim | K5: actual_station_observation | L5: Tables1.2.1/1.2.2/1.2.5; printed pp20/21/24 | M5: BMKG station observations reproduced by BPS. No campus-level observation or wet-bulb reconstruction. Monthly means cannot establish simultaneous hourly extremes. Monthly rain rows preserved although source table unit header says mm/year.
A6: Batam | B6: 2024 | C6: 5 | D6: 28.2 | E6: 87.3 | F6: 363.6 | H6: WB006 | I6: A | J6: Hang Nadim | K6: actual_station_observation | L6: Tables1.2.1/1.2.2/1.2.5; printed pp20/21/24 | M6: BMKG station observations reproduced by BPS. No campus-level observation or wet-bulb reconstruction. Monthly means cannot establish simultaneous hourly extremes. Monthly rain rows preserved although source table unit header says mm/year.
A7: Batam | B7: 2024 | C7: 6 | D7: 27.9 | E7: 85.5 | F7: 271.7 | H7: WB006 | I7: A | J7: Hang Nadim | K7: actual_station_observation | L7: Tables1.2.1/1.2.2/1.2.5; printed pp20/21/24 | M7: BMKG station observations reproduced by BPS. No campus-level observation or wet-bulb reconstruction. Monthly means cannot establish simultaneous hourly extremes. Monthly rain rows preserved although source table unit header says mm/year.
A8: Batam | B8: 2024 | C8: 7 | D8: 28.7 | E8: 81 | F8: 101.3 | H8: WB006 | I8: A | J8: Hang Nadim | K8: actual_station_observation | L8: Tables1.2.1/1.2.2/1.2.5; printed pp20/21/24 | M8: BMKG station observations reproduced by BPS. No campus-level observation or wet-bulb reconstruction. Monthly means cannot establish simultaneous hourly extremes. Monthly rain rows preserved although source table unit header says mm/year.
A9: Batam | B9: 2024 | C9: 8 | D9: 27.9 | E9: 83.7 | F9: 253.2 | H9: WB006 | I9: A | J9: Hang Nadim | K9: actual_station_observation | L9: Tables1.2.1/1.2.2/1.2.5; printed pp20/21/24 | M9: BMKG station observations reproduced by BPS. No campus-level observation or wet-bulb reconstruction. Monthly means cannot establish simultaneous hourly extremes. Monthly rain rows preserved although source table unit header says mm/year.
A10: Batam | B10: 2024 | C10: 9 | D10: 28 | E10: 84 | F10: 239.8 | H10: WB006 | I10: A | J10: Hang Nadim | K10: actual_station_observation | L10: Tables1.2.1/1.2.2/1.2.5; printed pp20/21/24 | M10: BMKG station observations reproduced by BPS. No campus-level observation or wet-bulb reconstruction. Monthly means cannot establish simultaneous hourly extremes. Monthly rain rows preserved although source table unit header says mm/year.
A11: Batam | B11: 2024 | C11: 10 | D11: 28.1 | E11: 84.3 | F11: 130.6 | H11: WB006 | I11: A | J11: Hang Nadim | K11: actual_station_observation | L11: Tables1.2.1/1.2.2/1.2.5; printed pp20/21/24 | M11: BMKG station observations reproduced by BPS. No campus-level observation or wet-bulb reconstruction. Monthly means cannot establish simultaneous hourly extremes. Monthly rain rows preserved although source table unit header says mm/year.
A12: Batam | B12: 2024 | C12: 11 | D12: 27.5 | E12: 86.6 | F12: 296.4 | H12: WB006 | I12: A | J12: Hang Nadim | K12: actual_station_observation | L12: Tables1.2.1/1.2.2/1.2.5; printed pp20/21/24 | M12: BMKG station observations reproduced by BPS. No campus-level observation or wet-bulb reconstruction. Monthly means cannot establish simultaneous hourly extremes. Monthly rain rows preserved although source table unit header says mm/year.
A13: Batam | B13: 2024 | C13: 12 | D13: 28.1 | E13: 80.3 | F13: 160.4 | H13: WB006 | I13: A | J13: Hang Nadim | K13: actual_station_observation | L13: Tables1.2.1/1.2.2/1.2.5; printed pp20/21/24 | M13: BMKG station observations reproduced by BPS. No campus-level observation or wet-bulb reconstruction. Monthly means cannot establish simultaneous hourly extremes. Monthly rain rows preserved although source table unit header says mm/year.
... A25: Jakarta | B25: 2024 | C25: 12 | D25: 28.42 | E25: 78.44 | F25: 338.7 | H25: WB007 | I25: A | J25: Kemayoran | K25: actual_station_observation | L25: Table1.2.2; printed pp30/31/34 | M25: BMKG station observations reproduced by BPS. No campus-level observation or wet-bulb reconstruction. Monthly means cannot establish simultaneous hourly extremes.
A26: Cikarang | B26: 2024 | H26: WB018 | I26: A | K26: gap_no_observation_retrieved | L26: BMKG Data Online portal | M26: Gap placeholder; no numeric observation retrieved. Does not imply absent meteorological records or zero temperature, humidity or rainfall.
A27: Karawang | B27: 2024 | H27: WB018 | I27: A | K27: gap_no_observation_retrieved | L27: BMKG Data Online portal | M27: Gap placeholder; no numeric observation retrieved. Does not imply absent meteorological records or zero temperature, humidity or rainfall.
A28: Bintan | B28: 2024 | H28: WB018 | I28: A | K28: gap_no_observation_retrieved | L28: BMKG Data Online portal | M28: Gap placeholder; no numeric observation retrieved. Does not imply absent meteorological records or zero temperature, humidity or rainfall.

Sheet PUE
A1: company | B1: facility | C1: country | D1: pue | E1: year | F1: source_id | G1: data_class | H1: notes | I1: measurement_status | J1: comparator
A2: Digital Edge | B2: EDGE1 Jakarta | C2: Indonesia | D2: 1.7 | F2: WB008 | G2: S | H2: Undated annual metric; year and actual/design status undisclosed. Conservatively treated as unverified specification, not audited annual actual. | I2: published_specification_measurement_unverified
A3: Digital Edge | B3: EDGE2 Jakarta | C3: Indonesia | D3: 1.25 | F3: WB008 | G3: S | H3: Undated annual metric differs from2025 disclosed1.24 design value. Preserve distinct source/measurement status; not a data correction. | I3: published_specification_measurement_unverified
A4: Digital Edge | B4: EDGE2 Jakarta design | C4: Indonesia | D4: 1.24 | E4: 2024 | F4: WB009 | G4: S | H4: ESG2025 review of2024; design at100%load, not observed annual PUE. Source printed p11. | I4: annualized_design_at_100pct_load
A5: Digital Edge | B5: CGK1 design | C5: Indonesia | D5: 1.25 | E5: 2025 | F5: WB010 | G5: S | H5: ESG2026 review of2025; printed p16 design criterion at100%load. | I5: annualized_design_at_100pct_load
A6: Princeton Digital Group | B6: JC1 Jakarta Cibitung | C6: Indonesia | D6: 1.95 | E6: 2021 | F6: WB011 | G6: A | H6: Historical2021 reported facility PUE; no2026 update inferred. Source ratio-description typo separately flagged; numeric table preserved. | I6: operator_reported_annual_actual
A7: Princeton Digital Group | B7: JB1 Jakarta Bintaro | C7: Indonesia | D7: 1.79 | E7: 2021 | F7: WB011 | G7: A | H7: Historical2021 reported facility PUE; no2026 update inferred. Source ratio-description typo separately flagged; numeric table preserved. | I7: operator_reported_annual_actual
A8: Princeton Digital Group | B8: PE1 Pekanbaru | C8: Indonesia | D8: 1.83 | E8: 2021 | F8: WB011 | G8: A | H8: Historical2021 reported facility PUE; no2026 update inferred. Source ratio-description typo separately flagged; numeric table preserved. | I8: operator_reported_annual_actual
A9: Princeton Digital Group | B9: SB1 Surabaya | C9: Indonesia | D9: 1.79 | E9: 2021 | F9: WB011 | G9: A | H9: Historical2021 reported facility PUE; no2026 update inferred. Source ratio-description typo separately flagged; numeric table preserved. | I9: operator_reported_annual_actual
A10: Princeton Digital Group | B10: BD1 Bandung | C10: Indonesia | D10: 1.83 | E10: 2021 | F10: WB011 | G10: A | H10: Historical2021 reported facility PUE; no2026 update inferred. Source ratio-description typo separately flagged; numeric table preserved. | I10: operator_reported_annual_actual
A11: Princeton Digital Group | B11: JC2 Cibitung design | C11: Indonesia | D11: 1.4 | E11: 2022 | F11: WB012 | G11: S | H11: Source specifies <=1.4; recorded ceiling is not measured PUE. | I11: design_ceiling | J11: <=
A12: Microsoft | B12: Global FY24 | C12: Global / Global | D12: 1.16 | E12: 2024 | F12: WB013 | G12: B | H12: NON-INDONESIAN aggregate benchmark; FYJuly-June, twelve-month operational fully-owned controlled sites. | I12: reported_fiscal_year_actual
A13: Microsoft | B13: Asia Pacific FY24 | C13: Global / Asia Pacific | D13: 1.25 | E13: 2024 | F13: WB013 | G13: B | H13: NON-INDONESIAN aggregate benchmark; FYJuly-June, twelve-month operational fully-owned controlled sites. | I13: reported_fiscal_year_actual
A14: Microsoft | B14: Global FY25 | C14: Global / Global | D14: 1.17 | E14: 2025 | F14: WB013 | G14: B | H14: NON-INDONESIAN aggregate benchmark; FYJuly-June, twelve-month operational fully-owned controlled sites. | I14: reported_fiscal_year_actual
A15: Microsoft | B15: Asia Pacific FY25 | C15: Global / Asia Pacific | D15: 1.28 | E15: 2025 | F15: WB013 | G15: B | H15: NON-INDONESIAN aggregate benchmark; FYJuly-June, twelve-month operational fully-owned controlled sites. | I15: reported_fiscal_year_actual
A16: AWS | B16: Global fleet | C16: Global | D16: 1.15 | E16: 2024 | F16: WB014 | G16: B | H16: NON-INDONESIAN global aggregate; no Indonesia allocation. | I16: reported_calendar_year_actual
A17: AWS | B17: Global fleet | C17: Global | D17: 1.14 | E17: 2025 | F17: WB014 | G17: B | H17: NON-INDONESIAN global aggregate; no Indonesia allocation. | I17: reported_calendar_year_actual

Sheet WUE
A1: company | B1: facility | C1: country | D1: wue_l_per_kwh | E1: cooling_type | F1: year | G1: source_id | H1: data_class | I1: notes | J1: water_measure | K1: denominator | L1: source_year | M1: scope | N1: measurement_status | O1: reported_unit | P1: reported_wue_value | Q1: value_precision | R1: forecast_start_year | S1: forecast_end_year
A2: Digital Edge | B2: EDGE1 Jakarta | C2: Indonesia | E2: Not disclosed | G2: WB008 | H2: S | I2: Undated webpage labels Annual WUE but gives no unit, numerator, denominator or year. Published1.082 retained in reported_wue_value; standardized L/kWh is null because the unit is unverified. Excluded as a consumptive calibration observation. | J2: water use unspecified | K2: Not disclosed | M2: EDGE1 Jakarta | N2: published_specification_definition_unverified | O2: Not disclosed | P2: 1.082
A3: Digital Edge | B3: EDGE2 Jakarta | C3: Indonesia | E3: Closed-loop hybrid cooling towers described in2025 report | G3: WB008 | H3: S | I3: Undated webpage labels Annual WUE but gives no unit, numerator, denominator or year. Published1.082 retained in reported_wue_value; standardized L/kWh is null because the unit is unverified. Excluded as a consumptive calibration observation. | J3: water use unspecified | K3: Not disclosed | M3: EDGE2 Jakarta | N3: published_specification_definition_unverified | O3: Not disclosed | P3: 1.082
A4: Microsoft | B4: Global fleet | C4: Global / Global | D4: 0.3 | F4: 2024 | G4: WB013 | H4: B | I4: NON-INDONESIAN benchmark. Cooling/humidification water use; consumption versus withdrawal not specified. FYJuly-June and twelve-month-operational owned controlled sites. | J4: water use unspecified | K4: IT electricity | L4: 2024 | M4: Global fleet | N4: reported_fiscal_year_actual
A5: Microsoft | B5: Asia Pacific fleet | C5: Global / Asia Pacific | D5: 0.03 | F5: 2024 | G5: WB013 | H5: B | I5: NON-INDONESIAN benchmark. Cooling/humidification water use; consumption versus withdrawal not specified. FYJuly-June and twelve-month-operational owned controlled sites. | J5: water use unspecified | K5: IT electricity | L5: 2024 | M5: Asia Pacific fleet | N5: reported_fiscal_year_actual
A6: Microsoft | B6: Global fleet | C6: Global / Global | D6: 0.27 | F6: 2025 | G6: WB013 | H6: B | I6: NON-INDONESIAN benchmark. Cooling/humidification water use; consumption versus withdrawal not specified. FYJuly-June and twelve-month-operational owned controlled sites. | J6: water use unspecified | K6: IT electricity | L6: 2025 | M6: Global fleet | N6: reported_fiscal_year_actual
A7: Microsoft | B7: Asia Pacific fleet | C7: Global / Asia Pacific | D7: 0.25 | F7: 2025 | G7: WB013 | H7: B | I7: NON-INDONESIAN benchmark. Cooling/humidification water use; consumption versus withdrawal not specified. FYJuly-June and twelve-month-operational owned controlled sites. | J7: water use unspecified | K7: IT electricity | L7: 2025 | M7: Asia Pacific fleet | N7: reported_fiscal_year_actual
A8: AWS | B8: Global fleet | C8: Global | D8: 0.15 | F8: 2024 | G8: WB014 | H8: B | I8: NON-INDONESIAN water withdrawn per IT-load energy. Must not substitute for evaporative consumption. | J8: withdrawal | K8: IT electricity | L8: 2024 | M8: Global fleet | N8: reported_calendar_year_actual
A9: AWS | B9: Global fleet | C9: Global | D9: 0.12 | F9: 2025 | G9: WB014 | H9: B | I9: NON-INDONESIAN water withdrawn per IT-load energy. Must not substitute for evaporative consumption. | J9: withdrawal | K9: IT electricity | L9: 2025 | M9: Global fleet | N9: reported_calendar_year_actual
A10: Google | B10: LLM-serving data centers | C10: Global | D10: 1.15 | F10: 2023 | G10: WB016 | H10: B | I10: NON-INDONESIAN freshwater Category2 WUE: input minus returned water. Supporting Google LLM inference, not a country-specific all-fleet observation. | J10: consumption | K10: IT electricity | L10: 2023 | M10: LLM-serving data centers | N10: reported_annual_actual
A11: Google | B11: LLM-serving data centers | C11: Global | D11: 1.15 | F11: 2024 | G11: WB016 | H11: B | I11: NON-INDONESIAN freshwater Category2 WUE: input minus returned water. Supporting Google LLM inference, not a country-specific all-fleet observation. | J11: consumption | K11: IT electricity | L11: 2024 | M11: LLM-serving data centers | N11: reported_annual_actual
A12: LBNL | B12: Modeled US data center aggregate | C12: United States | D12: 0.36 | F12: 2023 | G12: WB017 | H12: B | I12: NON-INDONESIAN modeled value described as just over0.36. Rounded anchor, not an exact metered observation. | J12: consumption | K12: IT electricity | L12: 2023 | M12: Modeled US data center aggregate | N12: modeled_approximate_aggregate | Q12: approximate
A13: LBNL | B13: Modeled US future aggregate lower end | C13: United States | D13: 0.45 | G13: WB017 | H13: B | I13: NON-INDONESIAN projected aggregate site WUE lower end of0.45-0.48; future horizon in report2024-2028, not Indonesian forecast. | J13: consumption | K13: IT electricity | L13: 2024 | M13: Modeled US future aggregate lower end | N13: modeled_forecast_range | R13: 2024 | S13: 2028
A14: LBNL | B14: Modeled US future aggregate upper end | C14: United States | D14: 0.48 | G14: WB017 | H14: B | I14: NON-INDONESIAN projected aggregate site WUE upper end of0.45-0.48; future horizon in report2024-2028, not Indonesian forecast. | J14: consumption | K14: IT electricity | L14: 2024 | M14: Modeled US future aggregate upper end | N14: modeled_forecast_range | R14: 2024 | S14: 2028

Sheet AI Hardware
A1: hardware | B1: tdp_watts | C1: typical_server_configuration | D1: estimated_server_power_kw | E1: rack_density_kw | F1: cooling_requirement | G1: source_id | H1: data_class | I1: notes | J1: server_max_power_kw | K1: measurement_status | L1: gpu_count | M1: listed_system_power_kw | N1: cpu_count | O1: secondary_source_id | P1: rated_rack_power_kw
A2: NVIDIA H100 SXM | B2: 700 | C2: GPU component; commonly8GPUs in DGX H100 | F2: Air-cooled DGX reference; final facility heat rejection separate | G2: WB019 | H2: B | I2: NON-INDONESIAN manufacturer specification. Up to700W configurable GPU TDP; host and cooling excluded. | K2: manufacturer_design_rating
A3: NVIDIA H200 SXM | B3: 700 | C3: GPU component;4or8 in HGX H200 /8 in DGX | F3: Air-cooled DGX reference; final facility heat rejection separate | G3: WB020 | H3: B | I3: NON-INDONESIAN manufacturer specification. SXM700W; NVL600W is a distinct product. No measured server average inferred. | K3: manufacturer_design_rating
A4: NVIDIA H200 NVL | B4: 600 | C4: GPU component; variable multi-GPU configurations | F4: Air cooled enterprise reference | G4: WB020 | H4: B | I4: NON-INDONESIAN manufacturer specification. Configurable600W max; do not mix with SXM700W. | K4: manufacturer_design_rating
A5: NVIDIA DGX H100 / H200 | C5: Whole server:8H100or8H200 GPUs | F5: Air cooled; chassis5-30C operating specification | G5: WB021 | H5: B | I5: NON-INDONESIAN manufacturer specification. Whole-server maximum10.2kW; not eight-GPU TDP sum. PSU installed capacity excluded. | J5: 10.2 | K5: manufacturer_design_rating | L5: 8
A6: NVIDIA B200 GPU | B6: 1000 | C6: GPU component in HGX B200 / DGX B200 | F6: Depends on system configuration; DGX B200 air cooled | G6: WB023 | H6: B | I6: NON-INDONESIAN manufacturer specification. Maximum GPU TDP from technical brief Table3 p26; different from whole-server power. | K6: manufacturer_design_rating
A7: NVIDIA DGX B200 | C7: Whole server:8B200 GPUs | F7: Air cooled | G7: WB022 | H7: B | I7: NON-INDONESIAN manufacturer specification. Maximum14.3kW system power; no average draw or rack configuration assumed. | J7: 14.3 | K7: manufacturer_design_rating | L7: 8
A8: NVIDIA B300 GPU (HGX) | B8: 1100 | C8: GPU component in HGX B300 / DGX B300 | F8: Depends on reference platform; DGX air cooled | G8: WB023 | H8: B | I8: NON-INDONESIAN manufacturer specification. MaximumTDP1100W. GB300 NVL72 per-GPU1400W is a different configuration. | K8: manufacturer_design_rating
A9: NVIDIA DGX B300 | C9: Whole server:8B300 GPUs | F9: Air cooled | G9: WB024 | H9: B | I9: NON-INDONESIAN manufacturer specification. Power specifications maximum15kW; physical specification lists14.5kW power consumption separately; no average inferred. | J9: 15 | K9: manufacturer_design_rating | L9: 8 | M9: 14.5
A10: NVIDIA GB200 NVL72 | C10: Rack-scale reference:72Blackwell GPUs and36Grace CPUs | E10: 120 | F10: Direct liquid cooling to compute/switch trays; final heat rejection separate | G10: WB025 | H10: B | I10: NON-INDONESIAN manufacturer specification. Rack power density120kW is not a GPU rating or single-server maximum. Configuration corroborated by WB026. | K10: manufacturer_design_rating | L10: 72 | N10: 36 | O10: WB026 | P10: 120
A11: NVIDIA GB300 NVL72 GPU | B11: 1400 | C11: GPU component in72GPU NVL72 rack-scale system | F11: Direct liquid cooling reference | G11: WB027 | H11: B | I11: NON-INDONESIAN manufacturer specification. Maximum per-GPU1400W; no verified rack electrical total inferred from summing GPU power. | K11: manufacturer_design_rating

Sheet Scenario Model
A2: Annual electricity, water and resource costs
A3: IT MW × electrical utilization × annual hours gives IT MWh. PUE gives facility energy. Direct consumptive water uses WUE per IT kWh. Costs cover energy and the Jakarta water proxy.
A5: Case | B5: IT capacity (MW) | C5: Electrical utilization | D5: PUE (facility/IT) | E5: WUE (L/IT kWh) | F5: Electricity (Rp/kWh) | G5: Water (Rp/m³) | H5: Hours/year | I5: IT electricity (MWh/year) | J5: Facility electricity (MWh/year) | K5: Facility electricity (TWh/year) | L5: Average facility load (MW) | M5: Full IT load facility power (MW) | N5: Direct water (m³/year) | O5: Direct water (m³/day) | P5: Electricity cost (Rp/year) | Q5: Water cost (Rp/year) | R5: Total resource cost (Rp/year) | S5: Electricity cost share | T5: Water cost share | U5: Data class | V5: Scope / notes
A6: Low | B6: =IF(ISNUMBER('Assumptions'!$B$32),'Assumptions'!$B$32,"Missing input") -> 10 | C6: =IF(ISNUMBER('Assumptions'!C7),'Assumptions'!C7,"Missing input") -> 0.6 | D6: =IF(ISNUMBER('Assumptions'!C8),'Assumptions'!C8,"Missing input") -> 1.2 | E6: =IF(ISNUMBER('Assumptions'!C9),'Assumptions'!C9,"Missing input") -> 0 | F6: =IF(ISNUMBER('Assumptions'!$B$18),'Assumptions'!$B$18,"Missing input") -> 996.74 | G6: =IF(ISNUMBER('Assumptions'!$B$19),'Assumptions'!$B$19,"Missing input") -> 21500 | H6: =IF(ISNUMBER('Assumptions'!$B$17),'Assumptions'!$B$17,"Missing input") -> 8760 | I6: =IF(COUNT(B6,C6,H6)=3,B6*C6*H6,"Missing input") -> 52560 | J6: =IF(COUNT(I6,D6)=2,I6*D6,"Missing input") -> 63072 | K6: =IF(COUNT(J6)=1,J6/1000000,"Missing input") -> 0.063072 | L6: =IF(COUNT(J6,H6)=2,J6/H6,"Missing input") -> 7.2 | M6: =IF(COUNT(B6,D6)=2,B6*D6,"Missing input") -> 12 | N6: =IF(COUNT(I6,E6)=2,I6*1000*E6/1000,"Missing input") -> 0 | O6: =IF(COUNT(N6)=1,N6/365,"Missing input") -> 0 | P6: =IF(COUNT(J6,F6)=2,J6*1000*F6,"Missing input") -> 62866385280 | Q6: =IF(COUNT(N6,G6)=2,N6*G6,"Missing input") -> 0 | R6: =IF(COUNT(P6,Q6)=2,SUM(P6:Q6),"Missing input") -> 62866385280 | S6: =IF(COUNT(P6,R6)=2,IF(R6=0,"n.a.",P6/R6),"Missing input") -> 1 | T6: =IF(COUNT(Q6,R6)=2,IF(R6=0,"n.a.",Q6/R6),"Missing input") -> 0 | U6: S | V6: Expansion scenario
A7: Base | B7: =IF(ISNUMBER('Assumptions'!$B$32),'Assumptions'!$B$32,"Missing input") -> 10 | C7: =IF(ISNUMBER('Assumptions'!D7),'Assumptions'!D7,"Missing input") -> 0.8 | D7: =IF(ISNUMBER('Assumptions'!D8),'Assumptions'!D8,"Missing input") -> 1.3 | E7: =IF(ISNUMBER('Assumptions'!D9),'Assumptions'!D9,"Missing input") -> 0.5 | F7: =IF(ISNUMBER('Assumptions'!$B$18),'Assumptions'!$B$18,"Missing input") -> 996.74 | G7: =IF(ISNUMBER('Assumptions'!$B$19),'Assumptions'!$B$19,"Missing input") -> 21500 | H7: =IF(ISNUMBER('Assumptions'!$B$17),'Assumptions'!$B$17,"Missing input") -> 8760 | I7: =IF(COUNT(B7,C7,H7)=3,B7*C7*H7,"Missing input") -> 70080 | J7: =IF(COUNT(I7,D7)=2,I7*D7,"Missing input") -> 91104 | K7: =IF(COUNT(J7)=1,J7/1000000,"Missing input") -> 0.091104 | L7: =IF(COUNT(J7,H7)=2,J7/H7,"Missing input") -> 10.4 | M7: =IF(COUNT(B7,D7)=2,B7*D7,"Missing input") -> 13 | N7: =IF(COUNT(I7,E7)=2,I7*1000*E7/1000,"Missing input") -> 35040 | O7: =IF(COUNT(N7)=1,N7/365,"Missing input") -> 96 | P7: =IF(COUNT(J7,F7)=2,J7*1000*F7,"Missing input") -> 90807000960 | Q7: =IF(COUNT(N7,G7)=2,N7*G7,"Missing input") -> 753360000 | R7: =IF(COUNT(P7,Q7)=2,SUM(P7:Q7),"Missing input") -> 91560360960 | S7: =IF(COUNT(P7,R7)=2,IF(R7=0,"n.a.",P7/R7),"Missing input") -> 0.99177199 | T7: =IF(COUNT(Q7,R7)=2,IF(R7=0,"n.a.",Q7/R7),"Missing input") -> 0.0082280147 | U7: S | V7: Expansion scenario
A8: High | B8: =IF(ISNUMBER('Assumptions'!$B$32),'Assumptions'!$B$32,"Missing input") -> 10 | C8: =IF(ISNUMBER('Assumptions'!E7),'Assumptions'!E7,"Missing input") -> 0.95 | D8: =IF(ISNUMBER('Assumptions'!E8),'Assumptions'!E8,"Missing input") -> 1.5 | E8: =IF(ISNUMBER('Assumptions'!E9),'Assumptions'!E9,"Missing input") -> 1.5 | F8: =IF(ISNUMBER('Assumptions'!$B$18),'Assumptions'!$B$18,"Missing input") -> 996.74 | G8: =IF(ISNUMBER('Assumptions'!$B$19),'Assumptions'!$B$19,"Missing input") -> 21500 | H8: =IF(ISNUMBER('Assumptions'!$B$17),'Assumptions'!$B$17,"Missing input") -> 8760 | I8: =IF(COUNT(B8,C8,H8)=3,B8*C8*H8,"Missing input") -> 83220 | J8: =IF(COUNT(I8,D8)=2,I8*D8,"Missing input") -> 124830 | K8: =IF(COUNT(J8)=1,J8/1000000,"Missing input") -> 0.12483 | L8: =IF(COUNT(J8,H8)=2,J8/H8,"Missing input") -> 14.25 | M8: =IF(COUNT(B8,D8)=2,B8*D8,"Missing input") -> 15 | N8: =IF(COUNT(I8,E8)=2,I8*1000*E8/1000,"Missing input") -> 124830 | O8: =IF(COUNT(N8)=1,N8/365,"Missing input") -> 342 | P8: =IF(COUNT(J8,F8)=2,J8*1000*F8,"Missing input") -> 124423054200 | Q8: =IF(COUNT(N8,G8)=2,N8*G8,"Missing input") -> 2683845000 | R8: =IF(COUNT(P8,Q8)=2,SUM(P8:Q8),"Missing input") -> 127106899200 | S8: =IF(COUNT(P8,R8)=2,IF(R8=0,"n.a.",P8/R8),"Missing input") -> 0.97888514 | T8: =IF(COUNT(Q8,R8)=2,IF(R8=0,"n.a.",Q8/R8),"Missing input") -> 0.021114865 | U8: S | V8: Expansion scenario
A9: Low | B9: =IF(ISNUMBER('Assumptions'!$B$33),'Assumptions'!$B$33,"Missing input") -> 50 | C9: =IF(ISNUMBER('Assumptions'!C7),'Assumptions'!C7,"Missing input") -> 0.6 | D9: =IF(ISNUMBER('Assumptions'!C8),'Assumptions'!C8,"Missing input") -> 1.2 | E9: =IF(ISNUMBER('Assumptions'!C9),'Assumptions'!C9,"Missing input") -> 0 | F9: =IF(ISNUMBER('Assumptions'!$B$18),'Assumptions'!$B$18,"Missing input") -> 996.74 | G9: =IF(ISNUMBER('Assumptions'!$B$19),'Assumptions'!$B$19,"Missing input") -> 21500 | H9: =IF(ISNUMBER('Assumptions'!$B$17),'Assumptions'!$B$17,"Missing input") -> 8760 | I9: =IF(COUNT(B9,C9,H9)=3,B9*C9*H9,"Missing input") -> 262800 | J9: =IF(COUNT(I9,D9)=2,I9*D9,"Missing input") -> 315360 | K9: =IF(COUNT(J9)=1,J9/1000000,"Missing input") -> 0.31536 | L9: =IF(COUNT(J9,H9)=2,J9/H9,"Missing input") -> 36 | M9: =IF(COUNT(B9,D9)=2,B9*D9,"Missing input") -> 60 | N9: =IF(COUNT(I9,E9)=2,I9*1000*E9/1000,"Missing input") -> 0 | O9: =IF(COUNT(N9)=1,N9/365,"Missing input") -> 0 | P9: =IF(COUNT(J9,F9)=2,J9*1000*F9,"Missing input") -> 314331926400 | Q9: =IF(COUNT(N9,G9)=2,N9*G9,"Missing input") -> 0 | R9: =IF(COUNT(P9,Q9)=2,SUM(P9:Q9),"Missing input") -> 314331926400 | S9: =IF(COUNT(P9,R9)=2,IF(R9=0,"n.a.",P9/R9),"Missing input") -> 1 | T9: =IF(COUNT(Q9,R9)=2,IF(R9=0,"n.a.",Q9/R9),"Missing input") -> 0 | U9: S | V9: Expansion scenario
A10: Base | B10: =IF(ISNUMBER('Assumptions'!$B$33),'Assumptions'!$B$33,"Missing input") -> 50 | C10: =IF(ISNUMBER('Assumptions'!D7),'Assumptions'!D7,"Missing input") -> 0.8 | D10: =IF(ISNUMBER('Assumptions'!D8),'Assumptions'!D8,"Missing input") -> 1.3 | E10: =IF(ISNUMBER('Assumptions'!D9),'Assumptions'!D9,"Missing input") -> 0.5 | F10: =IF(ISNUMBER('Assumptions'!$B$18),'Assumptions'!$B$18,"Missing input") -> 996.74 | G10: =IF(ISNUMBER('Assumptions'!$B$19),'Assumptions'!$B$19,"Missing input") -> 21500 | H10: =IF(ISNUMBER('Assumptions'!$B$17),'Assumptions'!$B$17,"Missing input") -> 8760 | I10: =IF(COUNT(B10,C10,H10)=3,B10*C10*H10,"Missing input") -> 350400 | J10: =IF(COUNT(I10,D10)=2,I10*D10,"Missing input") -> 455520 | K10: =IF(COUNT(J10)=1,J10/1000000,"Missing input") -> 0.45552 | L10: =IF(COUNT(J10,H10)=2,J10/H10,"Missing input") -> 52 | M10: =IF(COUNT(B10,D10)=2,B10*D10,"Missing input") -> 65 | N10: =IF(COUNT(I10,E10)=2,I10*1000*E10/1000,"Missing input") -> 175200 | O10: =IF(COUNT(N10)=1,N10/365,"Missing input") -> 480 | P10: =IF(COUNT(J10,F10)=2,J10*1000*F10,"Missing input") -> 454035004800 | Q10: =IF(COUNT(N10,G10)=2,N10*G10,"Missing input") -> 3766800000 | R10: =IF(COUNT(P10,Q10)=2,SUM(P10:Q10),"Missing input") -> 457801804800 | S10: =IF(COUNT(P10,R10)=2,IF(R10=0,"n.a.",P10/R10),"Missing input") -> 0.99177199 | T10: =IF(COUNT(Q10,R10)=2,IF(R10=0,"n.a.",Q10/R10),"Missing input") -> 0.0082280147 | U10: S | V10: Expansion scenario
A11: High | B11: =IF(ISNUMBER('Assumptions'!$B$33),'Assumptions'!$B$33,"Missing input") -> 50 | C11: =IF(ISNUMBER('Assumptions'!E7),'Assumptions'!E7,"Missing input") -> 0.95 | D11: =IF(ISNUMBER('Assumptions'!E8),'Assumptions'!E8,"Missing input") -> 1.5 | E11: =IF(ISNUMBER('Assumptions'!E9),'Assumptions'!E9,"Missing input") -> 1.5 | F11: =IF(ISNUMBER('Assumptions'!$B$18),'Assumptions'!$B$18,"Missing input") -> 996.74 | G11: =IF(ISNUMBER('Assumptions'!$B$19),'Assumptions'!$B$19,"Missing input") -> 21500 | H11: =IF(ISNUMBER('Assumptions'!$B$17),'Assumptions'!$B$17,"Missing input") -> 8760 | I11: =IF(COUNT(B11,C11,H11)=3,B11*C11*H11,"Missing input") -> 416100 | J11: =IF(COUNT(I11,D11)=2,I11*D11,"Missing input") -> 624150 | K11: =IF(COUNT(J11)=1,J11/1000000,"Missing input") -> 0.62415 | L11: =IF(COUNT(J11,H11)=2,J11/H11,"Missing input") -> 71.25 | M11: =IF(COUNT(B11,D11)=2,B11*D11,"Missing input") -> 75 | N11: =IF(COUNT(I11,E11)=2,I11*1000*E11/1000,"Missing input") -> 624150 | O11: =IF(COUNT(N11)=1,N11/365,"Missing input") -> 1710 | P11: =IF(COUNT(J11,F11)=2,J11*1000*F11,"Missing input") -> 622115271000 | Q11: =IF(COUNT(N11,G11)=2,N11*G11,"Missing input") -> 13419225000 | R11: =IF(COUNT(P11,Q11)=2,SUM(P11:Q11),"Missing input") -> 635534496000 | S11: =IF(COUNT(P11,R11)=2,IF(R11=0,"n.a.",P11/R11),"Missing input") -> 0.97888514 | T11: =IF(COUNT(Q11,R11)=2,IF(R11=0,"n.a.",Q11/R11),"Missing input") -> 0.021114865 | U11: S | V11: Expansion scenario
A12: Low | B12: =IF(ISNUMBER('Assumptions'!$B$34),'Assumptions'!$B$34,"Missing input") -> 100 | C12: =IF(ISNUMBER('Assumptions'!C7),'Assumptions'!C7,"Missing input") -> 0.6 | D12: =IF(ISNUMBER('Assumptions'!C8),'Assumptions'!C8,"Missing input") -> 1.2 | E12: =IF(ISNUMBER('Assumptions'!C9),'Assumptions'!C9,"Missing input") -> 0 | F12: =IF(ISNUMBER('Assumptions'!$B$18),'Assumptions'!$B$18,"Missing input") -> 996.74 | G12: =IF(ISNUMBER('Assumptions'!$B$19),'Assumptions'!$B$19,"Missing input") -> 21500 | H12: =IF(ISNUMBER('Assumptions'!$B$17),'Assumptions'!$B$17,"Missing input") -> 8760 | I12: =IF(COUNT(B12,C12,H12)=3,B12*C12*H12,"Missing input") -> 525600 | J12: =IF(COUNT(I12,D12)=2,I12*D12,"Missing input") -> 630720 | K12: =IF(COUNT(J12)=1,J12/1000000,"Missing input") -> 0.63072 | L12: =IF(COUNT(J12,H12)=2,J12/H12,"Missing input") -> 72 | M12: =IF(COUNT(B12,D12)=2,B12*D12,"Missing input") -> 120 | N12: =IF(COUNT(I12,E12)=2,I12*1000*E12/1000,"Missing input") -> 0 | O12: =IF(COUNT(N12)=1,N12/365,"Missing input") -> 0 | P12: =IF(COUNT(J12,F12)=2,J12*1000*F12,"Missing input") -> 628663852800 | Q12: =IF(COUNT(N12,G12)=2,N12*G12,"Missing input") -> 0 | R12: =IF(COUNT(P12,Q12)=2,SUM(P12:Q12),"Missing input") -> 628663852800 | S12: =IF(COUNT(P12,R12)=2,IF(R12=0,"n.a.",P12/R12),"Missing input") -> 1 | T12: =IF(COUNT(Q12,R12)=2,IF(R12=0,"n.a.",Q12/R12),"Missing input") -> 0 | U12: S | V12: Expansion scenario
A13: Base | B13: =IF(ISNUMBER('Assumptions'!$B$34),'Assumptions'!$B$34,"Missing input") -> 100 | C13: =IF(ISNUMBER('Assumptions'!D7),'Assumptions'!D7,"Missing input") -> 0.8 | D13: =IF(ISNUMBER('Assumptions'!D8),'Assumptions'!D8,"Missing input") -> 1.3 | E13: =IF(ISNUMBER('Assumptions'!D9),'Assumptions'!D9,"Missing input") -> 0.5 | F13: =IF(ISNUMBER('Assumptions'!$B$18),'Assumptions'!$B$18,"Missing input") -> 996.74 | G13: =IF(ISNUMBER('Assumptions'!$B$19),'Assumptions'!$B$19,"Missing input") -> 21500 | H13: =IF(ISNUMBER('Assumptions'!$B$17),'Assumptions'!$B$17,"Missing input") -> 8760 | I13: =IF(COUNT(B13,C13,H13)=3,B13*C13*H13,"Missing input") -> 700800 | J13: =IF(COUNT(I13,D13)=2,I13*D13,"Missing input") -> 911040 | K13: =IF(COUNT(J13)=1,J13/1000000,"Missing input") -> 0.91104 | L13: =IF(COUNT(J13,H13)=2,J13/H13,"Missing input") -> 104 | M13: =IF(COUNT(B13,D13)=2,B13*D13,"Missing input") -> 130 | N13: =IF(COUNT(I13,E13)=2,I13*1000*E13/1000,"Missing input") -> 350400 | O13: =IF(COUNT(N13)=1,N13/365,"Missing input") -> 960 | P13: =IF(COUNT(J13,F13)=2,J13*1000*F13,"Missing input") -> 908070009600 | Q13: =IF(COUNT(N13,G13)=2,N13*G13,"Missing input") -> 7533600000 | R13: =IF(COUNT(P13,Q13)=2,SUM(P13:Q13),"Missing input") -> 915603609600 | S13: =IF(COUNT(P13,R13)=2,IF(R13=0,"n.a.",P13/R13),"Missing input") -> 0.99177199 | T13: =IF(COUNT(Q13,R13)=2,IF(R13=0,"n.a.",Q13/R13),"Missing input") -> 0.0082280147 | U13: S | V13: Expansion scenario
A14: High | B14: =IF(ISNUMBER('Assumptions'!$B$34),'Assumptions'!$B$34,"Missing input") -> 100 | C14: =IF(ISNUMBER('Assumptions'!E7),'Assumptions'!E7,"Missing input") -> 0.95 | D14: =IF(ISNUMBER('Assumptions'!E8),'Assumptions'!E8,"Missing input") -> 1.5 | E14: =IF(ISNUMBER('Assumptions'!E9),'Assumptions'!E9,"Missing input") -> 1.5 | F14: =IF(ISNUMBER('Assumptions'!$B$18),'Assumptions'!$B$18,"Missing input") -> 996.74 | G14: =IF(ISNUMBER('Assumptions'!$B$19),'Assumptions'!$B$19,"Missing input") -> 21500 | H14: =IF(ISNUMBER('Assumptions'!$B$17),'Assumptions'!$B$17,"Missing input") -> 8760 | I14: =IF(COUNT(B14,C14,H14)=3,B14*C14*H14,"Missing input") -> 832200 | J14: =IF(COUNT(I14,D14)=2,I14*D14,"Missing input") -> 1248300 | K14: =IF(COUNT(J14)=1,J14/1000000,"Missing input") -> 1.2483 | L14: =IF(COUNT(J14,H14)=2,J14/H14,"Missing input") -> 142.5 | M14: =IF(COUNT(B14,D14)=2,B14*D14,"Missing input") -> 150 | N14: =IF(COUNT(I14,E14)=2,I14*1000*E14/1000,"Missing input") -> 1248300 | O14: =IF(COUNT(N14)=1,N14/365,"Missing input") -> 3420 | P14: =IF(COUNT(J14,F14)=2,J14*1000*F14,"Missing input") -> 1244230542000 | Q14: =IF(COUNT(N14,G14)=2,N14*G14,"Missing input") -> 26838450000 | R14: =IF(COUNT(P14,Q14)=2,SUM(P14:Q14),"Missing input") -> 1271068992000 | S14: =IF(COUNT(P14,R14)=2,IF(R14=0,"n.a.",P14/R14),"Missing input") -> 0.97888514 | T14: =IF(COUNT(Q14,R14)=2,IF(R14=0,"n.a.",Q14/R14),"Missing input") -> 0.021114865 | U14: S | V14: Expansion scenario
A15: Low | B15: =IF(ISNUMBER('Assumptions'!$B$35),'Assumptions'!$B$35,"Missing input") -> 500 | C15: =IF(ISNUMBER('Assumptions'!C7),'Assumptions'!C7,"Missing input") -> 0.6 | D15: =IF(ISNUMBER('Assumptions'!C8),'Assumptions'!C8,"Missing input") -> 1.2 | E15: =IF(ISNUMBER('Assumptions'!C9),'Assumptions'!C9,"Missing input") -> 0 | F15: =IF(ISNUMBER('Assumptions'!$B$18),'Assumptions'!$B$18,"Missing input") -> 996.74 | G15: =IF(ISNUMBER('Assumptions'!$B$19),'Assumptions'!$B$19,"Missing input") -> 21500 | H15: =IF(ISNUMBER('Assumptions'!$B$17),'Assumptions'!$B$17,"Missing input") -> 8760 | I15: =IF(COUNT(B15,C15,H15)=3,B15*C15*H15,"Missing input") -> 2628000 | J15: =IF(COUNT(I15,D15)=2,I15*D15,"Missing input") -> 3153600 | K15: =IF(COUNT(J15)=1,J15/1000000,"Missing input") -> 3.1536 | L15: =IF(COUNT(J15,H15)=2,J15/H15,"Missing input") -> 360 | M15: =IF(COUNT(B15,D15)=2,B15*D15,"Missing input") -> 600 | N15: =IF(COUNT(I15,E15)=2,I15*1000*E15/1000,"Missing input") -> 0 | O15: =IF(COUNT(N15)=1,N15/365,"Missing input") -> 0 | P15: =IF(COUNT(J15,F15)=2,J15*1000*F15,"Missing input") -> 3143319264000 | Q15: =IF(COUNT(N15,G15)=2,N15*G15,"Missing input") -> 0 | R15: =IF(COUNT(P15,Q15)=2,SUM(P15:Q15),"Missing input") -> 3143319264000 | S15: =IF(COUNT(P15,R15)=2,IF(R15=0,"n.a.",P15/R15),"Missing input") -> 1 | T15: =IF(COUNT(Q15,R15)=2,IF(R15=0,"n.a.",Q15/R15),"Missing input") -> 0 | U15: S | V15: Expansion scenario
A16: Base | B16: =IF(ISNUMBER('Assumptions'!$B$35),'Assumptions'!$B$35,"Missing input") -> 500 | C16: =IF(ISNUMBER('Assumptions'!D7),'Assumptions'!D7,"Missing input") -> 0.8 | D16: =IF(ISNUMBER('Assumptions'!D8),'Assumptions'!D8,"Missing input") -> 1.3 | E16: =IF(ISNUMBER('Assumptions'!D9),'Assumptions'!D9,"Missing input") -> 0.5 | F16: =IF(ISNUMBER('Assumptions'!$B$18),'Assumptions'!$B$18,"Missing input") -> 996.74 | G16: =IF(ISNUMBER('Assumptions'!$B$19),'Assumptions'!$B$19,"Missing input") -> 21500 | H16: =IF(ISNUMBER('Assumptions'!$B$17),'Assumptions'!$B$17,"Missing input") -> 8760 | I16: =IF(COUNT(B16,C16,H16)=3,B16*C16*H16,"Missing input") -> 3504000 | J16: =IF(COUNT(I16,D16)=2,I16*D16,"Missing input") -> 4555200 | K16: =IF(COUNT(J16)=1,J16/1000000,"Missing input") -> 4.5552 | L16: =IF(COUNT(J16,H16)=2,J16/H16,"Missing input") -> 520 | M16: =IF(COUNT(B16,D16)=2,B16*D16,"Missing input") -> 650 | N16: =IF(COUNT(I16,E16)=2,I16*1000*E16/1000,"Missing input") -> 1752000 | O16: =IF(COUNT(N16)=1,N16/365,"Missing input") -> 4800 | P16: =IF(COUNT(J16,F16)=2,J16*1000*F16,"Missing input") -> 4540350048000 | Q16: =IF(COUNT(N16,G16)=2,N16*G16,"Missing input") -> 37668000000 | R16: =IF(COUNT(P16,Q16)=2,SUM(P16:Q16),"Missing input") -> 4578018048000 | S16: =IF(COUNT(P16,R16)=2,IF(R16=0,"n.a.",P16/R16),"Missing input") -> 0.99177199 | T16: =IF(COUNT(Q16,R16)=2,IF(R16=0,"n.a.",Q16/R16),"Missing input") -> 0.0082280147 | U16: S | V16: Expansion scenario
A17: High | B17: =IF(ISNUMBER('Assumptions'!$B$35),'Assumptions'!$B$35,"Missing input") -> 500 | C17: =IF(ISNUMBER('Assumptions'!E7),'Assumptions'!E7,"Missing input") -> 0.95 | D17: =IF(ISNUMBER('Assumptions'!E8),'Assumptions'!E8,"Missing input") -> 1.5 | E17: =IF(ISNUMBER('Assumptions'!E9),'Assumptions'!E9,"Missing input") -> 1.5 | F17: =IF(ISNUMBER('Assumptions'!$B$18),'Assumptions'!$B$18,"Missing input") -> 996.74 | G17: =IF(ISNUMBER('Assumptions'!$B$19),'Assumptions'!$B$19,"Missing input") -> 21500 | H17: =IF(ISNUMBER('Assumptions'!$B$17),'Assumptions'!$B$17,"Missing input") -> 8760 | I17: =IF(COUNT(B17,C17,H17)=3,B17*C17*H17,"Missing input") -> 4161000 | J17: =IF(COUNT(I17,D17)=2,I17*D17,"Missing input") -> 6241500 | K17: =IF(COUNT(J17)=1,J17/1000000,"Missing input") -> 6.2415 | L17: =IF(COUNT(J17,H17)=2,J17/H17,"Missing input") -> 712.5 | M17: =IF(COUNT(B17,D17)=2,B17*D17,"Missing input") -> 750 | N17: =IF(COUNT(I17,E17)=2,I17*1000*E17/1000,"Missing input") -> 6241500 | O17: =IF(COUNT(N17)=1,N17/365,"Missing input") -> 17100 | P17: =IF(COUNT(J17,F17)=2,J17*1000*F17,"Missing input") -> 6221152710000 | Q17: =IF(COUNT(N17,G17)=2,N17*G17,"Missing input") -> 134192250000 | R17: =IF(COUNT(P17,Q17)=2,SUM(P17:Q17),"Missing input") -> 6355344960000 | S17: =IF(COUNT(P17,R17)=2,IF(R17=0,"n.a.",P17/R17),"Missing input") -> 0.97888514 | T17: =IF(COUNT(Q17,R17)=2,IF(R17=0,"n.a.",Q17/R17),"Missing input") -> 0.021114865 | U17: S | V17: Expansion scenario
A18: Low | B18: =IF(ISNUMBER('Assumptions'!$B$36),'Assumptions'!$B$36,"Missing input") -> 1000 | C18: =IF(ISNUMBER('Assumptions'!C7),'Assumptions'!C7,"Missing input") -> 0.6 | D18: =IF(ISNUMBER('Assumptions'!C8),'Assumptions'!C8,"Missing input") -> 1.2 | E18: =IF(ISNUMBER('Assumptions'!C9),'Assumptions'!C9,"Missing input") -> 0 | F18: =IF(ISNUMBER('Assumptions'!$B$18),'Assumptions'!$B$18,"Missing input") -> 996.74 | G18: =IF(ISNUMBER('Assumptions'!$B$19),'Assumptions'!$B$19,"Missing input") -> 21500 | H18: =IF(ISNUMBER('Assumptions'!$B$17),'Assumptions'!$B$17,"Missing input") -> 8760 | I18: =IF(COUNT(B18,C18,H18)=3,B18*C18*H18,"Missing input") -> 5256000 | J18: =IF(COUNT(I18,D18)=2,I18*D18,"Missing input") -> 6307200 | K18: =IF(COUNT(J18)=1,J18/1000000,"Missing input") -> 6.3072 | L18: =IF(COUNT(J18,H18)=2,J18/H18,"Missing input") -> 720 | M18: =IF(COUNT(B18,D18)=2,B18*D18,"Missing input") -> 1200 | N18: =IF(COUNT(I18,E18)=2,I18*1000*E18/1000,"Missing input") -> 0 | O18: =IF(COUNT(N18)=1,N18/365,"Missing input") -> 0 | P18: =IF(COUNT(J18,F18)=2,J18*1000*F18,"Missing input") -> 6286638528000 | Q18: =IF(COUNT(N18,G18)=2,N18*G18,"Missing input") -> 0 | R18: =IF(COUNT(P18,Q18)=2,SUM(P18:Q18),"Missing input") -> 6286638528000 | S18: =IF(COUNT(P18,R18)=2,IF(R18=0,"n.a.",P18/R18),"Missing input") -> 1 | T18: =IF(COUNT(Q18,R18)=2,IF(R18=0,"n.a.",Q18/R18),"Missing input") -> 0 | U18: S | V18: Expansion scenario
A19: Base | B19: =IF(ISNUMBER('Assumptions'!$B$36),'Assumptions'!$B$36,"Missing input") -> 1000 | C19: =IF(ISNUMBER('Assumptions'!D7),'Assumptions'!D7,"Missing input") -> 0.8 | D19: =IF(ISNUMBER('Assumptions'!D8),'Assumptions'!D8,"Missing input") -> 1.3 | E19: =IF(ISNUMBER('Assumptions'!D9),'Assumptions'!D9,"Missing input") -> 0.5 | F19: =IF(ISNUMBER('Assumptions'!$B$18),'Assumptions'!$B$18,"Missing input") -> 996.74 | G19: =IF(ISNUMBER('Assumptions'!$B$19),'Assumptions'!$B$19,"Missing input") -> 21500 | H19: =IF(ISNUMBER('Assumptions'!$B$17),'Assumptions'!$B$17,"Missing input") -> 8760 | I19: =IF(COUNT(B19,C19,H19)=3,B19*C19*H19,"Missing input") -> 7008000 | J19: =IF(COUNT(I19,D19)=2,I19*D19,"Missing input") -> 9110400 | K19: =IF(COUNT(J19)=1,J19/1000000,"Missing input") -> 9.1104 | L19: =IF(COUNT(J19,H19)=2,J19/H19,"Missing input") -> 1040 | M19: =IF(COUNT(B19,D19)=2,B19*D19,"Missing input") -> 1300 | N19: =IF(COUNT(I19,E19)=2,I19*1000*E19/1000,"Missing input") -> 3504000 | O19: =IF(COUNT(N19)=1,N19/365,"Missing input") -> 9600 | P19: =IF(COUNT(J19,F19)=2,J19*1000*F19,"Missing input") -> 9080700096000 | Q19: =IF(COUNT(N19,G19)=2,N19*G19,"Missing input") -> 75336000000 | R19: =IF(COUNT(P19,Q19)=2,SUM(P19:Q19),"Missing input") -> 9156036096000 | S19: =IF(COUNT(P19,R19)=2,IF(R19=0,"n.a.",P19/R19),"Missing input") -> 0.99177199 | T19: =IF(COUNT(Q19,R19)=2,IF(R19=0,"n.a.",Q19/R19),"Missing input") -> 0.0082280147 | U19: S | V19: Expansion scenario
A20: High | B20: =IF(ISNUMBER('Assumptions'!$B$36),'Assumptions'!$B$36,"Missing input") -> 1000 | C20: =IF(ISNUMBER('Assumptions'!E7),'Assumptions'!E7,"Missing input") -> 0.95 | D20: =IF(ISNUMBER('Assumptions'!E8),'Assumptions'!E8,"Missing input") -> 1.5 | E20: =IF(ISNUMBER('Assumptions'!E9),'Assumptions'!E9,"Missing input") -> 1.5 | F20: =IF(ISNUMBER('Assumptions'!$B$18),'Assumptions'!$B$18,"Missing input") -> 996.74 | G20: =IF(ISNUMBER('Assumptions'!$B$19),'Assumptions'!$B$19,"Missing input") -> 21500 | H20: =IF(ISNUMBER('Assumptions'!$B$17),'Assumptions'!$B$17,"Missing input") -> 8760 | I20: =IF(COUNT(B20,C20,H20)=3,B20*C20*H20,"Missing input") -> 8322000 | J20: =IF(COUNT(I20,D20)=2,I20*D20,"Missing input") -> 12483000 | K20: =IF(COUNT(J20)=1,J20/1000000,"Missing input") -> 12.483 | L20: =IF(COUNT(J20,H20)=2,J20/H20,"Missing input") -> 1425 | M20: =IF(COUNT(B20,D20)=2,B20*D20,"Missing input") -> 1500 | N20: =IF(COUNT(I20,E20)=2,I20*1000*E20/1000,"Missing input") -> 12483000 | O20: =IF(COUNT(N20)=1,N20/365,"Missing input") -> 34200 | P20: =IF(COUNT(J20,F20)=2,J20*1000*F20,"Missing input") -> 12442305420000 | Q20: =IF(COUNT(N20,G20)=2,N20*G20,"Missing input") -> 268384500000 | R20: =IF(COUNT(P20,Q20)=2,SUM(P20:Q20),"Missing input") -> 12710689920000 | S20: =IF(COUNT(P20,R20)=2,IF(R20=0,"n.a.",P20/R20),"Missing input") -> 0.97888514 | T20: =IF(COUNT(Q20,R20)=2,IF(R20=0,"n.a.",Q20/R20),"Missing input") -> 0.021114865 | U20: S | V20: Expansion scenario
A21: Low | B21: =IF(ISNUMBER('Assumptions'!$B$37),'Assumptions'!$B$37,"Missing input") -> 2000 | C21: =IF(ISNUMBER('Assumptions'!C7),'Assumptions'!C7,"Missing input") -> 0.6 | D21: =IF(ISNUMBER('Assumptions'!C8),'Assumptions'!C8,"Missing input") -> 1.2 | E21: =IF(ISNUMBER('Assumptions'!C9),'Assumptions'!C9,"Missing input") -> 0 | F21: =IF(ISNUMBER('Assumptions'!$B$18),'Assumptions'!$B$18,"Missing input") -> 996.74 | G21: =IF(ISNUMBER('Assumptions'!$B$19),'Assumptions'!$B$19,"Missing input") -> 21500 | H21: =IF(ISNUMBER('Assumptions'!$B$17),'Assumptions'!$B$17,"Missing input") -> 8760 | I21: =IF(COUNT(B21,C21,H21)=3,B21*C21*H21,"Missing input") -> 10512000 | J21: =IF(COUNT(I21,D21)=2,I21*D21,"Missing input") -> 12614400 | K21: =IF(COUNT(J21)=1,J21/1000000,"Missing input") -> 12.6144 | L21: =IF(COUNT(J21,H21)=2,J21/H21,"Missing input") -> 1440 | M21: =IF(COUNT(B21,D21)=2,B21*D21,"Missing input") -> 2400 | N21: =IF(COUNT(I21,E21)=2,I21*1000*E21/1000,"Missing input") -> 0 | O21: =IF(COUNT(N21)=1,N21/365,"Missing input") -> 0 | P21: =IF(COUNT(J21,F21)=2,J21*1000*F21,"Missing input") -> 12573277056000 | Q21: =IF(COUNT(N21,G21)=2,N21*G21,"Missing input") -> 0 | R21: =IF(COUNT(P21,Q21)=2,SUM(P21:Q21),"Missing input") -> 12573277056000 | S21: =IF(COUNT(P21,R21)=2,IF(R21=0,"n.a.",P21/R21),"Missing input") -> 1 | T21: =IF(COUNT(Q21,R21)=2,IF(R21=0,"n.a.",Q21/R21),"Missing input") -> 0 | U21: S | V21: Expansion scenario
A22: Base | B22: =IF(ISNUMBER('Assumptions'!$B$37),'Assumptions'!$B$37,"Missing input") -> 2000 | C22: =IF(ISNUMBER('Assumptions'!D7),'Assumptions'!D7,"Missing input") -> 0.8 | D22: =IF(ISNUMBER('Assumptions'!D8),'Assumptions'!D8,"Missing input") -> 1.3 | E22: =IF(ISNUMBER('Assumptions'!D9),'Assumptions'!D9,"Missing input") -> 0.5 | F22: =IF(ISNUMBER('Assumptions'!$B$18),'Assumptions'!$B$18,"Missing input") -> 996.74 | G22: =IF(ISNUMBER('Assumptions'!$B$19),'Assumptions'!$B$19,"Missing input") -> 21500 | H22: =IF(ISNUMBER('Assumptions'!$B$17),'Assumptions'!$B$17,"Missing input") -> 8760 | I22: =IF(COUNT(B22,C22,H22)=3,B22*C22*H22,"Missing input") -> 14016000 | J22: =IF(COUNT(I22,D22)=2,I22*D22,"Missing input") -> 18220800 | K22: =IF(COUNT(J22)=1,J22/1000000,"Missing input") -> 18.2208 | L22: =IF(COUNT(J22,H22)=2,J22/H22,"Missing input") -> 2080 | M22: =IF(COUNT(B22,D22)=2,B22*D22,"Missing input") -> 2600 | N22: =IF(COUNT(I22,E22)=2,I22*1000*E22/1000,"Missing input") -> 7008000 | O22: =IF(COUNT(N22)=1,N22/365,"Missing input") -> 19200 | P22: =IF(COUNT(J22,F22)=2,J22*1000*F22,"Missing input") -> 18161400192000 | Q22: =IF(COUNT(N22,G22)=2,N22*G22,"Missing input") -> 150672000000 | R22: =IF(COUNT(P22,Q22)=2,SUM(P22:Q22),"Missing input") -> 18312072192000 | S22: =IF(COUNT(P22,R22)=2,IF(R22=0,"n.a.",P22/R22),"Missing input") -> 0.99177199 | T22: =IF(COUNT(Q22,R22)=2,IF(R22=0,"n.a.",Q22/R22),"Missing input") -> 0.0082280147 | U22: S | V22: Expansion scenario
A23: High | B23: =IF(ISNUMBER('Assumptions'!$B$37),'Assumptions'!$B$37,"Missing input") -> 2000 | C23: =IF(ISNUMBER('Assumptions'!E7),'Assumptions'!E7,"Missing input") -> 0.95 | D23: =IF(ISNUMBER('Assumptions'!E8),'Assumptions'!E8,"Missing input") -> 1.5 | E23: =IF(ISNUMBER('Assumptions'!E9),'Assumptions'!E9,"Missing input") -> 1.5 | F23: =IF(ISNUMBER('Assumptions'!$B$18),'Assumptions'!$B$18,"Missing input") -> 996.74 | G23: =IF(ISNUMBER('Assumptions'!$B$19),'Assumptions'!$B$19,"Missing input") -> 21500 | H23: =IF(ISNUMBER('Assumptions'!$B$17),'Assumptions'!$B$17,"Missing input") -> 8760 | I23: =IF(COUNT(B23,C23,H23)=3,B23*C23*H23,"Missing input") -> 16644000 | J23: =IF(COUNT(I23,D23)=2,I23*D23,"Missing input") -> 24966000 | K23: =IF(COUNT(J23)=1,J23/1000000,"Missing input") -> 24.966 | L23: =IF(COUNT(J23,H23)=2,J23/H23,"Missing input") -> 2850 | M23: =IF(COUNT(B23,D23)=2,B23*D23,"Missing input") -> 3000 | N23: =IF(COUNT(I23,E23)=2,I23*1000*E23/1000,"Missing input") -> 24966000 | O23: =IF(COUNT(N23)=1,N23/365,"Missing input") -> 68400 | P23: =IF(COUNT(J23,F23)=2,J23*1000*F23,"Missing input") -> 24884610840000 | Q23: =IF(COUNT(N23,G23)=2,N23*G23,"Missing input") -> 536769000000 | R23: =IF(COUNT(P23,Q23)=2,SUM(P23:Q23),"Missing input") -> 25421379840000 | S23: =IF(COUNT(P23,R23)=2,IF(R23=0,"n.a.",P23/R23),"Missing input") -> 0.97888514 | T23: =IF(COUNT(Q23,R23)=2,IF(R23=0,"n.a.",Q23/R23),"Missing input") -> 0.021114865 | U23: S | V23: Expansion scenario
A27: Dated Greater Jakarta resource estimate
A29: Case | B29: IT capacity (MW) | C29: Electrical utilization | D29: PUE (facility/IT) | E29: WUE (L/IT kWh) | F29: Electricity (Rp/kWh) | G29: Water (Rp/m³) | H29: Hours/year | I29: IT electricity (MWh/year) | J29: Facility electricity (MWh/year) | K29: Facility electricity (TWh/year) | L29: Average facility load (MW) | M29: Full IT load facility power (MW) | N29: Direct water (m³/year) | O29: Direct water (m³/day) | P29: Electricity cost (Rp/year) | Q29: Water cost (Rp/year) | R29: Total resource cost (Rp/year) | S29: Electricity cost share | T29: Water cost share | U29: Data class | V29: Scope / notes
A30: Low | B30: =IF(ISNUMBER('Assumptions'!$B$22),'Assumptions'!$B$22,"Missing input") -> 322 | C30: =IF(ISNUMBER('Assumptions'!C12),'Assumptions'!C12,"Missing input") -> 0.6 | D30: =IF(ISNUMBER('Assumptions'!C13),'Assumptions'!C13,"Missing input") -> 1.25 | E30: =IF(ISNUMBER('Assumptions'!C14),'Assumptions'!C14,"Missing input") -> 0 | F30: =IF(ISNUMBER('Assumptions'!$B$18),'Assumptions'!$B$18,"Missing input") -> 996.74 | G30: =IF(ISNUMBER('Assumptions'!$B$19),'Assumptions'!$B$19,"Missing input") -> 21500 | H30: =IF(ISNUMBER('Assumptions'!$B$17),'Assumptions'!$B$17,"Missing input") -> 8760 | I30: =IF(COUNT(B30,C30,H30)=3,B30*C30*H30,"Missing input") -> 1692432 | J30: =IF(COUNT(I30,D30)=2,I30*D30,"Missing input") -> 2115540 | K30: =IF(COUNT(J30)=1,J30/1000000,"Missing input") -> 2.11554 | L30: =IF(COUNT(J30,H30)=2,J30/H30,"Missing input") -> 241.5 | M30: =IF(COUNT(B30,D30)=2,B30*D30,"Missing input") -> 402.5 | N30: =IF(COUNT(I30,E30)=2,I30*1000*E30/1000,"Missing input") -> 0 | O30: =IF(COUNT(N30)=1,N30/365,"Missing input") -> 0 | P30: =IF(COUNT(J30,F30)=2,J30*1000*F30,"Missing input") -> 2108643339600 | Q30: =IF(COUNT(N30,G30)=2,N30*G30,"Missing input") -> 0 | R30: =IF(COUNT(P30,Q30)=2,SUM(P30:Q30),"Missing input") -> 2108643339600 | S30: =IF(COUNT(P30,R30)=2,IF(R30=0,"n.a.",P30/R30),"Missing input") -> 1 | T30: =IF(COUNT(Q30,R30)=2,IF(R30=0,"n.a.",Q30/R30),"Missing input") -> 0 | U30: E | V30: Greater Jakarta operational IT market estimate, H2 2025; excludes unknown national and island capacity.
A31: Base | B31: =IF(ISNUMBER('Assumptions'!$B$22),'Assumptions'!$B$22,"Missing input") -> 322 | C31: =IF(ISNUMBER('Assumptions'!D12),'Assumptions'!D12,"Missing input") -> 0.8 | D31: =IF(ISNUMBER('Assumptions'!D13),'Assumptions'!D13,"Missing input") -> 1.7 | E31: =IF(ISNUMBER('Assumptions'!D14),'Assumptions'!D14,"Missing input") -> 0.5 | F31: =IF(ISNUMBER('Assumptions'!$B$18),'Assumptions'!$B$18,"Missing input") -> 996.74 | G31: =IF(ISNUMBER('Assumptions'!$B$19),'Assumptions'!$B$19,"Missing input") -> 21500 | H31: =IF(ISNUMBER('Assumptions'!$B$17),'Assumptions'!$B$17,"Missing input") -> 8760 | I31: =IF(COUNT(B31,C31,H31)=3,B31*C31*H31,"Missing input") -> 2256576 | J31: =IF(COUNT(I31,D31)=2,I31*D31,"Missing input") -> 3836179.2 | K31: =IF(COUNT(J31)=1,J31/1000000,"Missing input") -> 3.8361792 | L31: =IF(COUNT(J31,H31)=2,J31/H31,"Missing input") -> 437.92 | M31: =IF(COUNT(B31,D31)=2,B31*D31,"Missing input") -> 547.4 | N31: =IF(COUNT(I31,E31)=2,I31*1000*E31/1000,"Missing input") -> 1128288 | O31: =IF(COUNT(N31)=1,N31/365,"Missing input") -> 3091.2 | P31: =IF(COUNT(J31,F31)=2,J31*1000*F31,"Missing input") -> 3.8236733e+12 | Q31: =IF(COUNT(N31,G31)=2,N31*G31,"Missing input") -> 24258192000 | R31: =IF(COUNT(P31,Q31)=2,SUM(P31:Q31),"Missing input") -> 3.8479314e+12 | S31: =IF(COUNT(P31,R31)=2,IF(R31=0,"n.a.",P31/R31),"Missing input") -> 0.99369578 | T31: =IF(COUNT(Q31,R31)=2,IF(R31=0,"n.a.",Q31/R31),"Missing input") -> 0.0063042163 | U31: E | V31: Greater Jakarta operational IT market estimate, H2 2025; excludes unknown national and island capacity.
A32: High | B32: =IF(ISNUMBER('Assumptions'!$B$22),'Assumptions'!$B$22,"Missing input") -> 322 | C32: =IF(ISNUMBER('Assumptions'!E12),'Assumptions'!E12,"Missing input") -> 0.95 | D32: =IF(ISNUMBER('Assumptions'!E13),'Assumptions'!E13,"Missing input") -> 1.95 | E32: =IF(ISNUMBER('Assumptions'!E14),'Assumptions'!E14,"Missing input") -> 1.5 | F32: =IF(ISNUMBER('Assumptions'!$B$18),'Assumptions'!$B$18,"Missing input") -> 996.74 | G32: =IF(ISNUMBER('Assumptions'!$B$19),'Assumptions'!$B$19,"Missing input") -> 21500 | H32: =IF(ISNUMBER('Assumptions'!$B$17),'Assumptions'!$B$17,"Missing input") -> 8760 | I32: =IF(COUNT(B32,C32,H32)=3,B32*C32*H32,"Missing input") -> 2679684 | J32: =IF(COUNT(I32,D32)=2,I32*D32,"Missing input") -> 5225383.8 | K32: =IF(COUNT(J32)=1,J32/1000000,"Missing input") -> 5.2253838 | L32: =IF(COUNT(J32,H32)=2,J32/H32,"Missing input") -> 596.505 | M32: =IF(COUNT(B32,D32)=2,B32*D32,"Missing input") -> 627.9 | N32: =IF(COUNT(I32,E32)=2,I32*1000*E32/1000,"Missing input") -> 4019526 | O32: =IF(COUNT(N32)=1,N32/365,"Missing input") -> 11012.4 | P32: =IF(COUNT(J32,F32)=2,J32*1000*F32,"Missing input") -> 5208349048812 | Q32: =IF(COUNT(N32,G32)=2,N32*G32,"Missing input") -> 86419809000 | R32: =IF(COUNT(P32,Q32)=2,SUM(P32:Q32),"Missing input") -> 5294768857812 | S32: =IF(COUNT(P32,R32)=2,IF(R32=0,"n.a.",P32/R32),"Missing input") -> 0.98367827 | T32: =IF(COUNT(Q32,R32)=2,IF(R32=0,"n.a.",Q32/R32),"Missing input") -> 0.016321734 | U32: E | V32: Greater Jakarta operational IT market estimate, H2 2025; excludes unknown national and island capacity.
A35: Partial disclosed operational IT inventory
A36: Case | B36: IT capacity (MW) | C36: Electrical utilization | D36: PUE (facility/IT) | E36: WUE (L/IT kWh) | F36: Electricity (Rp/kWh) | G36: Water (Rp/m³) | H36: Hours/year | I36: IT electricity (MWh/year) | J36: Facility electricity (MWh/year) | K36: Facility electricity (TWh/year) | L36: Average facility load (MW) | M36: Full IT load facility power (MW) | N36: Direct water (m³/year) | O36: Direct water (m³/day) | P36: Electricity cost (Rp/year) | Q36: Water cost (Rp/year) | R36: Total resource cost (Rp/year) | S36: Electricity cost share | T36: Water cost share | U36: Data class | V36: Scope / notes
A37: Low | B37: =IF(ISNUMBER('Assumptions'!$B$29),'Assumptions'!$B$29,"Missing input") -> 283.6 | C37: =IF(ISNUMBER('Assumptions'!C12),'Assumptions'!C12,"Missing input") -> 0.6 | D37: =IF(ISNUMBER('Assumptions'!C13),'Assumptions'!C13,"Missing input") -> 1.25 | E37: =IF(ISNUMBER('Assumptions'!C14),'Assumptions'!C14,"Missing input") -> 0 | F37: =IF(ISNUMBER('Assumptions'!$B$18),'Assumptions'!$B$18,"Missing input") -> 996.74 | G37: =IF(ISNUMBER('Assumptions'!$B$19),'Assumptions'!$B$19,"Missing input") -> 21500 | H37: =IF(ISNUMBER('Assumptions'!$B$17),'Assumptions'!$B$17,"Missing input") -> 8760 | I37: =IF(COUNT(B37,C37,H37)=3,B37*C37*H37,"Missing input") -> 1490601.6 | J37: =IF(COUNT(I37,D37)=2,I37*D37,"Missing input") -> 1863252 | K37: =IF(COUNT(J37)=1,J37/1000000,"Missing input") -> 1.863252 | L37: =IF(COUNT(J37,H37)=2,J37/H37,"Missing input") -> 212.7 | M37: =IF(COUNT(B37,D37)=2,B37*D37,"Missing input") -> 354.5 | N37: =IF(COUNT(I37,E37)=2,I37*1000*E37/1000,"Missing input") -> 0 | O37: =IF(COUNT(N37)=1,N37/365,"Missing input") -> 0 | P37: =IF(COUNT(J37,F37)=2,J37*1000*F37,"Missing input") -> 1.8571778e+12 | Q37: =IF(COUNT(N37,G37)=2,N37*G37,"Missing input") -> 0 | R37: =IF(COUNT(P37,Q37)=2,SUM(P37:Q37),"Missing input") -> 1.8571778e+12 | S37: =IF(COUNT(P37,R37)=2,IF(R37=0,"n.a.",P37/R37),"Missing input") -> 1 | T37: =IF(COUNT(Q37,R37)=2,IF(R37=0,"n.a.",Q37/R37),"Missing input") -> 0 | U37: E | V37: Partial disclosed inventory. Not Indonesia total. Do not add to the overlapping Greater Jakarta market estimate.
A38: Base | B38: =IF(ISNUMBER('Assumptions'!$B$29),'Assumptions'!$B$29,"Missing input") -> 283.6 | C38: =IF(ISNUMBER('Assumptions'!D12),'Assumptions'!D12,"Missing input") -> 0.8 | D38: =IF(ISNUMBER('Assumptions'!D13),'Assumptions'!D13,"Missing input") -> 1.7 | E38: =IF(ISNUMBER('Assumptions'!D14),'Assumptions'!D14,"Missing input") -> 0.5 | F38: =IF(ISNUMBER('Assumptions'!$B$18),'Assumptions'!$B$18,"Missing input") -> 996.74 | G38: =IF(ISNUMBER('Assumptions'!$B$19),'Assumptions'!$B$19,"Missing input") -> 21500 | H38: =IF(ISNUMBER('Assumptions'!$B$17),'Assumptions'!$B$17,"Missing input") -> 8760 | I38: =IF(COUNT(B38,C38,H38)=3,B38*C38*H38,"Missing input") -> 1987468.8 | J38: =IF(COUNT(I38,D38)=2,I38*D38,"Missing input") -> 3378697 | K38: =IF(COUNT(J38)=1,J38/1000000,"Missing input") -> 3.378697 | L38: =IF(COUNT(J38,H38)=2,J38/H38,"Missing input") -> 385.696 | M38: =IF(COUNT(B38,D38)=2,B38*D38,"Missing input") -> 482.12 | N38: =IF(COUNT(I38,E38)=2,I38*1000*E38/1000,"Missing input") -> 993734.4 | O38: =IF(COUNT(N38)=1,N38/365,"Missing input") -> 2722.56 | P38: =IF(COUNT(J38,F38)=2,J38*1000*F38,"Missing input") -> 3.3676824e+12 | Q38: =IF(COUNT(N38,G38)=2,N38*G38,"Missing input") -> 2.136529e+10 | R38: =IF(COUNT(P38,Q38)=2,SUM(P38:Q38),"Missing input") -> 3.3890477e+12 | S38: =IF(COUNT(P38,R38)=2,IF(R38=0,"n.a.",P38/R38),"Missing input") -> 0.99369578 | T38: =IF(COUNT(Q38,R38)=2,IF(R38=0,"n.a.",Q38/R38),"Missing input") -> 0.0063042163 | U38: E | V38: Partial disclosed inventory. Not Indonesia total. Do not add to the overlapping Greater Jakarta market estimate.
A39: High | B39: =IF(ISNUMBER('Assumptions'!$B$29),'Assumptions'!$B$29,"Missing input") -> 283.6 | C39: =IF(ISNUMBER('Assumptions'!E12),'Assumptions'!E12,"Missing input") -> 0.95 | D39: =IF(ISNUMBER('Assumptions'!E13),'Assumptions'!E13,"Missing input") -> 1.95 | E39: =IF(ISNUMBER('Assumptions'!E14),'Assumptions'!E14,"Missing input") -> 1.5 | F39: =IF(ISNUMBER('Assumptions'!$B$18),'Assumptions'!$B$18,"Missing input") -> 996.74 | G39: =IF(ISNUMBER('Assumptions'!$B$19),'Assumptions'!$B$19,"Missing input") -> 21500 | H39: =IF(ISNUMBER('Assumptions'!$B$17),'Assumptions'!$B$17,"Missing input") -> 8760 | I39: =IF(COUNT(B39,C39,H39)=3,B39*C39*H39,"Missing input") -> 2360119.2 | J39: =IF(COUNT(I39,D39)=2,I39*D39,"Missing input") -> 4602232.4 | K39: =IF(COUNT(J39)=1,J39/1000000,"Missing input") -> 4.6022324 | L39: =IF(COUNT(J39,H39)=2,J39/H39,"Missing input") -> 525.369 | M39: =IF(COUNT(B39,D39)=2,B39*D39,"Missing input") -> 553.02 | N39: =IF(COUNT(I39,E39)=2,I39*1000*E39/1000,"Missing input") -> 3540178.8 | O39: =IF(COUNT(N39)=1,N39/365,"Missing input") -> 9699.12 | P39: =IF(COUNT(J39,F39)=2,J39*1000*F39,"Missing input") -> 4.5872292e+12 | Q39: =IF(COUNT(N39,G39)=2,N39*G39,"Missing input") -> 76113844200 | R39: =IF(COUNT(P39,Q39)=2,SUM(P39:Q39),"Missing input") -> 4.663343e+12 | S39: =IF(COUNT(P39,R39)=2,IF(R39=0,"n.a.",P39/R39),"Missing input") -> 0.98367827 | T39: =IF(COUNT(Q39,R39)=2,IF(R39=0,"n.a.",Q39/R39),"Missing input") -> 0.016321734 | U39: E | V39: Partial disclosed inventory. Not Indonesia total. Do not add to the overlapping Greater Jakarta market estimate.

Sheet Sensitivity
A2: Independent driver sensitivities at 1 GW IT
A3: Each row changes one driver. Other drivers remain linked to the expansion base case. PUE and WUE combinations are independent stress tests, not validated cooling designs.
A5: Case | B5: IT capacity (MW) | C5: Electrical utilization | D5: PUE (facility/IT) | E5: WUE (L/IT kWh) | F5: Electricity (Rp/kWh) | G5: Water (Rp/m³) | H5: Hours/year | I5: IT electricity (MWh/year) | J5: Facility electricity (MWh/year) | K5: Facility electricity (TWh/year) | L5: Average facility load (MW) | M5: Full IT load facility power (MW) | N5: Direct water (m³/year) | O5: Direct water (m³/day) | P5: Electricity cost (Rp/year) | Q5: Water cost (Rp/year) | R5: Total resource cost (Rp/year) | S5: Electricity cost share | T5: Water cost share | U5: Data class | V5: Scope / notes | W5: Changed driver | X5: Test value
A6: Base | B6: =IF(ISNUMBER('Assumptions'!$B$28),'Assumptions'!$B$28,"Missing input") -> 1000 | C6: =IF(ISNUMBER('Assumptions'!D7),'Assumptions'!D7,"Missing input") -> 0.8 | D6: =IF(ISNUMBER('Assumptions'!$B$51),'Assumptions'!$B$51,"Missing input") -> 1.1 | E6: =IF(ISNUMBER('Assumptions'!D9),'Assumptions'!D9,"Missing input") -> 0.5 | F6: =IF(ISNUMBER('Assumptions'!$B$18),'Assumptions'!$B$18,"Missing input") -> 996.74 | G6: =IF(ISNUMBER('Assumptions'!$B$19),'Assumptions'!$B$19,"Missing input") -> 21500 | H6: =IF(ISNUMBER('Assumptions'!$B$17),'Assumptions'!$B$17,"Missing input") -> 8760 | I6: =IF(COUNT(B6,C6,H6)=3,B6*C6*H6,"Missing input") -> 7008000 | J6: =IF(COUNT(I6,D6)=2,I6*D6,"Missing input") -> 7708800 | K6: =IF(COUNT(J6)=1,J6/1000000,"Missing input") -> 7.7088 | L6: =IF(COUNT(J6,H6)=2,J6/H6,"Missing input") -> 880 | M6: =IF(COUNT(B6,D6)=2,B6*D6,"Missing input") -> 1100 | N6: =IF(COUNT(I6,E6)=2,I6*1000*E6/1000,"Missing input") -> 3504000 | O6: =IF(COUNT(N6)=1,N6/365,"Missing input") -> 9600 | P6: =IF(COUNT(J6,F6)=2,J6*1000*F6,"Missing input") -> 7.6836693e+12 | Q6: =IF(COUNT(N6,G6)=2,N6*G6,"Missing input") -> 75336000000 | R6: =IF(COUNT(P6,Q6)=2,SUM(P6:Q6),"Missing input") -> 7.7590053e+12 | S6: =IF(COUNT(P6,R6)=2,IF(R6=0,"n.a.",P6/R6),"Missing input") -> 0.99029051 | T6: =IF(COUNT(Q6,R6)=2,IF(R6=0,"n.a.",Q6/R6),"Missing input") -> 0.009709492 | U6: S | V6: Expansion scenario | W6: pue | X6: =IF(ISNUMBER('Assumptions'!$B$51),'Assumptions'!$B$51,"Missing input") -> 1.1
A7: Base | B7: =IF(ISNUMBER('Assumptions'!$B$28),'Assumptions'!$B$28,"Missing input") -> 1000 | C7: =IF(ISNUMBER('Assumptions'!D7),'Assumptions'!D7,"Missing input") -> 0.8 | D7: =IF(ISNUMBER('Assumptions'!$B$52),'Assumptions'!$B$52,"Missing input") -> 1.2 | E7: =IF(ISNUMBER('Assumptions'!D9),'Assumptions'!D9,"Missing input") -> 0.5 | F7: =IF(ISNUMBER('Assumptions'!$B$18),'Assumptions'!$B$18,"Missing input") -> 996.74 | G7: =IF(ISNUMBER('Assumptions'!$B$19),'Assumptions'!$B$19,"Missing input") -> 21500 | H7: =IF(ISNUMBER('Assumptions'!$B$17),'Assumptions'!$B$17,"Missing input") -> 8760 | I7: =IF(COUNT(B7,C7,H7)=3,B7*C7*H7,"Missing input") -> 7008000 | J7: =IF(COUNT(I7,D7)=2,I7*D7,"Missing input") -> 8409600 | K7: =IF(COUNT(J7)=1,J7/1000000,"Missing input") -> 8.4096 | L7: =IF(COUNT(J7,H7)=2,J7/H7,"Missing input") -> 960 | M7: =IF(COUNT(B7,D7)=2,B7*D7,"Missing input") -> 1200 | N7: =IF(COUNT(I7,E7)=2,I7*1000*E7/1000,"Missing input") -> 3504000 | O7: =IF(COUNT(N7)=1,N7/365,"Missing input") -> 9600 | P7: =IF(COUNT(J7,F7)=2,J7*1000*F7,"Missing input") -> 8382184704000 | Q7: =IF(COUNT(N7,G7)=2,N7*G7,"Missing input") -> 75336000000 | R7: =IF(COUNT(P7,Q7)=2,SUM(P7:Q7),"Missing input") -> 8457520704000 | S7: =IF(COUNT(P7,R7)=2,IF(R7=0,"n.a.",P7/R7),"Missing input") -> 0.99109242 | T7: =IF(COUNT(Q7,R7)=2,IF(R7=0,"n.a.",Q7/R7),"Missing input") -> 0.008907575 | U7: S | V7: Expansion scenario | W7: pue | X7: =IF(ISNUMBER('Assumptions'!$B$52),'Assumptions'!$B$52,"Missing input") -> 1.2
A8: Base | B8: =IF(ISNUMBER('Assumptions'!$B$28),'Assumptions'!$B$28,"Missing input") -> 1000 | C8: =IF(ISNUMBER('Assumptions'!D7),'Assumptions'!D7,"Missing input") -> 0.8 | D8: =IF(ISNUMBER('Assumptions'!$B$53),'Assumptions'!$B$53,"Missing input") -> 1.3 | E8: =IF(ISNUMBER('Assumptions'!D9),'Assumptions'!D9,"Missing input") -> 0.5 | F8: =IF(ISNUMBER('Assumptions'!$B$18),'Assumptions'!$B$18,"Missing input") -> 996.74 | G8: =IF(ISNUMBER('Assumptions'!$B$19),'Assumptions'!$B$19,"Missing input") -> 21500 | H8: =IF(ISNUMBER('Assumptions'!$B$17),'Assumptions'!$B$17,"Missing input") -> 8760 | I8: =IF(COUNT(B8,C8,H8)=3,B8*C8*H8,"Missing input") -> 7008000 | J8: =IF(COUNT(I8,D8)=2,I8*D8,"Missing input") -> 9110400 | K8: =IF(COUNT(J8)=1,J8/1000000,"Missing input") -> 9.1104 | L8: =IF(COUNT(J8,H8)=2,J8/H8,"Missing input") -> 1040 | M8: =IF(COUNT(B8,D8)=2,B8*D8,"Missing input") -> 1300 | N8: =IF(COUNT(I8,E8)=2,I8*1000*E8/1000,"Missing input") -> 3504000 | O8: =IF(COUNT(N8)=1,N8/365,"Missing input") -> 9600 | P8: =IF(COUNT(J8,F8)=2,J8*1000*F8,"Missing input") -> 9080700096000 | Q8: =IF(COUNT(N8,G8)=2,N8*G8,"Missing input") -> 75336000000 | R8: =IF(COUNT(P8,Q8)=2,SUM(P8:Q8),"Missing input") -> 9156036096000 | S8: =IF(COUNT(P8,R8)=2,IF(R8=0,"n.a.",P8/R8),"Missing input") -> 0.99177199 | T8: =IF(COUNT(Q8,R8)=2,IF(R8=0,"n.a.",Q8/R8),"Missing input") -> 0.0082280147 | U8: S | V8: Expansion scenario | W8: pue | X8: =IF(ISNUMBER('Assumptions'!$B$53),'Assumptions'!$B$53,"Missing input") -> 1.3
A9: Base | B9: =IF(ISNUMBER('Assumptions'!$B$28),'Assumptions'!$B$28,"Missing input") -> 1000 | C9: =IF(ISNUMBER('Assumptions'!D7),'Assumptions'!D7,"Missing input") -> 0.8 | D9: =IF(ISNUMBER('Assumptions'!$B$54),'Assumptions'!$B$54,"Missing input") -> 1.4 | E9: =IF(ISNUMBER('Assumptions'!D9),'Assumptions'!D9,"Missing input") -> 0.5 | F9: =IF(ISNUMBER('Assumptions'!$B$18),'Assumptions'!$B$18,"Missing input") -> 996.74 | G9: =IF(ISNUMBER('Assumptions'!$B$19),'Assumptions'!$B$19,"Missing input") -> 21500 | H9: =IF(ISNUMBER('Assumptions'!$B$17),'Assumptions'!$B$17,"Missing input") -> 8760 | I9: =IF(COUNT(B9,C9,H9)=3,B9*C9*H9,"Missing input") -> 7008000 | J9: =IF(COUNT(I9,D9)=2,I9*D9,"Missing input") -> 9811200 | K9: =IF(COUNT(J9)=1,J9/1000000,"Missing input") -> 9.8112 | L9: =IF(COUNT(J9,H9)=2,J9/H9,"Missing input") -> 1120 | M9: =IF(COUNT(B9,D9)=2,B9*D9,"Missing input") -> 1400 | N9: =IF(COUNT(I9,E9)=2,I9*1000*E9/1000,"Missing input") -> 3504000 | O9: =IF(COUNT(N9)=1,N9/365,"Missing input") -> 9600 | P9: =IF(COUNT(J9,F9)=2,J9*1000*F9,"Missing input") -> 9779215488000 | Q9: =IF(COUNT(N9,G9)=2,N9*G9,"Missing input") -> 75336000000 | R9: =IF(COUNT(P9,Q9)=2,SUM(P9:Q9),"Missing input") -> 9854551488000 | S9: =IF(COUNT(P9,R9)=2,IF(R9=0,"n.a.",P9/R9),"Missing input") -> 0.99235521 | T9: =IF(COUNT(Q9,R9)=2,IF(R9=0,"n.a.",Q9/R9),"Missing input") -> 0.0076447924 | U9: S | V9: Expansion scenario | W9: pue | X9: =IF(ISNUMBER('Assumptions'!$B$54),'Assumptions'!$B$54,"Missing input") -> 1.4
A10: Base | B10: =IF(ISNUMBER('Assumptions'!$B$28),'Assumptions'!$B$28,"Missing input") -> 1000 | C10: =IF(ISNUMBER('Assumptions'!D7),'Assumptions'!D7,"Missing input") -> 0.8 | D10: =IF(ISNUMBER('Assumptions'!$B$55),'Assumptions'!$B$55,"Missing input") -> 1.5 | E10: =IF(ISNUMBER('Assumptions'!D9),'Assumptions'!D9,"Missing input") -> 0.5 | F10: =IF(ISNUMBER('Assumptions'!$B$18),'Assumptions'!$B$18,"Missing input") -> 996.74 | G10: =IF(ISNUMBER('Assumptions'!$B$19),'Assumptions'!$B$19,"Missing input") -> 21500 | H10: =IF(ISNUMBER('Assumptions'!$B$17),'Assumptions'!$B$17,"Missing input") -> 8760 | I10: =IF(COUNT(B10,C10,H10)=3,B10*C10*H10,"Missing input") -> 7008000 | J10: =IF(COUNT(I10,D10)=2,I10*D10,"Missing input") -> 10512000 | K10: =IF(COUNT(J10)=1,J10/1000000,"Missing input") -> 10.512 | L10: =IF(COUNT(J10,H10)=2,J10/H10,"Missing input") -> 1200 | M10: =IF(COUNT(B10,D10)=2,B10*D10,"Missing input") -> 1500 | N10: =IF(COUNT(I10,E10)=2,I10*1000*E10/1000,"Missing input") -> 3504000 | O10: =IF(COUNT(N10)=1,N10/365,"Missing input") -> 9600 | P10: =IF(COUNT(J10,F10)=2,J10*1000*F10,"Missing input") -> 10477730880000 | Q10: =IF(COUNT(N10,G10)=2,N10*G10,"Missing input") -> 75336000000 | R10: =IF(COUNT(P10,Q10)=2,SUM(P10:Q10),"Missing input") -> 10553066880000 | S10: =IF(COUNT(P10,R10)=2,IF(R10=0,"n.a.",P10/R10),"Missing input") -> 0.99286122 | T10: =IF(COUNT(Q10,R10)=2,IF(R10=0,"n.a.",Q10/R10),"Missing input") -> 0.0071387778 | U10: S | V10: Expansion scenario | W10: pue | X10: =IF(ISNUMBER('Assumptions'!$B$55),'Assumptions'!$B$55,"Missing input") -> 1.5
A11: Base | B11: =IF(ISNUMBER('Assumptions'!$B$28),'Assumptions'!$B$28,"Missing input") -> 1000 | C11: =IF(ISNUMBER('Assumptions'!D7),'Assumptions'!D7,"Missing input") -> 0.8 | D11: =IF(ISNUMBER('Assumptions'!D8),'Assumptions'!D8,"Missing input") -> 1.3 | E11: =IF(ISNUMBER('Assumptions'!$B$56),'Assumptions'!$B$56,"Missing input") -> 0 | F11: =IF(ISNUMBER('Assumptions'!$B$18),'Assumptions'!$B$18,"Missing input") -> 996.74 | G11: =IF(ISNUMBER('Assumptions'!$B$19),'Assumptions'!$B$19,"Missing input") -> 21500 | H11: =IF(ISNUMBER('Assumptions'!$B$17),'Assumptions'!$B$17,"Missing input") -> 8760 | I11: =IF(COUNT(B11,C11,H11)=3,B11*C11*H11,"Missing input") -> 7008000 | J11: =IF(COUNT(I11,D11)=2,I11*D11,"Missing input") -> 9110400 | K11: =IF(COUNT(J11)=1,J11/1000000,"Missing input") -> 9.1104 | L11: =IF(COUNT(J11,H11)=2,J11/H11,"Missing input") -> 1040 | M11: =IF(COUNT(B11,D11)=2,B11*D11,"Missing input") -> 1300 | N11: =IF(COUNT(I11,E11)=2,I11*1000*E11/1000,"Missing input") -> 0 | O11: =IF(COUNT(N11)=1,N11/365,"Missing input") -> 0 | P11: =IF(COUNT(J11,F11)=2,J11*1000*F11,"Missing input") -> 9080700096000 | Q11: =IF(COUNT(N11,G11)=2,N11*G11,"Missing input") -> 0 | R11: =IF(COUNT(P11,Q11)=2,SUM(P11:Q11),"Missing input") -> 9080700096000 | S11: =IF(COUNT(P11,R11)=2,IF(R11=0,"n.a.",P11/R11),"Missing input") -> 1 | T11: =IF(COUNT(Q11,R11)=2,IF(R11=0,"n.a.",Q11/R11),"Missing input") -> 0 | U11: S | V11: Expansion scenario | W11: wue_l_per_kwh | X11: =IF(ISNUMBER('Assumptions'!$B$56),'Assumptions'!$B$56,"Missing input") -> 0
A12: Base | B12: =IF(ISNUMBER('Assumptions'!$B$28),'Assumptions'!$B$28,"Missing input") -> 1000 | C12: =IF(ISNUMBER('Assumptions'!D7),'Assumptions'!D7,"Missing input") -> 0.8 | D12: =IF(ISNUMBER('Assumptions'!D8),'Assumptions'!D8,"Missing input") -> 1.3 | E12: =IF(ISNUMBER('Assumptions'!$B$57),'Assumptions'!$B$57,"Missing input") -> 0.2 | F12: =IF(ISNUMBER('Assumptions'!$B$18),'Assumptions'!$B$18,"Missing input") -> 996.74 | G12: =IF(ISNUMBER('Assumptions'!$B$19),'Assumptions'!$B$19,"Missing input") -> 21500 | H12: =IF(ISNUMBER('Assumptions'!$B$17),'Assumptions'!$B$17,"Missing input") -> 8760 | I12: =IF(COUNT(B12,C12,H12)=3,B12*C12*H12,"Missing input") -> 7008000 | J12: =IF(COUNT(I12,D12)=2,I12*D12,"Missing input") -> 9110400 | K12: =IF(COUNT(J12)=1,J12/1000000,"Missing input") -> 9.1104 | L12: =IF(COUNT(J12,H12)=2,J12/H12,"Missing input") -> 1040 | M12: =IF(COUNT(B12,D12)=2,B12*D12,"Missing input") -> 1300 | N12: =IF(COUNT(I12,E12)=2,I12*1000*E12/1000,"Missing input") -> 1401600 | O12: =IF(COUNT(N12)=1,N12/365,"Missing input") -> 3840 | P12: =IF(COUNT(J12,F12)=2,J12*1000*F12,"Missing input") -> 9080700096000 | Q12: =IF(COUNT(N12,G12)=2,N12*G12,"Missing input") -> 30134400000 | R12: =IF(COUNT(P12,Q12)=2,SUM(P12:Q12),"Missing input") -> 9110834496000 | S12: =IF(COUNT(P12,R12)=2,IF(R12=0,"n.a.",P12/R12),"Missing input") -> 0.99669247 | T12: =IF(COUNT(Q12,R12)=2,IF(R12=0,"n.a.",Q12/R12),"Missing input") -> 0.0033075346 | U12: S | V12: Expansion scenario | W12: wue_l_per_kwh | X12: =IF(ISNUMBER('Assumptions'!$B$57),'Assumptions'!$B$57,"Missing input") -> 0.2
A13: Base | B13: =IF(ISNUMBER('Assumptions'!$B$28),'Assumptions'!$B$28,"Missing input") -> 1000 | C13: =IF(ISNUMBER('Assumptions'!D7),'Assumptions'!D7,"Missing input") -> 0.8 | D13: =IF(ISNUMBER('Assumptions'!D8),'Assumptions'!D8,"Missing input") -> 1.3 | E13: =IF(ISNUMBER('Assumptions'!$B$58),'Assumptions'!$B$58,"Missing input") -> 0.5 | F13: =IF(ISNUMBER('Assumptions'!$B$18),'Assumptions'!$B$18,"Missing input") -> 996.74 | G13: =IF(ISNUMBER('Assumptions'!$B$19),'Assumptions'!$B$19,"Missing input") -> 21500 | H13: =IF(ISNUMBER('Assumptions'!$B$17),'Assumptions'!$B$17,"Missing input") -> 8760 | I13: =IF(COUNT(B13,C13,H13)=3,B13*C13*H13,"Missing input") -> 7008000 | J13: =IF(COUNT(I13,D13)=2,I13*D13,"Missing input") -> 9110400 | K13: =IF(COUNT(J13)=1,J13/1000000,"Missing input") -> 9.1104 | L13: =IF(COUNT(J13,H13)=2,J13/H13,"Missing input") -> 1040 | M13: =IF(COUNT(B13,D13)=2,B13*D13,"Missing input") -> 1300 | N13: =IF(COUNT(I13,E13)=2,I13*1000*E13/1000,"Missing input") -> 3504000 | O13: =IF(COUNT(N13)=1,N13/365,"Missing input") -> 9600 | P13: =IF(COUNT(J13,F13)=2,J13*1000*F13,"Missing input") -> 9080700096000 | Q13: =IF(COUNT(N13,G13)=2,N13*G13,"Missing input") -> 75336000000 | R13: =IF(COUNT(P13,Q13)=2,SUM(P13:Q13),"Missing input") -> 9156036096000 | S13: =IF(COUNT(P13,R13)=2,IF(R13=0,"n.a.",P13/R13),"Missing input") -> 0.99177199 | T13: =IF(COUNT(Q13,R13)=2,IF(R13=0,"n.a.",Q13/R13),"Missing input") -> 0.0082280147 | U13: S | V13: Expansion scenario | W13: wue_l_per_kwh | X13: =IF(ISNUMBER('Assumptions'!$B$58),'Assumptions'!$B$58,"Missing input") -> 0.5
A14: Base | B14: =IF(ISNUMBER('Assumptions'!$B$28),'Assumptions'!$B$28,"Missing input") -> 1000 | C14: =IF(ISNUMBER('Assumptions'!D7),'Assumptions'!D7,"Missing input") -> 0.8 | D14: =IF(ISNUMBER('Assumptions'!D8),'Assumptions'!D8,"Missing input") -> 1.3 | E14: =IF(ISNUMBER('Assumptions'!$B$59),'Assumptions'!$B$59,"Missing input") -> 1 | F14: =IF(ISNUMBER('Assumptions'!$B$18),'Assumptions'!$B$18,"Missing input") -> 996.74 | G14: =IF(ISNUMBER('Assumptions'!$B$19),'Assumptions'!$B$19,"Missing input") -> 21500 | H14: =IF(ISNUMBER('Assumptions'!$B$17),'Assumptions'!$B$17,"Missing input") -> 8760 | I14: =IF(COUNT(B14,C14,H14)=3,B14*C14*H14,"Missing input") -> 7008000 | J14: =IF(COUNT(I14,D14)=2,I14*D14,"Missing input") -> 9110400 | K14: =IF(COUNT(J14)=1,J14/1000000,"Missing input") -> 9.1104 | L14: =IF(COUNT(J14,H14)=2,J14/H14,"Missing input") -> 1040 | M14: =IF(COUNT(B14,D14)=2,B14*D14,"Missing input") -> 1300 | N14: =IF(COUNT(I14,E14)=2,I14*1000*E14/1000,"Missing input") -> 7008000 | O14: =IF(COUNT(N14)=1,N14/365,"Missing input") -> 19200 | P14: =IF(COUNT(J14,F14)=2,J14*1000*F14,"Missing input") -> 9080700096000 | Q14: =IF(COUNT(N14,G14)=2,N14*G14,"Missing input") -> 150672000000 | R14: =IF(COUNT(P14,Q14)=2,SUM(P14:Q14),"Missing input") -> 9231372096000 | S14: =IF(COUNT(P14,R14)=2,IF(R14=0,"n.a.",P14/R14),"Missing input") -> 0.98367827 | T14: =IF(COUNT(Q14,R14)=2,IF(R14=0,"n.a.",Q14/R14),"Missing input") -> 0.016321734 | U14: S | V14: Expansion scenario | W14: wue_l_per_kwh | X14: =IF(ISNUMBER('Assumptions'!$B$59),'Assumptions'!$B$59,"Missing input") -> 1
A15: Base | B15: =IF(ISNUMBER('Assumptions'!$B$28),'Assumptions'!$B$28,"Missing input") -> 1000 | C15: =IF(ISNUMBER('Assumptions'!D7),'Assumptions'!D7,"Missing input") -> 0.8 | D15: =IF(ISNUMBER('Assumptions'!D8),'Assumptions'!D8,"Missing input") -> 1.3 | E15: =IF(ISNUMBER('Assumptions'!$B$60),'Assumptions'!$B$60,"Missing input") -> 1.5 | F15: =IF(ISNUMBER('Assumptions'!$B$18),'Assumptions'!$B$18,"Missing input") -> 996.74 | G15: =IF(ISNUMBER('Assumptions'!$B$19),'Assumptions'!$B$19,"Missing input") -> 21500 | H15: =IF(ISNUMBER('Assumptions'!$B$17),'Assumptions'!$B$17,"Missing input") -> 8760 | I15: =IF(COUNT(B15,C15,H15)=3,B15*C15*H15,"Missing input") -> 7008000 | J15: =IF(COUNT(I15,D15)=2,I15*D15,"Missing input") -> 9110400 | K15: =IF(COUNT(J15)=1,J15/1000000,"Missing input") -> 9.1104 | L15: =IF(COUNT(J15,H15)=2,J15/H15,"Missing input") -> 1040 | M15: =IF(COUNT(B15,D15)=2,B15*D15,"Missing input") -> 1300 | N15: =IF(COUNT(I15,E15)=2,I15*1000*E15/1000,"Missing input") -> 10512000 | O15: =IF(COUNT(N15)=1,N15/365,"Missing input") -> 28800 | P15: =IF(COUNT(J15,F15)=2,J15*1000*F15,"Missing input") -> 9080700096000 | Q15: =IF(COUNT(N15,G15)=2,N15*G15,"Missing input") -> 226008000000 | R15: =IF(COUNT(P15,Q15)=2,SUM(P15:Q15),"Missing input") -> 9306708096000 | S15: =IF(COUNT(P15,R15)=2,IF(R15=0,"n.a.",P15/R15),"Missing input") -> 0.97571558 | T15: =IF(COUNT(Q15,R15)=2,IF(R15=0,"n.a.",Q15/R15),"Missing input") -> 0.024284419 | U15: S | V15: Expansion scenario | W15: wue_l_per_kwh | X15: =IF(ISNUMBER('Assumptions'!$B$60),'Assumptions'!$B$60,"Missing input") -> 1.5
A16: Base | B16: =IF(ISNUMBER('Assumptions'!$B$28),'Assumptions'!$B$28,"Missing input") -> 1000 | C16: =IF(ISNUMBER('Assumptions'!$B$61),'Assumptions'!$B$61,"Missing input") -> 0.6 | D16: =IF(ISNUMBER('Assumptions'!D8),'Assumptions'!D8,"Missing input") -> 1.3 | E16: =IF(ISNUMBER('Assumptions'!D9),'Assumptions'!D9,"Missing input") -> 0.5 | F16: =IF(ISNUMBER('Assumptions'!$B$18),'Assumptions'!$B$18,"Missing input") -> 996.74 | G16: =IF(ISNUMBER('Assumptions'!$B$19),'Assumptions'!$B$19,"Missing input") -> 21500 | H16: =IF(ISNUMBER('Assumptions'!$B$17),'Assumptions'!$B$17,"Missing input") -> 8760 | I16: =IF(COUNT(B16,C16,H16)=3,B16*C16*H16,"Missing input") -> 5256000 | J16: =IF(COUNT(I16,D16)=2,I16*D16,"Missing input") -> 6832800 | K16: =IF(COUNT(J16)=1,J16/1000000,"Missing input") -> 6.8328 | L16: =IF(COUNT(J16,H16)=2,J16/H16,"Missing input") -> 780 | M16: =IF(COUNT(B16,D16)=2,B16*D16,"Missing input") -> 1300 | N16: =IF(COUNT(I16,E16)=2,I16*1000*E16/1000,"Missing input") -> 2628000 | O16: =IF(COUNT(N16)=1,N16/365,"Missing input") -> 7200 | P16: =IF(COUNT(J16,F16)=2,J16*1000*F16,"Missing input") -> 6810525072000 | Q16: =IF(COUNT(N16,G16)=2,N16*G16,"Missing input") -> 56502000000 | R16: =IF(COUNT(P16,Q16)=2,SUM(P16:Q16),"Missing input") -> 6867027072000 | S16: =IF(COUNT(P16,R16)=2,IF(R16=0,"n.a.",P16/R16),"Missing input") -> 0.99177199 | T16: =IF(COUNT(Q16,R16)=2,IF(R16=0,"n.a.",Q16/R16),"Missing input") -> 0.0082280147 | U16: S | V16: Expansion scenario | W16: utilization | X16: =IF(ISNUMBER('Assumptions'!$B$61),'Assumptions'!$B$61,"Missing input") -> 0.6
A17: Base | B17: =IF(ISNUMBER('Assumptions'!$B$28),'Assumptions'!$B$28,"Missing input") -> 1000 | C17: =IF(ISNUMBER('Assumptions'!$B$62),'Assumptions'!$B$62,"Missing input") -> 0.7 | D17: =IF(ISNUMBER('Assumptions'!D8),'Assumptions'!D8,"Missing input") -> 1.3 | E17: =IF(ISNUMBER('Assumptions'!D9),'Assumptions'!D9,"Missing input") -> 0.5 | F17: =IF(ISNUMBER('Assumptions'!$B$18),'Assumptions'!$B$18,"Missing input") -> 996.74 | G17: =IF(ISNUMBER('Assumptions'!$B$19),'Assumptions'!$B$19,"Missing input") -> 21500 | H17: =IF(ISNUMBER('Assumptions'!$B$17),'Assumptions'!$B$17,"Missing input") -> 8760 | I17: =IF(COUNT(B17,C17,H17)=3,B17*C17*H17,"Missing input") -> 6132000 | J17: =IF(COUNT(I17,D17)=2,I17*D17,"Missing input") -> 7971600 | K17: =IF(COUNT(J17)=1,J17/1000000,"Missing input") -> 7.9716 | L17: =IF(COUNT(J17,H17)=2,J17/H17,"Missing input") -> 910 | M17: =IF(COUNT(B17,D17)=2,B17*D17,"Missing input") -> 1300 | N17: =IF(COUNT(I17,E17)=2,I17*1000*E17/1000,"Missing input") -> 3066000 | O17: =IF(COUNT(N17)=1,N17/365,"Missing input") -> 8400 | P17: =IF(COUNT(J17,F17)=2,J17*1000*F17,"Missing input") -> 7945612584000 | Q17: =IF(COUNT(N17,G17)=2,N17*G17,"Missing input") -> 65919000000 | R17: =IF(COUNT(P17,Q17)=2,SUM(P17:Q17),"Missing input") -> 8011531584000 | S17: =IF(COUNT(P17,R17)=2,IF(R17=0,"n.a.",P17/R17),"Missing input") -> 0.99177199 | T17: =IF(COUNT(Q17,R17)=2,IF(R17=0,"n.a.",Q17/R17),"Missing input") -> 0.0082280147 | U17: S | V17: Expansion scenario | W17: utilization | X17: =IF(ISNUMBER('Assumptions'!$B$62),'Assumptions'!$B$62,"Missing input") -> 0.7
A18: Base | B18: =IF(ISNUMBER('Assumptions'!$B$28),'Assumptions'!$B$28,"Missing input") -> 1000 | C18: =IF(ISNUMBER('Assumptions'!$B$63),'Assumptions'!$B$63,"Missing input") -> 0.8 | D18: =IF(ISNUMBER('Assumptions'!D8),'Assumptions'!D8,"Missing input") -> 1.3 | E18: =IF(ISNUMBER('Assumptions'!D9),'Assumptions'!D9,"Missing input") -> 0.5 | F18: =IF(ISNUMBER('Assumptions'!$B$18),'Assumptions'!$B$18,"Missing input") -> 996.74 | G18: =IF(ISNUMBER('Assumptions'!$B$19),'Assumptions'!$B$19,"Missing input") -> 21500 | H18: =IF(ISNUMBER('Assumptions'!$B$17),'Assumptions'!$B$17,"Missing input") -> 8760 | I18: =IF(COUNT(B18,C18,H18)=3,B18*C18*H18,"Missing input") -> 7008000 | J18: =IF(COUNT(I18,D18)=2,I18*D18,"Missing input") -> 9110400 | K18: =IF(COUNT(J18)=1,J18/1000000,"Missing input") -> 9.1104 | L18: =IF(COUNT(J18,H18)=2,J18/H18,"Missing input") -> 1040 | M18: =IF(COUNT(B18,D18)=2,B18*D18,"Missing input") -> 1300 | N18: =IF(COUNT(I18,E18)=2,I18*1000*E18/1000,"Missing input") -> 3504000 | O18: =IF(COUNT(N18)=1,N18/365,"Missing input") -> 9600 | P18: =IF(COUNT(J18,F18)=2,J18*1000*F18,"Missing input") -> 9080700096000 | Q18: =IF(COUNT(N18,G18)=2,N18*G18,"Missing input") -> 75336000000 | R18: =IF(COUNT(P18,Q18)=2,SUM(P18:Q18),"Missing input") -> 9156036096000 | S18: =IF(COUNT(P18,R18)=2,IF(R18=0,"n.a.",P18/R18),"Missing input") -> 0.99177199 | T18: =IF(COUNT(Q18,R18)=2,IF(R18=0,"n.a.",Q18/R18),"Missing input") -> 0.0082280147 | U18: S | V18: Expansion scenario | W18: utilization | X18: =IF(ISNUMBER('Assumptions'!$B$63),'Assumptions'!$B$63,"Missing input") -> 0.8
A19: Base | B19: =IF(ISNUMBER('Assumptions'!$B$28),'Assumptions'!$B$28,"Missing input") -> 1000 | C19: =IF(ISNUMBER('Assumptions'!$B$64),'Assumptions'!$B$64,"Missing input") -> 0.9 | D19: =IF(ISNUMBER('Assumptions'!D8),'Assumptions'!D8,"Missing input") -> 1.3 | E19: =IF(ISNUMBER('Assumptions'!D9),'Assumptions'!D9,"Missing input") -> 0.5 | F19: =IF(ISNUMBER('Assumptions'!$B$18),'Assumptions'!$B$18,"Missing input") -> 996.74 | G19: =IF(ISNUMBER('Assumptions'!$B$19),'Assumptions'!$B$19,"Missing input") -> 21500 | H19: =IF(ISNUMBER('Assumptions'!$B$17),'Assumptions'!$B$17,"Missing input") -> 8760 | I19: =IF(COUNT(B19,C19,H19)=3,B19*C19*H19,"Missing input") -> 7884000 | J19: =IF(COUNT(I19,D19)=2,I19*D19,"Missing input") -> 10249200 | K19: =IF(COUNT(J19)=1,J19/1000000,"Missing input") -> 10.2492 | L19: =IF(COUNT(J19,H19)=2,J19/H19,"Missing input") -> 1170 | M19: =IF(COUNT(B19,D19)=2,B19*D19,"Missing input") -> 1300 | N19: =IF(COUNT(I19,E19)=2,I19*1000*E19/1000,"Missing input") -> 3942000 | O19: =IF(COUNT(N19)=1,N19/365,"Missing input") -> 10800 | P19: =IF(COUNT(J19,F19)=2,J19*1000*F19,"Missing input") -> 10215787608000 | Q19: =IF(COUNT(N19,G19)=2,N19*G19,"Missing input") -> 84753000000 | R19: =IF(COUNT(P19,Q19)=2,SUM(P19:Q19),"Missing input") -> 10300540608000 | S19: =IF(COUNT(P19,R19)=2,IF(R19=0,"n.a.",P19/R19),"Missing input") -> 0.99177199 | T19: =IF(COUNT(Q19,R19)=2,IF(R19=0,"n.a.",Q19/R19),"Missing input") -> 0.0082280147 | U19: S | V19: Expansion scenario | W19: utilization | X19: =IF(ISNUMBER('Assumptions'!$B$64),'Assumptions'!$B$64,"Missing input") -> 0.9
A20: Base | B20: =IF(ISNUMBER('Assumptions'!$B$28),'Assumptions'!$B$28,"Missing input") -> 1000 | C20: =IF(ISNUMBER('Assumptions'!$B$65),'Assumptions'!$B$65,"Missing input") -> 0.95 | D20: =IF(ISNUMBER('Assumptions'!D8),'Assumptions'!D8,"Missing input") -> 1.3 | E20: =IF(ISNUMBER('Assumptions'!D9),'Assumptions'!D9,"Missing input") -> 0.5 | F20: =IF(ISNUMBER('Assumptions'!$B$18),'Assumptions'!$B$18,"Missing input") -> 996.74 | G20: =IF(ISNUMBER('Assumptions'!$B$19),'Assumptions'!$B$19,"Missing input") -> 21500 | H20: =IF(ISNUMBER('Assumptions'!$B$17),'Assumptions'!$B$17,"Missing input") -> 8760 | I20: =IF(COUNT(B20,C20,H20)=3,B20*C20*H20,"Missing input") -> 8322000 | J20: =IF(COUNT(I20,D20)=2,I20*D20,"Missing input") -> 10818600 | K20: =IF(COUNT(J20)=1,J20/1000000,"Missing input") -> 10.8186 | L20: =IF(COUNT(J20,H20)=2,J20/H20,"Missing input") -> 1235 | M20: =IF(COUNT(B20,D20)=2,B20*D20,"Missing input") -> 1300 | N20: =IF(COUNT(I20,E20)=2,I20*1000*E20/1000,"Missing input") -> 4161000 | O20: =IF(COUNT(N20)=1,N20/365,"Missing input") -> 11400 | P20: =IF(COUNT(J20,F20)=2,J20*1000*F20,"Missing input") -> 10783331364000 | Q20: =IF(COUNT(N20,G20)=2,N20*G20,"Missing input") -> 89461500000 | R20: =IF(COUNT(P20,Q20)=2,SUM(P20:Q20),"Missing input") -> 10872792864000 | S20: =IF(COUNT(P20,R20)=2,IF(R20=0,"n.a.",P20/R20),"Missing input") -> 0.99177199 | T20: =IF(COUNT(Q20,R20)=2,IF(R20=0,"n.a.",Q20/R20),"Missing input") -> 0.0082280147 | U20: S | V20: Expansion scenario | W20: utilization | X20: =IF(ISNUMBER('Assumptions'!$B$65),'Assumptions'!$B$65,"Missing input") -> 0.95
A21: Base | B21: =IF(ISNUMBER('Assumptions'!$B$28),'Assumptions'!$B$28,"Missing input") -> 1000 | C21: =IF(ISNUMBER('Assumptions'!D7),'Assumptions'!D7,"Missing input") -> 0.8 | D21: =IF(ISNUMBER('Assumptions'!D8),'Assumptions'!D8,"Missing input") -> 1.3 | E21: =IF(ISNUMBER('Assumptions'!D9),'Assumptions'!D9,"Missing input") -> 0.5 | F21: =IF(COUNT('Assumptions'!$B$18,'Assumptions'!$B$66)=2,'Assumptions'!$B$18*'Assumptions'!$B$66,"Missing input") -> 797.392 | G21: =IF(ISNUMBER('Assumptions'!$B$19),'Assumptions'!$B$19,"Missing input") -> 21500 | H21: =IF(ISNUMBER('Assumptions'!$B$17),'Assumptions'!$B$17,"Missing input") -> 8760 | I21: =IF(COUNT(B21,C21,H21)=3,B21*C21*H21,"Missing input") -> 7008000 | J21: =IF(COUNT(I21,D21)=2,I21*D21,"Missing input") -> 9110400 | K21: =IF(COUNT(J21)=1,J21/1000000,"Missing input") -> 9.1104 | L21: =IF(COUNT(J21,H21)=2,J21/H21,"Missing input") -> 1040 | M21: =IF(COUNT(B21,D21)=2,B21*D21,"Missing input") -> 1300 | N21: =IF(COUNT(I21,E21)=2,I21*1000*E21/1000,"Missing input") -> 3504000 | O21: =IF(COUNT(N21)=1,N21/365,"Missing input") -> 9600 | P21: =IF(COUNT(J21,F21)=2,J21*1000*F21,"Missing input") -> 7264560076800 | Q21: =IF(COUNT(N21,G21)=2,N21*G21,"Missing input") -> 75336000000 | R21: =IF(COUNT(P21,Q21)=2,SUM(P21:Q21),"Missing input") -> 7339896076800 | S21: =IF(COUNT(P21,R21)=2,IF(R21=0,"n.a.",P21/R21),"Missing input") -> 0.98973609 | T21: =IF(COUNT(Q21,R21)=2,IF(R21=0,"n.a.",Q21/R21),"Missing input") -> 0.010263906 | U21: S | V21: Expansion scenario | W21: electricity_tariff_multiplier | X21: =IF(ISNUMBER('Assumptions'!$B$66),'Assumptions'!$B$66,"Missing input") -> 0.8
A22: Base | B22: =IF(ISNUMBER('Assumptions'!$B$28),'Assumptions'!$B$28,"Missing input") -> 1000 | C22: =IF(ISNUMBER('Assumptions'!D7),'Assumptions'!D7,"Missing input") -> 0.8 | D22: =IF(ISNUMBER('Assumptions'!D8),'Assumptions'!D8,"Missing input") -> 1.3 | E22: =IF(ISNUMBER('Assumptions'!D9),'Assumptions'!D9,"Missing input") -> 0.5 | F22: =IF(COUNT('Assumptions'!$B$18,'Assumptions'!$B$67)=2,'Assumptions'!$B$18*'Assumptions'!$B$67,"Missing input") -> 996.74 | G22: =IF(ISNUMBER('Assumptions'!$B$19),'Assumptions'!$B$19,"Missing input") -> 21500 | H22: =IF(ISNUMBER('Assumptions'!$B$17),'Assumptions'!$B$17,"Missing input") -> 8760 | I22: =IF(COUNT(B22,C22,H22)=3,B22*C22*H22,"Missing input") -> 7008000 | J22: =IF(COUNT(I22,D22)=2,I22*D22,"Missing input") -> 9110400 | K22: =IF(COUNT(J22)=1,J22/1000000,"Missing input") -> 9.1104 | L22: =IF(COUNT(J22,H22)=2,J22/H22,"Missing input") -> 1040 | M22: =IF(COUNT(B22,D22)=2,B22*D22,"Missing input") -> 1300 | N22: =IF(COUNT(I22,E22)=2,I22*1000*E22/1000,"Missing input") -> 3504000 | O22: =IF(COUNT(N22)=1,N22/365,"Missing input") -> 9600 | P22: =IF(COUNT(J22,F22)=2,J22*1000*F22,"Missing input") -> 9080700096000 | Q22: =IF(COUNT(N22,G22)=2,N22*G22,"Missing input") -> 75336000000 | R22: =IF(COUNT(P22,Q22)=2,SUM(P22:Q22),"Missing input") -> 9156036096000 | S22: =IF(COUNT(P22,R22)=2,IF(R22=0,"n.a.",P22/R22),"Missing input") -> 0.99177199 | T22: =IF(COUNT(Q22,R22)=2,IF(R22=0,"n.a.",Q22/R22),"Missing input") -> 0.0082280147 | U22: S | V22: Expansion scenario | W22: electricity_tariff_multiplier | X22: =IF(ISNUMBER('Assumptions'!$B$67),'Assumptions'!$B$67,"Missing input") -> 1
A23: Base | B23: =IF(ISNUMBER('Assumptions'!$B$28),'Assumptions'!$B$28,"Missing input") -> 1000 | C23: =IF(ISNUMBER('Assumptions'!D7),'Assumptions'!D7,"Missing input") -> 0.8 | D23: =IF(ISNUMBER('Assumptions'!D8),'Assumptions'!D8,"Missing input") -> 1.3 | E23: =IF(ISNUMBER('Assumptions'!D9),'Assumptions'!D9,"Missing input") -> 0.5 | F23: =IF(COUNT('Assumptions'!$B$18,'Assumptions'!$B$68)=2,'Assumptions'!$B$18*'Assumptions'!$B$68,"Missing input") -> 1196.088 | G23: =IF(ISNUMBER('Assumptions'!$B$19),'Assumptions'!$B$19,"Missing input") -> 21500 | H23: =IF(ISNUMBER('Assumptions'!$B$17),'Assumptions'!$B$17,"Missing input") -> 8760 | I23: =IF(COUNT(B23,C23,H23)=3,B23*C23*H23,"Missing input") -> 7008000 | J23: =IF(COUNT(I23,D23)=2,I23*D23,"Missing input") -> 9110400 | K23: =IF(COUNT(J23)=1,J23/1000000,"Missing input") -> 9.1104 | L23: =IF(COUNT(J23,H23)=2,J23/H23,"Missing input") -> 1040 | M23: =IF(COUNT(B23,D23)=2,B23*D23,"Missing input") -> 1300 | N23: =IF(COUNT(I23,E23)=2,I23*1000*E23/1000,"Missing input") -> 3504000 | O23: =IF(COUNT(N23)=1,N23/365,"Missing input") -> 9600 | P23: =IF(COUNT(J23,F23)=2,J23*1000*F23,"Missing input") -> 10896840115200 | Q23: =IF(COUNT(N23,G23)=2,N23*G23,"Missing input") -> 75336000000 | R23: =IF(COUNT(P23,Q23)=2,SUM(P23:Q23),"Missing input") -> 10972176115200 | S23: =IF(COUNT(P23,R23)=2,IF(R23=0,"n.a.",P23/R23),"Missing input") -> 0.99313391 | T23: =IF(COUNT(Q23,R23)=2,IF(R23=0,"n.a.",Q23/R23),"Missing input") -> 0.0068660947 | U23: S | V23: Expansion scenario | W23: electricity_tariff_multiplier | X23: =IF(ISNUMBER('Assumptions'!$B$68),'Assumptions'!$B$68,"Missing input") -> 1.2
A24: Base | B24: =IF(ISNUMBER('Assumptions'!$B$28),'Assumptions'!$B$28,"Missing input") -> 1000 | C24: =IF(ISNUMBER('Assumptions'!D7),'Assumptions'!D7,"Missing input") -> 0.8 | D24: =IF(ISNUMBER('Assumptions'!D8),'Assumptions'!D8,"Missing input") -> 1.3 | E24: =IF(ISNUMBER('Assumptions'!D9),'Assumptions'!D9,"Missing input") -> 0.5 | F24: =IF(ISNUMBER('Assumptions'!$B$18),'Assumptions'!$B$18,"Missing input") -> 996.74 | G24: =IF(COUNT('Assumptions'!$B$19,'Assumptions'!$B$69)=2,'Assumptions'!$B$19*'Assumptions'!$B$69,"Missing input") -> 17200 | H24: =IF(ISNUMBER('Assumptions'!$B$17),'Assumptions'!$B$17,"Missing input") -> 8760 | I24: =IF(COUNT(B24,C24,H24)=3,B24*C24*H24,"Missing input") -> 7008000 | J24: =IF(COUNT(I24,D24)=2,I24*D24,"Missing input") -> 9110400 | K24: =IF(COUNT(J24)=1,J24/1000000,"Missing input") -> 9.1104 | L24: =IF(COUNT(J24,H24)=2,J24/H24,"Missing input") -> 1040 | M24: =IF(COUNT(B24,D24)=2,B24*D24,"Missing input") -> 1300 | N24: =IF(COUNT(I24,E24)=2,I24*1000*E24/1000,"Missing input") -> 3504000 | O24: =IF(COUNT(N24)=1,N24/365,"Missing input") -> 9600 | P24: =IF(COUNT(J24,F24)=2,J24*1000*F24,"Missing input") -> 9080700096000 | Q24: =IF(COUNT(N24,G24)=2,N24*G24,"Missing input") -> 60268800000 | R24: =IF(COUNT(P24,Q24)=2,SUM(P24:Q24),"Missing input") -> 9140968896000 | S24: =IF(COUNT(P24,R24)=2,IF(R24=0,"n.a.",P24/R24),"Missing input") -> 0.99340674 | T24: =IF(COUNT(Q24,R24)=2,IF(R24=0,"n.a.",Q24/R24),"Missing input") -> 0.0065932617 | U24: S | V24: Expansion scenario | W24: water_tariff_multiplier | X24: =IF(ISNUMBER('Assumptions'!$B$69),'Assumptions'!$B$69,"Missing input") -> 0.8
A25: Base | B25: =IF(ISNUMBER('Assumptions'!$B$28),'Assumptions'!$B$28,"Missing input") -> 1000 | C25: =IF(ISNUMBER('Assumptions'!D7),'Assumptions'!D7,"Missing input") -> 0.8 | D25: =IF(ISNUMBER('Assumptions'!D8),'Assumptions'!D8,"Missing input") -> 1.3 | E25: =IF(ISNUMBER('Assumptions'!D9),'Assumptions'!D9,"Missing input") -> 0.5 | F25: =IF(ISNUMBER('Assumptions'!$B$18),'Assumptions'!$B$18,"Missing input") -> 996.74 | G25: =IF(COUNT('Assumptions'!$B$19,'Assumptions'!$B$70)=2,'Assumptions'!$B$19*'Assumptions'!$B$70,"Missing input") -> 21500 | H25: =IF(ISNUMBER('Assumptions'!$B$17),'Assumptions'!$B$17,"Missing input") -> 8760 | I25: =IF(COUNT(B25,C25,H25)=3,B25*C25*H25,"Missing input") -> 7008000 | J25: =IF(COUNT(I25,D25)=2,I25*D25,"Missing input") -> 9110400 | K25: =IF(COUNT(J25)=1,J25/1000000,"Missing input") -> 9.1104 | L25: =IF(COUNT(J25,H25)=2,J25/H25,"Missing input") -> 1040 | M25: =IF(COUNT(B25,D25)=2,B25*D25,"Missing input") -> 1300 | N25: =IF(COUNT(I25,E25)=2,I25*1000*E25/1000,"Missing input") -> 3504000 | O25: =IF(COUNT(N25)=1,N25/365,"Missing input") -> 9600 | P25: =IF(COUNT(J25,F25)=2,J25*1000*F25,"Missing input") -> 9080700096000 | Q25: =IF(COUNT(N25,G25)=2,N25*G25,"Missing input") -> 75336000000 | R25: =IF(COUNT(P25,Q25)=2,SUM(P25:Q25),"Missing input") -> 9156036096000 | S25: =IF(COUNT(P25,R25)=2,IF(R25=0,"n.a.",P25/R25),"Missing input") -> 0.99177199 | T25: =IF(COUNT(Q25,R25)=2,IF(R25=0,"n.a.",Q25/R25),"Missing input") -> 0.0082280147 | U25: S | V25: Expansion scenario | W25: water_tariff_multiplier | X25: =IF(ISNUMBER('Assumptions'!$B$70),'Assumptions'!$B$70,"Missing input") -> 1
A26: Base | B26: =IF(ISNUMBER('Assumptions'!$B$28),'Assumptions'!$B$28,"Missing input") -> 1000 | C26: =IF(ISNUMBER('Assumptions'!D7),'Assumptions'!D7,"Missing input") -> 0.8 | D26: =IF(ISNUMBER('Assumptions'!D8),'Assumptions'!D8,"Missing input") -> 1.3 | E26: =IF(ISNUMBER('Assumptions'!D9),'Assumptions'!D9,"Missing input") -> 0.5 | F26: =IF(ISNUMBER('Assumptions'!$B$18),'Assumptions'!$B$18,"Missing input") -> 996.74 | G26: =IF(COUNT('Assumptions'!$B$19,'Assumptions'!$B$71)=2,'Assumptions'!$B$19*'Assumptions'!$B$71,"Missing input") -> 25800 | H26: =IF(ISNUMBER('Assumptions'!$B$17),'Assumptions'!$B$17,"Missing input") -> 8760 | I26: =IF(COUNT(B26,C26,H26)=3,B26*C26*H26,"Missing input") -> 7008000 | J26: =IF(COUNT(I26,D26)=2,I26*D26,"Missing input") -> 9110400 | K26: =IF(COUNT(J26)=1,J26/1000000,"Missing input") -> 9.1104 | L26: =IF(COUNT(J26,H26)=2,J26/H26,"Missing input") -> 1040 | M26: =IF(COUNT(B26,D26)=2,B26*D26,"Missing input") -> 1300 | N26: =IF(COUNT(I26,E26)=2,I26*1000*E26/1000,"Missing input") -> 3504000 | O26: =IF(COUNT(N26)=1,N26/365,"Missing input") -> 9600 | P26: =IF(COUNT(J26,F26)=2,J26*1000*F26,"Missing input") -> 9080700096000 | Q26: =IF(COUNT(N26,G26)=2,N26*G26,"Missing input") -> 90403200000 | R26: =IF(COUNT(P26,Q26)=2,SUM(P26:Q26),"Missing input") -> 9171103296000 | S26: =IF(COUNT(P26,R26)=2,IF(R26=0,"n.a.",P26/R26),"Missing input") -> 0.9901426 | T26: =IF(COUNT(Q26,R26)=2,IF(R26=0,"n.a.",Q26/R26),"Missing input") -> 0.0098573963 | U26: S | V26: Expansion scenario | W26: water_tariff_multiplier | X26: =IF(ISNUMBER('Assumptions'!$B$71),'Assumptions'!$B$71,"Missing input") -> 1.2
A31: Joint cooling stress: total annual resource cost (Rp trillion)
A33: PUE / WUE (L/IT kWh) | B33: =IF(ISNUMBER('Assumptions'!B56),'Assumptions'!B56,"Missing input") -> 0 | C33: =IF(ISNUMBER('Assumptions'!B57),'Assumptions'!B57,"Missing input") -> 0.2 | D33: =IF(ISNUMBER('Assumptions'!B58),'Assumptions'!B58,"Missing input") -> 0.5 | E33: =IF(ISNUMBER('Assumptions'!B59),'Assumptions'!B59,"Missing input") -> 1 | F33: =IF(ISNUMBER('Assumptions'!B60),'Assumptions'!B60,"Missing input") -> 1.5
A34: =IF(ISNUMBER('Assumptions'!B51),'Assumptions'!B51,"Missing input") -> 1.1 | B34: =IF(COUNT('Assumptions'!$B$28,'Assumptions'!$D$7,'Assumptions'!$B$17,$A34,B$33,'Assumptions'!$B$18,'Assumptions'!$B$19)=7,'Assumptions'!$B$28*'Assumptions'!$D$7*'Assumptions'!$B$17*($A34*1000*'Assumptions'!$B$18+B$33*'Assumptions'!$B$19)/1000000000000,"Missing input") -> 7.6836693 | C34: =IF(COUNT('Assumptions'!$B$28,'Assumptions'!$D$7,'Assumptions'!$B$17,$A34,C$33,'Assumptions'!$B$18,'Assumptions'!$B$19)=7,'Assumptions'!$B$28*'Assumptions'!$D$7*'Assumptions'!$B$17*($A34*1000*'Assumptions'!$B$18+C$33*'Assumptions'!$B$19)/1000000000000,"Missing input") -> 7.7138037 | D34: =IF(COUNT('Assumptions'!$B$28,'Assumptions'!$D$7,'Assumptions'!$B$17,$A34,D$33,'Assumptions'!$B$18,'Assumptions'!$B$19)=7,'Assumptions'!$B$28*'Assumptions'!$D$7*'Assumptions'!$B$17*($A34*1000*'Assumptions'!$B$18+D$33*'Assumptions'!$B$19)/1000000000000,"Missing input") -> 7.7590053 | E34: =IF(COUNT('Assumptions'!$B$28,'Assumptions'!$D$7,'Assumptions'!$B$17,$A34,E$33,'Assumptions'!$B$18,'Assumptions'!$B$19)=7,'Assumptions'!$B$28*'Assumptions'!$D$7*'Assumptions'!$B$17*($A34*1000*'Assumptions'!$B$18+E$33*'Assumptions'!$B$19)/1000000000000,"Missing input") -> 7.8343413 | F34: =IF(COUNT('Assumptions'!$B$28,'Assumptions'!$D$7,'Assumptions'!$B$17,$A34,F$33,'Assumptions'!$B$18,'Assumptions'!$B$19)=7,'Assumptions'!$B$28*'Assumptions'!$D$7*'Assumptions'!$B$17*($A34*1000*'Assumptions'!$B$18+F$33*'Assumptions'!$B$19)/1000000000000,"Missing input") -> 7.9096773
A35: =IF(ISNUMBER('Assumptions'!B52),'Assumptions'!B52,"Missing input") -> 1.2 | B35: =IF(COUNT('Assumptions'!$B$28,'Assumptions'!$D$7,'Assumptions'!$B$17,$A35,B$33,'Assumptions'!$B$18,'Assumptions'!$B$19)=7,'Assumptions'!$B$28*'Assumptions'!$D$7*'Assumptions'!$B$17*($A35*1000*'Assumptions'!$B$18+B$33*'Assumptions'!$B$19)/1000000000000,"Missing input") -> 8.3821847 | C35: =IF(COUNT('Assumptions'!$B$28,'Assumptions'!$D$7,'Assumptions'!$B$17,$A35,C$33,'Assumptions'!$B$18,'Assumptions'!$B$19)=7,'Assumptions'!$B$28*'Assumptions'!$D$7*'Assumptions'!$B$17*($A35*1000*'Assumptions'!$B$18+C$33*'Assumptions'!$B$19)/1000000000000,"Missing input") -> 8.4123191 | D35: =IF(COUNT('Assumptions'!$B$28,'Assumptions'!$D$7,'Assumptions'!$B$17,$A35,D$33,'Assumptions'!$B$18,'Assumptions'!$B$19)=7,'Assumptions'!$B$28*'Assumptions'!$D$7*'Assumptions'!$B$17*($A35*1000*'Assumptions'!$B$18+D$33*'Assumptions'!$B$19)/1000000000000,"Missing input") -> 8.4575207 | E35: =IF(COUNT('Assumptions'!$B$28,'Assumptions'!$D$7,'Assumptions'!$B$17,$A35,E$33,'Assumptions'!$B$18,'Assumptions'!$B$19)=7,'Assumptions'!$B$28*'Assumptions'!$D$7*'Assumptions'!$B$17*($A35*1000*'Assumptions'!$B$18+E$33*'Assumptions'!$B$19)/1000000000000,"Missing input") -> 8.5328567 | F35: =IF(COUNT('Assumptions'!$B$28,'Assumptions'!$D$7,'Assumptions'!$B$17,$A35,F$33,'Assumptions'!$B$18,'Assumptions'!$B$19)=7,'Assumptions'!$B$28*'Assumptions'!$D$7*'Assumptions'!$B$17*($A35*1000*'Assumptions'!$B$18+F$33*'Assumptions'!$B$19)/1000000000000,"Missing input") -> 8.6081927
A36: =IF(ISNUMBER('Assumptions'!B53),'Assumptions'!B53,"Missing input") -> 1.3 | B36: =IF(COUNT('Assumptions'!$B$28,'Assumptions'!$D$7,'Assumptions'!$B$17,$A36,B$33,'Assumptions'!$B$18,'Assumptions'!$B$19)=7,'Assumptions'!$B$28*'Assumptions'!$D$7*'Assumptions'!$B$17*($A36*1000*'Assumptions'!$B$18+B$33*'Assumptions'!$B$19)/1000000000000,"Missing input") -> 9.0807001 | C36: =IF(COUNT('Assumptions'!$B$28,'Assumptions'!$D$7,'Assumptions'!$B$17,$A36,C$33,'Assumptions'!$B$18,'Assumptions'!$B$19)=7,'Assumptions'!$B$28*'Assumptions'!$D$7*'Assumptions'!$B$17*($A36*1000*'Assumptions'!$B$18+C$33*'Assumptions'!$B$19)/1000000000000,"Missing input") -> 9.1108345 | D36: =IF(COUNT('Assumptions'!$B$28,'Assumptions'!$D$7,'Assumptions'!$B$17,$A36,D$33,'Assumptions'!$B$18,'Assumptions'!$B$19)=7,'Assumptions'!$B$28*'Assumptions'!$D$7*'Assumptions'!$B$17*($A36*1000*'Assumptions'!$B$18+D$33*'Assumptions'!$B$19)/1000000000000,"Missing input") -> 9.1560361 | E36: =IF(COUNT('Assumptions'!$B$28,'Assumptions'!$D$7,'Assumptions'!$B$17,$A36,E$33,'Assumptions'!$B$18,'Assumptions'!$B$19)=7,'Assumptions'!$B$28*'Assumptions'!$D$7*'Assumptions'!$B$17*($A36*1000*'Assumptions'!$B$18+E$33*'Assumptions'!$B$19)/1000000000000,"Missing input") -> 9.2313721 | F36: =IF(COUNT('Assumptions'!$B$28,'Assumptions'!$D$7,'Assumptions'!$B$17,$A36,F$33,'Assumptions'!$B$18,'Assumptions'!$B$19)=7,'Assumptions'!$B$28*'Assumptions'!$D$7*'Assumptions'!$B$17*($A36*1000*'Assumptions'!$B$18+F$33*'Assumptions'!$B$19)/1000000000000,"Missing input") -> 9.3067081
A37: =IF(ISNUMBER('Assumptions'!B54),'Assumptions'!B54,"Missing input") -> 1.4 | B37: =IF(COUNT('Assumptions'!$B$28,'Assumptions'!$D$7,'Assumptions'!$B$17,$A37,B$33,'Assumptions'!$B$18,'Assumptions'!$B$19)=7,'Assumptions'!$B$28*'Assumptions'!$D$7*'Assumptions'!$B$17*($A37*1000*'Assumptions'!$B$18+B$33*'Assumptions'!$B$19)/1000000000000,"Missing input") -> 9.7792155 | C37: =IF(COUNT('Assumptions'!$B$28,'Assumptions'!$D$7,'Assumptions'!$B$17,$A37,C$33,'Assumptions'!$B$18,'Assumptions'!$B$19)=7,'Assumptions'!$B$28*'Assumptions'!$D$7*'Assumptions'!$B$17*($A37*1000*'Assumptions'!$B$18+C$33*'Assumptions'!$B$19)/1000000000000,"Missing input") -> 9.8093499 | D37: =IF(COUNT('Assumptions'!$B$28,'Assumptions'!$D$7,'Assumptions'!$B$17,$A37,D$33,'Assumptions'!$B$18,'Assumptions'!$B$19)=7,'Assumptions'!$B$28*'Assumptions'!$D$7*'Assumptions'!$B$17*($A37*1000*'Assumptions'!$B$18+D$33*'Assumptions'!$B$19)/1000000000000,"Missing input") -> 9.8545515 | E37: =IF(COUNT('Assumptions'!$B$28,'Assumptions'!$D$7,'Assumptions'!$B$17,$A37,E$33,'Assumptions'!$B$18,'Assumptions'!$B$19)=7,'Assumptions'!$B$28*'Assumptions'!$D$7*'Assumptions'!$B$17*($A37*1000*'Assumptions'!$B$18+E$33*'Assumptions'!$B$19)/1000000000000,"Missing input") -> 9.9298875 | F37: =IF(COUNT('Assumptions'!$B$28,'Assumptions'!$D$7,'Assumptions'!$B$17,$A37,F$33,'Assumptions'!$B$18,'Assumptions'!$B$19)=7,'Assumptions'!$B$28*'Assumptions'!$D$7*'Assumptions'!$B$17*($A37*1000*'Assumptions'!$B$18+F$33*'Assumptions'!$B$19)/1000000000000,"Missing input") -> 10.005223
A38: =IF(ISNUMBER('Assumptions'!B55),'Assumptions'!B55,"Missing input") -> 1.5 | B38: =IF(COUNT('Assumptions'!$B$28,'Assumptions'!$D$7,'Assumptions'!$B$17,$A38,B$33,'Assumptions'!$B$18,'Assumptions'!$B$19)=7,'Assumptions'!$B$28*'Assumptions'!$D$7*'Assumptions'!$B$17*($A38*1000*'Assumptions'!$B$18+B$33*'Assumptions'!$B$19)/1000000000000,"Missing input") -> 10.477731 | C38: =IF(COUNT('Assumptions'!$B$28,'Assumptions'!$D$7,'Assumptions'!$B$17,$A38,C$33,'Assumptions'!$B$18,'Assumptions'!$B$19)=7,'Assumptions'!$B$28*'Assumptions'!$D$7*'Assumptions'!$B$17*($A38*1000*'Assumptions'!$B$18+C$33*'Assumptions'!$B$19)/1000000000000,"Missing input") -> 10.507865 | D38: =IF(COUNT('Assumptions'!$B$28,'Assumptions'!$D$7,'Assumptions'!$B$17,$A38,D$33,'Assumptions'!$B$18,'Assumptions'!$B$19)=7,'Assumptions'!$B$28*'Assumptions'!$D$7*'Assumptions'!$B$17*($A38*1000*'Assumptions'!$B$18+D$33*'Assumptions'!$B$19)/1000000000000,"Missing input") -> 10.553067 | E38: =IF(COUNT('Assumptions'!$B$28,'Assumptions'!$D$7,'Assumptions'!$B$17,$A38,E$33,'Assumptions'!$B$18,'Assumptions'!$B$19)=7,'Assumptions'!$B$28*'Assumptions'!$D$7*'Assumptions'!$B$17*($A38*1000*'Assumptions'!$B$18+E$33*'Assumptions'!$B$19)/1000000000000,"Missing input") -> 10.628403 | F38: =IF(COUNT('Assumptions'!$B$28,'Assumptions'!$D$7,'Assumptions'!$B$17,$A38,F$33,'Assumptions'!$B$18,'Assumptions'!$B$19)=7,'Assumptions'!$B$28*'Assumptions'!$D$7*'Assumptions'!$B$17*($A38*1000*'Assumptions'!$B$18+F$33*'Assumptions'!$B$19)/1000000000000,"Missing input") -> 10.703739

Sheet 2030 Outlook
A2: Source-anchored 2030–2032 capacity and resource outlook
A3: Incomplete nationwide documented capacity combines the Greater Jakarta market anchor with separately sourced Surabaya, Batam and Bintan. Analyst realization assumptions. Unknown capacity is excluded.
A5: Case | B5: IT capacity (MW) | C5: Electrical utilization | D5: PUE (facility/IT) | E5: WUE (L/IT kWh) | F5: Electricity (Rp/kWh) | G5: Water (Rp/m³) | H5: Hours/year | I5: IT electricity (MWh/year) | J5: Facility electricity (MWh/year) | K5: Facility electricity (TWh/year) | L5: Average facility load (MW) | M5: Full IT load facility power (MW) | N5: Direct water (m³/year) | O5: Direct water (m³/day) | P5: Electricity cost (Rp/year) | Q5: Water cost (Rp/year) | R5: Total resource cost (Rp/year) | S5: Electricity cost share | T5: Water cost share | U5: Data class | V5: Scope / notes | W5: Outlook case | X5: Year | Y5: National consumption scenario (TWh) | Z5: Share of future national consumption | AA5: Capacity anchor source IDs | AB5: Official PLN sales forecast (TWh) | AC5: Share of official PLN forecast | AD5: PLN forecast source ID
A6: Low | B6: =IF(ISNUMBER('Assumptions'!C40),'Assumptions'!C40,"Missing input") -> 640.75 | C6: =IF(ISNUMBER('Assumptions'!C7),'Assumptions'!C7,"Missing input") -> 0.6 | D6: =IF(ISNUMBER('Assumptions'!C8),'Assumptions'!C8,"Missing input") -> 1.2 | E6: =IF(ISNUMBER('Assumptions'!C9),'Assumptions'!C9,"Missing input") -> 0 | F6: =IF(ISNUMBER('Assumptions'!$B$18),'Assumptions'!$B$18,"Missing input") -> 996.74 | G6: =IF(ISNUMBER('Assumptions'!$B$19),'Assumptions'!$B$19,"Missing input") -> 21500 | H6: =IF(ISNUMBER('Assumptions'!$B$17),'Assumptions'!$B$17,"Missing input") -> 8760 | I6: =IF(COUNT(B6,C6,H6)=3,B6*C6*H6,"Missing input") -> 3367782 | J6: =IF(COUNT(I6,D6)=2,I6*D6,"Missing input") -> 4041338.4 | K6: =IF(COUNT(J6)=1,J6/1000000,"Missing input") -> 4.0413384 | L6: =IF(COUNT(J6,H6)=2,J6/H6,"Missing input") -> 461.34 | M6: =IF(COUNT(B6,D6)=2,B6*D6,"Missing input") -> 768.9 | N6: =IF(COUNT(I6,E6)=2,I6*1000*E6/1000,"Missing input") -> 0 | O6: =IF(COUNT(N6)=1,N6/365,"Missing input") -> 0 | P6: =IF(COUNT(J6,F6)=2,J6*1000*F6,"Missing input") -> 4028163636816 | Q6: =IF(COUNT(N6,G6)=2,N6*G6,"Missing input") -> 0 | R6: =IF(COUNT(P6,Q6)=2,SUM(P6:Q6),"Missing input") -> 4028163636816 | S6: =IF(COUNT(P6,R6)=2,IF(R6=0,"n.a.",P6/R6),"Missing input") -> 1 | T6: =IF(COUNT(Q6,R6)=2,IF(R6=0,"n.a.",Q6/R6),"Missing input") -> 0 | U6: S | V6: Partial nationwide documented capacity: operating331 plus75%,87.5%,100% of413MW construction by2030/31/32; no planned pipeline activated. 25% construction slippage at2030 is an explicit timing stress with linear recovery by2032. Non-Jakarta components are separately sourced and do not overlap metro inventory. | W6: Conservative | X6: ='Assumptions'!B40 -> 2030 | Y6: =IF(COUNT('Assumptions'!$B$25,'Assumptions'!$B$27,X6,'Assumptions'!$B$24)=4,'Assumptions'!$B$25*(1+'Assumptions'!$B$27)^(X6-'Assumptions'!$B$24),"Missing input") -> 608.89398 | Z6: =IF(COUNT(K6,Y6)=2,K6/Y6,"Missing input") -> 0.0066371791 | AA6: ELEC004;ELEC006;DC001;DC017;DC036 | AB6: =IF(ISNUMBER('Assumptions'!B75),'Assumptions'!B75,"Missing input") -> 416.035 | AC6: =IF(COUNT(K6,AB6)=2,K6/AB6,"Missing input") -> 0.0097139385 | AD6: ELEC003
A7: Low | B7: =IF(ISNUMBER('Assumptions'!C41),'Assumptions'!C41,"Missing input") -> 692.375 | C7: =IF(ISNUMBER('Assumptions'!C7),'Assumptions'!C7,"Missing input") -> 0.6 | D7: =IF(ISNUMBER('Assumptions'!C8),'Assumptions'!C8,"Missing input") -> 1.2 | E7: =IF(ISNUMBER('Assumptions'!C9),'Assumptions'!C9,"Missing input") -> 0 | F7: =IF(ISNUMBER('Assumptions'!$B$18),'Assumptions'!$B$18,"Missing input") -> 996.74 | G7: =IF(ISNUMBER('Assumptions'!$B$19),'Assumptions'!$B$19,"Missing input") -> 21500 | H7: =IF(ISNUMBER('Assumptions'!$B$17),'Assumptions'!$B$17,"Missing input") -> 8760 | I7: =IF(COUNT(B7,C7,H7)=3,B7*C7*H7,"Missing input") -> 3639123 | J7: =IF(COUNT(I7,D7)=2,I7*D7,"Missing input") -> 4366947.6 | K7: =IF(COUNT(J7)=1,J7/1000000,"Missing input") -> 4.3669476 | L7: =IF(COUNT(J7,H7)=2,J7/H7,"Missing input") -> 498.51 | M7: =IF(COUNT(B7,D7)=2,B7*D7,"Missing input") -> 830.85 | N7: =IF(COUNT(I7,E7)=2,I7*1000*E7/1000,"Missing input") -> 0 | O7: =IF(COUNT(N7)=1,N7/365,"Missing input") -> 0 | P7: =IF(COUNT(J7,F7)=2,J7*1000*F7,"Missing input") -> 4352711350824 | Q7: =IF(COUNT(N7,G7)=2,N7*G7,"Missing input") -> 0 | R7: =IF(COUNT(P7,Q7)=2,SUM(P7:Q7),"Missing input") -> 4352711350824 | S7: =IF(COUNT(P7,R7)=2,IF(R7=0,"n.a.",P7/R7),"Missing input") -> 1 | T7: =IF(COUNT(Q7,R7)=2,IF(R7=0,"n.a.",Q7/R7),"Missing input") -> 0 | U7: S | V7: Partial nationwide documented capacity: operating331 plus75%,87.5%,100% of413MW construction by2030/31/32; no planned pipeline activated. 25% construction slippage at2030 is an explicit timing stress with linear recovery by2032. Non-Jakarta components are separately sourced and do not overlap metro inventory. | W7: Conservative | X7: ='Assumptions'!B41 -> 2031 | Y7: =IF(COUNT('Assumptions'!$B$25,'Assumptions'!$B$27,X7,'Assumptions'!$B$24)=4,'Assumptions'!$B$25*(1+'Assumptions'!$B$27)^(X7-'Assumptions'!$B$24),"Missing input") -> 645.42761 | Z7: =IF(COUNT(K7,Y7)=2,K7/Y7,"Missing input") -> 0.0067659758 | AA7: ELEC004;ELEC006;DC001;DC017;DC036 | AB7: =IF(ISNUMBER('Assumptions'!B76),'Assumptions'!B76,"Missing input") -> 440.337 | AC7: =IF(COUNT(K7,AB7)=2,K7/AB7,"Missing input") -> 0.0099172852 | AD7: ELEC003
A8: Low | B8: =IF(ISNUMBER('Assumptions'!C42),'Assumptions'!C42,"Missing input") -> 744 | C8: =IF(ISNUMBER('Assumptions'!C7),'Assumptions'!C7,"Missing input") -> 0.6 | D8: =IF(ISNUMBER('Assumptions'!C8),'Assumptions'!C8,"Missing input") -> 1.2 | E8: =IF(ISNUMBER('Assumptions'!C9),'Assumptions'!C9,"Missing input") -> 0 | F8: =IF(ISNUMBER('Assumptions'!$B$18),'Assumptions'!$B$18,"Missing input") -> 996.74 | G8: =IF(ISNUMBER('Assumptions'!$B$19),'Assumptions'!$B$19,"Missing input") -> 21500 | H8: =IF(ISNUMBER('Assumptions'!$B$17),'Assumptions'!$B$17,"Missing input") -> 8760 | I8: =IF(COUNT(B8,C8,H8)=3,B8*C8*H8,"Missing input") -> 3910464 | J8: =IF(COUNT(I8,D8)=2,I8*D8,"Missing input") -> 4692556.8 | K8: =IF(COUNT(J8)=1,J8/1000000,"Missing input") -> 4.6925568 | L8: =IF(COUNT(J8,H8)=2,J8/H8,"Missing input") -> 535.68 | M8: =IF(COUNT(B8,D8)=2,B8*D8,"Missing input") -> 892.8 | N8: =IF(COUNT(I8,E8)=2,I8*1000*E8/1000,"Missing input") -> 0 | O8: =IF(COUNT(N8)=1,N8/365,"Missing input") -> 0 | P8: =IF(COUNT(J8,F8)=2,J8*1000*F8,"Missing input") -> 4677259064832 | Q8: =IF(COUNT(N8,G8)=2,N8*G8,"Missing input") -> 0 | R8: =IF(COUNT(P8,Q8)=2,SUM(P8:Q8),"Missing input") -> 4677259064832 | S8: =IF(COUNT(P8,R8)=2,IF(R8=0,"n.a.",P8/R8),"Missing input") -> 1 | T8: =IF(COUNT(Q8,R8)=2,IF(R8=0,"n.a.",Q8/R8),"Missing input") -> 0 | U8: S | V8: Partial nationwide documented capacity: operating331 plus75%,87.5%,100% of413MW construction by2030/31/32; no planned pipeline activated. 25% construction slippage at2030 is an explicit timing stress with linear recovery by2032. Non-Jakarta components are separately sourced and do not overlap metro inventory. | W8: Conservative | X8: ='Assumptions'!B42 -> 2032 | Y8: =IF(COUNT('Assumptions'!$B$25,'Assumptions'!$B$27,X8,'Assumptions'!$B$24)=4,'Assumptions'!$B$25*(1+'Assumptions'!$B$27)^(X8-'Assumptions'!$B$24),"Missing input") -> 684.15327 | Z8: =IF(COUNT(K8,Y8)=2,K8/Y8,"Missing input") -> 0.0068589262 | AA8: ELEC004;ELEC006;DC001;DC017;DC036 | AB8: =IF(ISNUMBER('Assumptions'!B77),'Assumptions'!B77,"Missing input") -> 467.876 | AC8: =IF(COUNT(K8,AB8)=2,K8/AB8,"Missing input") -> 0.010029488 | AD8: ELEC003
A9: Base | B9: =IF(ISNUMBER('Assumptions'!C43),'Assumptions'!C43,"Missing input") -> 1956 | C9: =IF(ISNUMBER('Assumptions'!D7),'Assumptions'!D7,"Missing input") -> 0.8 | D9: =IF(ISNUMBER('Assumptions'!D8),'Assumptions'!D8,"Missing input") -> 1.3 | E9: =IF(ISNUMBER('Assumptions'!D9),'Assumptions'!D9,"Missing input") -> 0.5 | F9: =IF(ISNUMBER('Assumptions'!$B$18),'Assumptions'!$B$18,"Missing input") -> 996.74 | G9: =IF(ISNUMBER('Assumptions'!$B$19),'Assumptions'!$B$19,"Missing input") -> 21500 | H9: =IF(ISNUMBER('Assumptions'!$B$17),'Assumptions'!$B$17,"Missing input") -> 8760 | I9: =IF(COUNT(B9,C9,H9)=3,B9*C9*H9,"Missing input") -> 13707648 | J9: =IF(COUNT(I9,D9)=2,I9*D9,"Missing input") -> 17819942 | K9: =IF(COUNT(J9)=1,J9/1000000,"Missing input") -> 17.819942 | L9: =IF(COUNT(J9,H9)=2,J9/H9,"Missing input") -> 2034.24 | M9: =IF(COUNT(B9,D9)=2,B9*D9,"Missing input") -> 2542.8 | N9: =IF(COUNT(I9,E9)=2,I9*1000*E9/1000,"Missing input") -> 6853824 | O9: =IF(COUNT(N9)=1,N9/365,"Missing input") -> 18777.6 | P9: =IF(COUNT(J9,F9)=2,J9*1000*F9,"Missing input") -> 1.7761849e+13 | Q9: =IF(COUNT(N9,G9)=2,N9*G9,"Missing input") -> 1.4735722e+11 | R9: =IF(COUNT(P9,Q9)=2,SUM(P9:Q9),"Missing input") -> 1.7909207e+13 | S9: =IF(COUNT(P9,R9)=2,IF(R9=0,"n.a.",P9/R9),"Missing input") -> 0.99177199 | T9: =IF(COUNT(Q9,R9)=2,IF(R9=0,"n.a.",Q9/R9),"Missing input") -> 0.0082280147 | U9: S | V9: Partial nationwide documented capacity: operating331 plus413MW construction plus50%,65%,80% of2424MW planned pipeline. Half of planned capacity by2030 and15 percentage-point annual realization are analyst execution assumptions; sourced inventory sets the scale. Unknown capacity remains excluded. | W9: Base Case | X9: ='Assumptions'!B43 -> 2030 | Y9: =IF(COUNT('Assumptions'!$B$25,'Assumptions'!$B$27,X9,'Assumptions'!$B$24)=4,'Assumptions'!$B$25*(1+'Assumptions'!$B$27)^(X9-'Assumptions'!$B$24),"Missing input") -> 608.89398 | Z9: =IF(COUNT(K9,Y9)=2,K9/Y9,"Missing input") -> 0.029266084 | AA9: ELEC004;ELEC006;DC001;DC017;DC036 | AB9: =IF(ISNUMBER('Assumptions'!B75),'Assumptions'!B75,"Missing input") -> 416.035 | AC9: =IF(COUNT(K9,AB9)=2,K9/AB9,"Missing input") -> 0.042832796 | AD9: ELEC003
A10: Base | B10: =IF(ISNUMBER('Assumptions'!C44),'Assumptions'!C44,"Missing input") -> 2319.6 | C10: =IF(ISNUMBER('Assumptions'!D7),'Assumptions'!D7,"Missing input") -> 0.8 | D10: =IF(ISNUMBER('Assumptions'!D8),'Assumptions'!D8,"Missing input") -> 1.3 | E10: =IF(ISNUMBER('Assumptions'!D9),'Assumptions'!D9,"Missing input") -> 0.5 | F10: =IF(ISNUMBER('Assumptions'!$B$18),'Assumptions'!$B$18,"Missing input") -> 996.74 | G10: =IF(ISNUMBER('Assumptions'!$B$19),'Assumptions'!$B$19,"Missing input") -> 21500 | H10: =IF(ISNUMBER('Assumptions'!$B$17),'Assumptions'!$B$17,"Missing input") -> 8760 | I10: =IF(COUNT(B10,C10,H10)=3,B10*C10*H10,"Missing input") -> 16255757 | J10: =IF(COUNT(I10,D10)=2,I10*D10,"Missing input") -> 21132484 | K10: =IF(COUNT(J10)=1,J10/1000000,"Missing input") -> 21.132484 | L10: =IF(COUNT(J10,H10)=2,J10/H10,"Missing input") -> 2412.384 | M10: =IF(COUNT(B10,D10)=2,B10*D10,"Missing input") -> 3015.48 | N10: =IF(COUNT(I10,E10)=2,I10*1000*E10/1000,"Missing input") -> 8127878.4 | O10: =IF(COUNT(N10)=1,N10/365,"Missing input") -> 22268.16 | P10: =IF(COUNT(J10,F10)=2,J10*1000*F10,"Missing input") -> 2.1063592e+13 | Q10: =IF(COUNT(N10,G10)=2,N10*G10,"Missing input") -> 174749385600 | R10: =IF(COUNT(P10,Q10)=2,SUM(P10:Q10),"Missing input") -> 2.1238341e+13 | S10: =IF(COUNT(P10,R10)=2,IF(R10=0,"n.a.",P10/R10),"Missing input") -> 0.99177199 | T10: =IF(COUNT(Q10,R10)=2,IF(R10=0,"n.a.",Q10/R10),"Missing input") -> 0.0082280147 | U10: S | V10: Partial nationwide documented capacity: operating331 plus413MW construction plus50%,65%,80% of2424MW planned pipeline. Half of planned capacity by2030 and15 percentage-point annual realization are analyst execution assumptions; sourced inventory sets the scale. Unknown capacity remains excluded. | W10: Base Case | X10: ='Assumptions'!B44 -> 2031 | Y10: =IF(COUNT('Assumptions'!$B$25,'Assumptions'!$B$27,X10,'Assumptions'!$B$24)=4,'Assumptions'!$B$25*(1+'Assumptions'!$B$27)^(X10-'Assumptions'!$B$24),"Missing input") -> 645.42761 | Z10: =IF(COUNT(K10,Y10)=2,K10/Y10,"Missing input") -> 0.032741834 | AA10: ELEC004;ELEC006;DC001;DC017;DC036 | AB10: =IF(ISNUMBER('Assumptions'!B76),'Assumptions'!B76,"Missing input") -> 440.337 | AC10: =IF(COUNT(K10,AB10)=2,K10/AB10,"Missing input") -> 0.047991615 | AD10: ELEC003
A11: Base | B11: =IF(ISNUMBER('Assumptions'!C45),'Assumptions'!C45,"Missing input") -> 2683.2 | C11: =IF(ISNUMBER('Assumptions'!D7),'Assumptions'!D7,"Missing input") -> 0.8 | D11: =IF(ISNUMBER('Assumptions'!D8),'Assumptions'!D8,"Missing input") -> 1.3 | E11: =IF(ISNUMBER('Assumptions'!D9),'Assumptions'!D9,"Missing input") -> 0.5 | F11: =IF(ISNUMBER('Assumptions'!$B$18),'Assumptions'!$B$18,"Missing input") -> 996.74 | G11: =IF(ISNUMBER('Assumptions'!$B$19),'Assumptions'!$B$19,"Missing input") -> 21500 | H11: =IF(ISNUMBER('Assumptions'!$B$17),'Assumptions'!$B$17,"Missing input") -> 8760 | I11: =IF(COUNT(B11,C11,H11)=3,B11*C11*H11,"Missing input") -> 18803866 | J11: =IF(COUNT(I11,D11)=2,I11*D11,"Missing input") -> 24445025 | K11: =IF(COUNT(J11)=1,J11/1000000,"Missing input") -> 24.445025 | L11: =IF(COUNT(J11,H11)=2,J11/H11,"Missing input") -> 2790.528 | M11: =IF(COUNT(B11,D11)=2,B11*D11,"Missing input") -> 3488.16 | N11: =IF(COUNT(I11,E11)=2,I11*1000*E11/1000,"Missing input") -> 9401932.8 | O11: =IF(COUNT(N11)=1,N11/365,"Missing input") -> 25758.72 | P11: =IF(COUNT(J11,F11)=2,J11*1000*F11,"Missing input") -> 2.4365334e+13 | Q11: =IF(COUNT(N11,G11)=2,N11*G11,"Missing input") -> 2.0214156e+11 | R11: =IF(COUNT(P11,Q11)=2,SUM(P11:Q11),"Missing input") -> 2.4567476e+13 | S11: =IF(COUNT(P11,R11)=2,IF(R11=0,"n.a.",P11/R11),"Missing input") -> 0.99177199 | T11: =IF(COUNT(Q11,R11)=2,IF(R11=0,"n.a.",Q11/R11),"Missing input") -> 0.0082280147 | U11: S | V11: Partial nationwide documented capacity: operating331 plus413MW construction plus50%,65%,80% of2424MW planned pipeline. Half of planned capacity by2030 and15 percentage-point annual realization are analyst execution assumptions; sourced inventory sets the scale. Unknown capacity remains excluded. | W11: Base Case | X11: ='Assumptions'!B45 -> 2032 | Y11: =IF(COUNT('Assumptions'!$B$25,'Assumptions'!$B$27,X11,'Assumptions'!$B$24)=4,'Assumptions'!$B$25*(1+'Assumptions'!$B$27)^(X11-'Assumptions'!$B$24),"Missing input") -> 684.15327 | Z11: =IF(COUNT(K11,Y11)=2,K11/Y11,"Missing input") -> 0.035730335 | AA11: ELEC004;ELEC006;DC001;DC017;DC036 | AB11: =IF(ISNUMBER('Assumptions'!B77),'Assumptions'!B77,"Missing input") -> 467.876 | AC11: =IF(COUNT(K11,AB11)=2,K11/AB11,"Missing input") -> 0.052246803 | AD11: ELEC003
A12: High | B12: =IF(ISNUMBER('Assumptions'!C46),'Assumptions'!C46,"Missing input") -> 3168 | C12: =IF(ISNUMBER('Assumptions'!E7),'Assumptions'!E7,"Missing input") -> 0.95 | D12: =IF(ISNUMBER('Assumptions'!E8),'Assumptions'!E8,"Missing input") -> 1.5 | E12: =IF(ISNUMBER('Assumptions'!E9),'Assumptions'!E9,"Missing input") -> 1.5 | F12: =IF(ISNUMBER('Assumptions'!$B$18),'Assumptions'!$B$18,"Missing input") -> 996.74 | G12: =IF(ISNUMBER('Assumptions'!$B$19),'Assumptions'!$B$19,"Missing input") -> 21500 | H12: =IF(ISNUMBER('Assumptions'!$B$17),'Assumptions'!$B$17,"Missing input") -> 8760 | I12: =IF(COUNT(B12,C12,H12)=3,B12*C12*H12,"Missing input") -> 26364096 | J12: =IF(COUNT(I12,D12)=2,I12*D12,"Missing input") -> 39546144 | K12: =IF(COUNT(J12)=1,J12/1000000,"Missing input") -> 39.546144 | L12: =IF(COUNT(J12,H12)=2,J12/H12,"Missing input") -> 4514.4 | M12: =IF(COUNT(B12,D12)=2,B12*D12,"Missing input") -> 4752 | N12: =IF(COUNT(I12,E12)=2,I12*1000*E12/1000,"Missing input") -> 39546144 | O12: =IF(COUNT(N12)=1,N12/365,"Missing input") -> 108345.6 | P12: =IF(COUNT(J12,F12)=2,J12*1000*F12,"Missing input") -> 39417223570560 | Q12: =IF(COUNT(N12,G12)=2,N12*G12,"Missing input") -> 850242096000 | R12: =IF(COUNT(P12,Q12)=2,SUM(P12:Q12),"Missing input") -> 40267465666560 | S12: =IF(COUNT(P12,R12)=2,IF(R12=0,"n.a.",P12/R12),"Missing input") -> 0.97888514 | T12: =IF(COUNT(Q12,R12)=2,IF(R12=0,"n.a.",Q12/R12),"Missing input") -> 0.021114865 | U12: S | V12: Partial nationwide documented capacity: operating331 plus full413MW construction and2424MW planned by2030, then held at identified pipeline ceiling. AI-led acceleration, not a claim all capacity is AI. No unannounced expansion or undisclosed national capacity invented. | W12: Aggressive AI Boom | X12: ='Assumptions'!B46 -> 2030 | Y12: =IF(COUNT('Assumptions'!$B$25,'Assumptions'!$B$27,X12,'Assumptions'!$B$24)=4,'Assumptions'!$B$25*(1+'Assumptions'!$B$27)^(X12-'Assumptions'!$B$24),"Missing input") -> 608.89398 | Z12: =IF(COUNT(K12,Y12)=2,K12/Y12,"Missing input") -> 0.064947504 | AA12: ELEC004;ELEC006;DC001;DC017;DC036 | AB12: =IF(ISNUMBER('Assumptions'!B75),'Assumptions'!B75,"Missing input") -> 416.035 | AC12: =IF(COUNT(K12,AB12)=2,K12/AB12,"Missing input") -> 0.095054849 | AD12: ELEC003
A13: High | B13: =IF(ISNUMBER('Assumptions'!C47),'Assumptions'!C47,"Missing input") -> 3168 | C13: =IF(ISNUMBER('Assumptions'!E7),'Assumptions'!E7,"Missing input") -> 0.95 | D13: =IF(ISNUMBER('Assumptions'!E8),'Assumptions'!E8,"Missing input") -> 1.5 | E13: =IF(ISNUMBER('Assumptions'!E9),'Assumptions'!E9,"Missing input") -> 1.5 | F13: =IF(ISNUMBER('Assumptions'!$B$18),'Assumptions'!$B$18,"Missing input") -> 996.74 | G13: =IF(ISNUMBER('Assumptions'!$B$19),'Assumptions'!$B$19,"Missing input") -> 21500 | H13: =IF(ISNUMBER('Assumptions'!$B$17),'Assumptions'!$B$17,"Missing input") -> 8760 | I13: =IF(COUNT(B13,C13,H13)=3,B13*C13*H13,"Missing input") -> 26364096 | J13: =IF(COUNT(I13,D13)=2,I13*D13,"Missing input") -> 39546144 | K13: =IF(COUNT(J13)=1,J13/1000000,"Missing input") -> 39.546144 | L13: =IF(COUNT(J13,H13)=2,J13/H13,"Missing input") -> 4514.4 | M13: =IF(COUNT(B13,D13)=2,B13*D13,"Missing input") -> 4752 | N13: =IF(COUNT(I13,E13)=2,I13*1000*E13/1000,"Missing input") -> 39546144 | O13: =IF(COUNT(N13)=1,N13/365,"Missing input") -> 108345.6 | P13: =IF(COUNT(J13,F13)=2,J13*1000*F13,"Missing input") -> 39417223570560 | Q13: =IF(COUNT(N13,G13)=2,N13*G13,"Missing input") -> 850242096000 | R13: =IF(COUNT(P13,Q13)=2,SUM(P13:Q13),"Missing input") -> 40267465666560 | S13: =IF(COUNT(P13,R13)=2,IF(R13=0,"n.a.",P13/R13),"Missing input") -> 0.97888514 | T13: =IF(COUNT(Q13,R13)=2,IF(R13=0,"n.a.",Q13/R13),"Missing input") -> 0.021114865 | U13: S | V13: Partial nationwide documented capacity: operating331 plus full413MW construction and2424MW planned by2030, then held at identified pipeline ceiling. AI-led acceleration, not a claim all capacity is AI. No unannounced expansion or undisclosed national capacity invented. | W13: Aggressive AI Boom | X13: ='Assumptions'!B47 -> 2031 | Y13: =IF(COUNT('Assumptions'!$B$25,'Assumptions'!$B$27,X13,'Assumptions'!$B$24)=4,'Assumptions'!$B$25*(1+'Assumptions'!$B$27)^(X13-'Assumptions'!$B$24),"Missing input") -> 645.42761 | Z13: =IF(COUNT(K13,Y13)=2,K13/Y13,"Missing input") -> 0.06127123 | AA13: ELEC004;ELEC006;DC001;DC017;DC036 | AB13: =IF(ISNUMBER('Assumptions'!B76),'Assumptions'!B76,"Missing input") -> 440.337 | AC13: =IF(COUNT(K13,AB13)=2,K13/AB13,"Missing input") -> 0.089808815 | AD13: ELEC003
A14: High | B14: =IF(ISNUMBER('Assumptions'!C48),'Assumptions'!C48,"Missing input") -> 3168 | C14: =IF(ISNUMBER('Assumptions'!E7),'Assumptions'!E7,"Missing input") -> 0.95 | D14: =IF(ISNUMBER('Assumptions'!E8),'Assumptions'!E8,"Missing input") -> 1.5 | E14: =IF(ISNUMBER('Assumptions'!E9),'Assumptions'!E9,"Missing input") -> 1.5 | F14: =IF(ISNUMBER('Assumptions'!$B$18),'Assumptions'!$B$18,"Missing input") -> 996.74 | G14: =IF(ISNUMBER('Assumptions'!$B$19),'Assumptions'!$B$19,"Missing input") -> 21500 | H14: =IF(ISNUMBER('Assumptions'!$B$17),'Assumptions'!$B$17,"Missing input") -> 8760 | I14: =IF(COUNT(B14,C14,H14)=3,B14*C14*H14,"Missing input") -> 26364096 | J14: =IF(COUNT(I14,D14)=2,I14*D14,"Missing input") -> 39546144 | K14: =IF(COUNT(J14)=1,J14/1000000,"Missing input") -> 39.546144 | L14: =IF(COUNT(J14,H14)=2,J14/H14,"Missing input") -> 4514.4 | M14: =IF(COUNT(B14,D14)=2,B14*D14,"Missing input") -> 4752 | N14: =IF(COUNT(I14,E14)=2,I14*1000*E14/1000,"Missing input") -> 39546144 | O14: =IF(COUNT(N14)=1,N14/365,"Missing input") -> 108345.6 | P14: =IF(COUNT(J14,F14)=2,J14*1000*F14,"Missing input") -> 39417223570560 | Q14: =IF(COUNT(N14,G14)=2,N14*G14,"Missing input") -> 850242096000 | R14: =IF(COUNT(P14,Q14)=2,SUM(P14:Q14),"Missing input") -> 40267465666560 | S14: =IF(COUNT(P14,R14)=2,IF(R14=0,"n.a.",P14/R14),"Missing input") -> 0.97888514 | T14: =IF(COUNT(Q14,R14)=2,IF(R14=0,"n.a.",Q14/R14),"Missing input") -> 0.021114865 | U14: S | V14: Partial nationwide documented capacity: operating331 plus full413MW construction and2424MW planned by2030, then held at identified pipeline ceiling. AI-led acceleration, not a claim all capacity is AI. No unannounced expansion or undisclosed national capacity invented. | W14: Aggressive AI Boom | X14: ='Assumptions'!B48 -> 2032 | Y14: =IF(COUNT('Assumptions'!$B$25,'Assumptions'!$B$27,X14,'Assumptions'!$B$24)=4,'Assumptions'!$B$25*(1+'Assumptions'!$B$27)^(X14-'Assumptions'!$B$24),"Missing input") -> 684.15327 | Z14: =IF(COUNT(K14,Y14)=2,K14/Y14,"Missing input") -> 0.057803047 | AA14: ELEC004;ELEC006;DC001;DC017;DC036 | AB14: =IF(ISNUMBER('Assumptions'!B77),'Assumptions'!B77,"Missing input") -> 467.876 | AC14: =IF(COUNT(K14,AB14)=2,K14/AB14,"Missing input") -> 0.084522703 | AD14: ELEC003

Sheet National Impact
A2: National electricity impact of the capacity scenarios
A3: National consumption and PLN sales are separate actual 2025 denominators. Continuous load is average delivered power. Generation capacity at an assumed factor is an energy illustration, not an adequacy forecast.
A5: Case | B5: IT capacity (MW) | C5: Facility electricity (TWh/year) | D5: National consumption (TWh) | E5: Share of national consumption | F5: PLN sales (TWh) | G5: Share of PLN sales | H5: Continuous delivered power (GW) | I5: Generation capacity at assumed factor (GW) | J5: Denominator year | K5: Source ID
A6: Low | B6: =IF(ISNUMBER('Scenario Model'!B6),'Scenario Model'!B6,"Missing input") -> 10 | C6: =IF(ISNUMBER('Scenario Model'!K6),'Scenario Model'!K6,"Missing input") -> 0.063072 | D6: =IF(ISNUMBER('Assumptions'!$B$25),'Assumptions'!$B$25,"Missing input") -> 455.001 | E6: =IF(COUNT(C6,D6)=2,C6/D6,"Missing input") -> 0.00013861948 | F6: =IF(ISNUMBER('Assumptions'!$B$26),'Assumptions'!$B$26,"Missing input") -> 317.692 | G6: =IF(COUNT(C6,F6)=2,C6/F6,"Missing input") -> 0.00019853191 | H6: =IF(COUNT(C6,'Assumptions'!$B$17)=2,C6*1000/'Assumptions'!$B$17,"Missing input") -> 0.0072 | I6: =IF(COUNT(H6,'Assumptions'!$B$21)=2,H6/'Assumptions'!$B$21,"Missing input") -> 0.009 | J6: =IF(ISNUMBER('Assumptions'!$B$24),'Assumptions'!$B$24,"Missing input") -> 2025 | K6: ELEC001
A7: Base | B7: =IF(ISNUMBER('Scenario Model'!B7),'Scenario Model'!B7,"Missing input") -> 10 | C7: =IF(ISNUMBER('Scenario Model'!K7),'Scenario Model'!K7,"Missing input") -> 0.091104 | D7: =IF(ISNUMBER('Assumptions'!$B$25),'Assumptions'!$B$25,"Missing input") -> 455.001 | E7: =IF(COUNT(C7,D7)=2,C7/D7,"Missing input") -> 0.00020022813 | F7: =IF(ISNUMBER('Assumptions'!$B$26),'Assumptions'!$B$26,"Missing input") -> 317.692 | G7: =IF(COUNT(C7,F7)=2,C7/F7,"Missing input") -> 0.00028676832 | H7: =IF(COUNT(C7,'Assumptions'!$B$17)=2,C7*1000/'Assumptions'!$B$17,"Missing input") -> 0.0104 | I7: =IF(COUNT(H7,'Assumptions'!$B$21)=2,H7/'Assumptions'!$B$21,"Missing input") -> 0.013 | J7: =IF(ISNUMBER('Assumptions'!$B$24),'Assumptions'!$B$24,"Missing input") -> 2025 | K7: ELEC001
A8: High | B8: =IF(ISNUMBER('Scenario Model'!B8),'Scenario Model'!B8,"Missing input") -> 10 | C8: =IF(ISNUMBER('Scenario Model'!K8),'Scenario Model'!K8,"Missing input") -> 0.12483 | D8: =IF(ISNUMBER('Assumptions'!$B$25),'Assumptions'!$B$25,"Missing input") -> 455.001 | E8: =IF(COUNT(C8,D8)=2,C8/D8,"Missing input") -> 0.00027435105 | F8: =IF(ISNUMBER('Assumptions'!$B$26),'Assumptions'!$B$26,"Missing input") -> 317.692 | G8: =IF(COUNT(C8,F8)=2,C8/F8,"Missing input") -> 0.00039292774 | H8: =IF(COUNT(C8,'Assumptions'!$B$17)=2,C8*1000/'Assumptions'!$B$17,"Missing input") -> 0.01425 | I8: =IF(COUNT(H8,'Assumptions'!$B$21)=2,H8/'Assumptions'!$B$21,"Missing input") -> 0.0178125 | J8: =IF(ISNUMBER('Assumptions'!$B$24),'Assumptions'!$B$24,"Missing input") -> 2025 | K8: ELEC001
A9: Low | B9: =IF(ISNUMBER('Scenario Model'!B9),'Scenario Model'!B9,"Missing input") -> 50 | C9: =IF(ISNUMBER('Scenario Model'!K9),'Scenario Model'!K9,"Missing input") -> 0.31536 | D9: =IF(ISNUMBER('Assumptions'!$B$25),'Assumptions'!$B$25,"Missing input") -> 455.001 | E9: =IF(COUNT(C9,D9)=2,C9/D9,"Missing input") -> 0.00069309738 | F9: =IF(ISNUMBER('Assumptions'!$B$26),'Assumptions'!$B$26,"Missing input") -> 317.692 | G9: =IF(COUNT(C9,F9)=2,C9/F9,"Missing input") -> 0.00099265956 | H9: =IF(COUNT(C9,'Assumptions'!$B$17)=2,C9*1000/'Assumptions'!$B$17,"Missing input") -> 0.036 | I9: =IF(COUNT(H9,'Assumptions'!$B$21)=2,H9/'Assumptions'!$B$21,"Missing input") -> 0.045 | J9: =IF(ISNUMBER('Assumptions'!$B$24),'Assumptions'!$B$24,"Missing input") -> 2025 | K9: ELEC001
A10: Base | B10: =IF(ISNUMBER('Scenario Model'!B10),'Scenario Model'!B10,"Missing input") -> 50 | C10: =IF(ISNUMBER('Scenario Model'!K10),'Scenario Model'!K10,"Missing input") -> 0.45552 | D10: =IF(ISNUMBER('Assumptions'!$B$25),'Assumptions'!$B$25,"Missing input") -> 455.001 | E10: =IF(COUNT(C10,D10)=2,C10/D10,"Missing input") -> 0.0010011407 | F10: =IF(ISNUMBER('Assumptions'!$B$26),'Assumptions'!$B$26,"Missing input") -> 317.692 | G10: =IF(COUNT(C10,F10)=2,C10/F10,"Missing input") -> 0.0014338416 | H10: =IF(COUNT(C10,'Assumptions'!$B$17)=2,C10*1000/'Assumptions'!$B$17,"Missing input") -> 0.052 | I10: =IF(COUNT(H10,'Assumptions'!$B$21)=2,H10/'Assumptions'!$B$21,"Missing input") -> 0.065 | J10: =IF(ISNUMBER('Assumptions'!$B$24),'Assumptions'!$B$24,"Missing input") -> 2025 | K10: ELEC001
A11: High | B11: =IF(ISNUMBER('Scenario Model'!B11),'Scenario Model'!B11,"Missing input") -> 50 | C11: =IF(ISNUMBER('Scenario Model'!K11),'Scenario Model'!K11,"Missing input") -> 0.62415 | D11: =IF(ISNUMBER('Assumptions'!$B$25),'Assumptions'!$B$25,"Missing input") -> 455.001 | E11: =IF(COUNT(C11,D11)=2,C11/D11,"Missing input") -> 0.0013717552 | F11: =IF(ISNUMBER('Assumptions'!$B$26),'Assumptions'!$B$26,"Missing input") -> 317.692 | G11: =IF(COUNT(C11,F11)=2,C11/F11,"Missing input") -> 0.0019646387 | H11: =IF(COUNT(C11,'Assumptions'!$B$17)=2,C11*1000/'Assumptions'!$B$17,"Missing input") -> 0.07125 | I11: =IF(COUNT(H11,'Assumptions'!$B$21)=2,H11/'Assumptions'!$B$21,"Missing input") -> 0.0890625 | J11: =IF(ISNUMBER('Assumptions'!$B$24),'Assumptions'!$B$24,"Missing input") -> 2025 | K11: ELEC001
A12: Low | B12: =IF(ISNUMBER('Scenario Model'!B12),'Scenario Model'!B12,"Missing input") -> 100 | C12: =IF(ISNUMBER('Scenario Model'!K12),'Scenario Model'!K12,"Missing input") -> 0.63072 | D12: =IF(ISNUMBER('Assumptions'!$B$25),'Assumptions'!$B$25,"Missing input") -> 455.001 | E12: =IF(COUNT(C12,D12)=2,C12/D12,"Missing input") -> 0.0013861948 | F12: =IF(ISNUMBER('Assumptions'!$B$26),'Assumptions'!$B$26,"Missing input") -> 317.692 | G12: =IF(COUNT(C12,F12)=2,C12/F12,"Missing input") -> 0.0019853191 | H12: =IF(COUNT(C12,'Assumptions'!$B$17)=2,C12*1000/'Assumptions'!$B$17,"Missing input") -> 0.072 | I12: =IF(COUNT(H12,'Assumptions'!$B$21)=2,H12/'Assumptions'!$B$21,"Missing input") -> 0.09 | J12: =IF(ISNUMBER('Assumptions'!$B$24),'Assumptions'!$B$24,"Missing input") -> 2025 | K12: ELEC001
A13: Base | B13: =IF(ISNUMBER('Scenario Model'!B13),'Scenario Model'!B13,"Missing input") -> 100 | C13: =IF(ISNUMBER('Scenario Model'!K13),'Scenario Model'!K13,"Missing input") -> 0.91104 | D13: =IF(ISNUMBER('Assumptions'!$B$25),'Assumptions'!$B$25,"Missing input") -> 455.001 | E13: =IF(COUNT(C13,D13)=2,C13/D13,"Missing input") -> 0.0020022813 | F13: =IF(ISNUMBER('Assumptions'!$B$26),'Assumptions'!$B$26,"Missing input") -> 317.692 | G13: =IF(COUNT(C13,F13)=2,C13/F13,"Missing input") -> 0.0028676832 | H13: =IF(COUNT(C13,'Assumptions'!$B$17)=2,C13*1000/'Assumptions'!$B$17,"Missing input") -> 0.104 | I13: =IF(COUNT(H13,'Assumptions'!$B$21)=2,H13/'Assumptions'!$B$21,"Missing input") -> 0.13 | J13: =IF(ISNUMBER('Assumptions'!$B$24),'Assumptions'!$B$24,"Missing input") -> 2025 | K13: ELEC001
A14: High | B14: =IF(ISNUMBER('Scenario Model'!B14),'Scenario Model'!B14,"Missing input") -> 100 | C14: =IF(ISNUMBER('Scenario Model'!K14),'Scenario Model'!K14,"Missing input") -> 1.2483 | D14: =IF(ISNUMBER('Assumptions'!$B$25),'Assumptions'!$B$25,"Missing input") -> 455.001 | E14: =IF(COUNT(C14,D14)=2,C14/D14,"Missing input") -> 0.0027435105 | F14: =IF(ISNUMBER('Assumptions'!$B$26),'Assumptions'!$B$26,"Missing input") -> 317.692 | G14: =IF(COUNT(C14,F14)=2,C14/F14,"Missing input") -> 0.0039292774 | H14: =IF(COUNT(C14,'Assumptions'!$B$17)=2,C14*1000/'Assumptions'!$B$17,"Missing input") -> 0.1425 | I14: =IF(COUNT(H14,'Assumptions'!$B$21)=2,H14/'Assumptions'!$B$21,"Missing input") -> 0.178125 | J14: =IF(ISNUMBER('Assumptions'!$B$24),'Assumptions'!$B$24,"Missing input") -> 2025 | K14: ELEC001
A15: Low | B15: =IF(ISNUMBER('Scenario Model'!B15),'Scenario Model'!B15,"Missing input") -> 500 | C15: =IF(ISNUMBER('Scenario Model'!K15),'Scenario Model'!K15,"Missing input") -> 3.1536 | D15: =IF(ISNUMBER('Assumptions'!$B$25),'Assumptions'!$B$25,"Missing input") -> 455.001 | E15: =IF(COUNT(C15,D15)=2,C15/D15,"Missing input") -> 0.0069309738 | F15: =IF(ISNUMBER('Assumptions'!$B$26),'Assumptions'!$B$26,"Missing input") -> 317.692 | G15: =IF(COUNT(C15,F15)=2,C15/F15,"Missing input") -> 0.0099265956 | H15: =IF(COUNT(C15,'Assumptions'!$B$17)=2,C15*1000/'Assumptions'!$B$17,"Missing input") -> 0.36 | I15: =IF(COUNT(H15,'Assumptions'!$B$21)=2,H15/'Assumptions'!$B$21,"Missing input") -> 0.45 | J15: =IF(ISNUMBER('Assumptions'!$B$24),'Assumptions'!$B$24,"Missing input") -> 2025 | K15: ELEC001
A16: Base | B16: =IF(ISNUMBER('Scenario Model'!B16),'Scenario Model'!B16,"Missing input") -> 500 | C16: =IF(ISNUMBER('Scenario Model'!K16),'Scenario Model'!K16,"Missing input") -> 4.5552 | D16: =IF(ISNUMBER('Assumptions'!$B$25),'Assumptions'!$B$25,"Missing input") -> 455.001 | E16: =IF(COUNT(C16,D16)=2,C16/D16,"Missing input") -> 0.010011407 | F16: =IF(ISNUMBER('Assumptions'!$B$26),'Assumptions'!$B$26,"Missing input") -> 317.692 | G16: =IF(COUNT(C16,F16)=2,C16/F16,"Missing input") -> 0.014338416 | H16: =IF(COUNT(C16,'Assumptions'!$B$17)=2,C16*1000/'Assumptions'!$B$17,"Missing input") -> 0.52 | I16: =IF(COUNT(H16,'Assumptions'!$B$21)=2,H16/'Assumptions'!$B$21,"Missing input") -> 0.65 | J16: =IF(ISNUMBER('Assumptions'!$B$24),'Assumptions'!$B$24,"Missing input") -> 2025 | K16: ELEC001
A17: High | B17: =IF(ISNUMBER('Scenario Model'!B17),'Scenario Model'!B17,"Missing input") -> 500 | C17: =IF(ISNUMBER('Scenario Model'!K17),'Scenario Model'!K17,"Missing input") -> 6.2415 | D17: =IF(ISNUMBER('Assumptions'!$B$25),'Assumptions'!$B$25,"Missing input") -> 455.001 | E17: =IF(COUNT(C17,D17)=2,C17/D17,"Missing input") -> 0.013717552 | F17: =IF(ISNUMBER('Assumptions'!$B$26),'Assumptions'!$B$26,"Missing input") -> 317.692 | G17: =IF(COUNT(C17,F17)=2,C17/F17,"Missing input") -> 0.019646387 | H17: =IF(COUNT(C17,'Assumptions'!$B$17)=2,C17*1000/'Assumptions'!$B$17,"Missing input") -> 0.7125 | I17: =IF(COUNT(H17,'Assumptions'!$B$21)=2,H17/'Assumptions'!$B$21,"Missing input") -> 0.890625 | J17: =IF(ISNUMBER('Assumptions'!$B$24),'Assumptions'!$B$24,"Missing input") -> 2025 | K17: ELEC001
... A23: High | B23: =IF(ISNUMBER('Scenario Model'!B23),'Scenario Model'!B23,"Missing input") -> 2000 | C23: =IF(ISNUMBER('Scenario Model'!K23),'Scenario Model'!K23,"Missing input") -> 24.966 | D23: =IF(ISNUMBER('Assumptions'!$B$25),'Assumptions'!$B$25,"Missing input") -> 455.001 | E23: =IF(COUNT(C23,D23)=2,C23/D23,"Missing input") -> 0.054870209 | F23: =IF(ISNUMBER('Assumptions'!$B$26),'Assumptions'!$B$26,"Missing input") -> 317.692 | G23: =IF(COUNT(C23,F23)=2,C23/F23,"Missing input") -> 0.078585548 | H23: =IF(COUNT(C23,'Assumptions'!$B$17)=2,C23*1000/'Assumptions'!$B$17,"Missing input") -> 2.85 | I23: =IF(COUNT(H23,'Assumptions'!$B$21)=2,H23/'Assumptions'!$B$21,"Missing input") -> 3.5625 | J23: =IF(ISNUMBER('Assumptions'!$B$24),'Assumptions'!$B$24,"Missing input") -> 2025 | K23: ELEC001

Sheet Sources
A1: source_id | B1: category | C1: organization | D1: title | E1: url | F1: publication_date | G1: access_date | H1: data_type | I1: geography | J1: facility | K1: metric | L1: unit | M1: status | N1: quality_tier | O1: notes | P1: evidence_file | Q1: download_url | R1: original_quality_tier
A2: ELEC001 | B2: indonesia_electricity | C2: Ministry of Energy and Mineral Resources (ESDM) | D2: Handbook of Energy and Economic Statistics of Indonesia 2025 | E2: https://www.esdm.go.id/assets/media/content/content-handbook-of-energy-and-economic-statistics-of-indonesia-2025.pdf | F2: 46246 | G2: 46299 | H2: official_statistics | I2: Indonesia | K2: electricity utilization; generation; installed capacity; PLN peak load | L2: GWh; MW; % | M2: reported_actual | N2: Tier 1 | O2: 2025 edition publication date from official handbook index. Consumption includes PLN (including PLN Batam) plus non-PLN. Generation classification changes in 2025; historical production boundary differs. 2025 PLN peak is unaudited. | P2: data/raw/evidence/elec_elec001.json | R2: Tier 1
